Workbook

Sheet Coût fixe
B3: Coût fixe Bun | C3: Prix | E3: Coût fixe Modulable | F3: Prix | H3: Coût fixe Bandeau | I3: Prix | K3: Coût fixe plissé | L3: Prix
B4: Doublure | C4: 1.63 | E4: Doublure | F4: 1.4 | H4: Doublure | I4: 1.49 | K4: Etiquettes papier | L4: =C4 -> 1.63
B5: Etiquettes papier | C5: 0.3 | E5: Etiquettes papier | F5: =C5 -> 0.3 | H5: Etiquettes papier | I5: =C5 -> 0.3 | K5: Etiquettes tissu | L5: =C5 -> 0.3
B6: Enveloppe | C6: 0.17 | E6: Enveloppe | F6: 0.17 | H6: Enveloppe | I6: 0.17 | K6: Enveloppe | L6: 0.17
B7: Etiquettes tissu | C7: 0.36 | E7: Etiquettes tissu | F7: =C7 -> 0.36 | H7: Etiquettes tissu | I7: =C7 -> 0.36 | K7: Fil | L7: 0.05
B8: Fil | C8: 0.05 | E8: Fil | F8: 0.05 | H8: Fil | I8: 0.05 | K8: Scratch | L8: 0.3
B9: Bouton | C9: 0.25 | E9: Fil de fer | F9: 0.37 | H9: Bande élastique | I9: 0.19
B10: Elastique | C10: 0.18
B14: Coût heure de travail | C14: 18

Sheet Bun
A3: Nom tissu | B3: Prix de vente | C3: Prix du tissu | D3: Nombre de coupes | E3: Coût produit final | F3: Pix minimum marge à 30% | G3: Marge réelle | I3: Temps de travail en minutes
A4: Bun Marinière | B4: 40 | C4: 6 | D4: 2 | E4: =SUM('Coût fixe'!$C$4:$C$10)+(C4/D4)+('Coût fixe'!$C$14*$I$4/60) -> 23.94 | F4: =100*E4/70 -> 34.2 | G4: =(B4-E4)*1/B4 -> 0.4015 | I4: 60
A5: Bun Lagos | B5: 43 | C5: 7.6 | D5: 2 | E5: =SUM('Coût fixe'!$C$4:$C$10)+(C5/D5)+('Coût fixe'!$C$14*$I$4/60) -> 24.74 | F5: =100*E5/70 -> 35.342857 | G5: =(B5-E5)*1/B5 -> 0.42465116
A6: Bun Bamako | B6: 43 | C6: 7.6 | D6: 2 | E6: =SUM('Coût fixe'!$C$4:$C$10)+(C6/D6)+('Coût fixe'!$C$14*$I$4/60) -> 24.74 | F6: =100*E6/70 -> 35.342857 | G6: =(B6-E6)*1/B6 -> 0.42465116 | I6: Coût unitaire temps de travail
A7: Bun Jakarta | B7: 48 | C7: 15 | D7: 2 | E7: =SUM('Coût fixe'!$C$4:$C$10)+(C7/D7)+('Coût fixe'!$C$14*$I$4/60) -> 28.44 | F7: =100*E7/70 -> 40.628571 | G7: =(B7-E7)*1/B7 -> 0.4075 | I7: =I4*'Coût fixe'!C14/60 -> 18
A8: Bun Cherry | B8: 48 | C8: 17.9 | D8: 2 | E8: =SUM('Coût fixe'!$C$4:$C$10)+(C8/D8)+('Coût fixe'!$C$14*$I$4/60) -> 29.89 | F8: =100*E8/70 -> 42.7 | G8: =(B8-E8)*1/B8 -> 0.37729167

Sheet Modulable
A3: Nom tissu | B3: Prix de vente | C3: Prix du tissu | D3: Nombre de coupes | E3: Coût produit final | F3: Pix minimum marge à 30% | G3: Marge réelle | I3: Temps de travail en minutes
A4: Modulable Marinière | B4: 42 | C4: 6 | D4: 2 | E4: =SUM('Coût fixe'!$F$4:$F$9)+(C4/D4)+('Coût fixe'!$C$14*$I$4/60) -> 23.65 | F4: =100*E4/70 -> 33.785714 | G4: =(B4-E4)*1/B4 -> 0.43690476 | I4: 60
A5: Modulable Lagos | B5: 42 | C5: 7.6 | D5: 2 | E5: =SUM('Coût fixe'!$F$4:$F$9)+(C5/D5)+('Coût fixe'!$C$14*$I$4/60) -> 24.45 | F5: =100*E5/70 -> 34.928571 | G5: =(B5-E5)*1/B5 -> 0.41785714
A6: Modulable Nairobi | B6: 42 | C6: 7.6 | D6: 2 | E6: =SUM('Coût fixe'!$F$4:$F$9)+(C6/D6)+('Coût fixe'!$C$14*$I$4/60) -> 24.45 | F6: =100*E6/70 -> 34.928571 | G6: =(B6-E6)*1/B6 -> 0.41785714 | I6: Coût unitaire temps de travail
A7: Modulable Jakarta | B7: 45 | C7: 15 | D7: 2 | E7: =SUM('Coût fixe'!$F$4:$F$9)+(C7/D7)+('Coût fixe'!$C$14*$I$4/60) -> 28.15 | F7: =100*E7/70 -> 40.214286 | G7: =(B7-E7)*1/B7 -> 0.37444444 | I7: =I4*'Coût fixe'!C14/60 -> 18
A8: Modulable Archipel | B8: 45 | C8: 17.9 | D8: 2 | E8: =SUM('Coût fixe'!$F$4:$F$9)+(C8/D8)+('Coût fixe'!$C$14*$I$4/60) -> 29.6 | F8: =100*E8/70 -> 42.285714 | G8: =(B8-E8)*1/B8 -> 0.34222222

Sheet Plissé
A3: Nom tissu | B3: Prix de vente | C3: Prix du tissu | D3: Nombre de coupes | E3: Coût produit final | F3: Pix minimum marge à 30% | G3: Marge réelle | I3: Temps de travail en minutes
A4: Plissé Lagos | B4: 40 | C4: 7.6 | D4: 2 | E4: =SUM('Coût fixe'!$L$4:$L$8)+(C4/D4)+('Coût fixe'!$C$14*$I$4/60) -> 24.25 | F4: =100*E4/70 -> 34.642857 | G4: =(B4-E4)*1/B4 -> 0.39375 | I4: 60
A5: Plissé Bamako | B5: 40 | C5: 7.6 | D5: 2 | E5: =SUM('Coût fixe'!$L$4:$L$8)+(C5/D5)+('Coût fixe'!$C$14*$I$4/60) -> 24.25 | F5: =100*E5/70 -> 34.642857 | G5: =(B5-E5)*1/B5 -> 0.39375
A6: Plissé Nairobi | B6: 40 | C6: 7.6 | D6: 2 | E6: =SUM('Coût fixe'!$L$4:$L$8)+(C6/D6)+('Coût fixe'!$C$14*$I$4/60) -> 24.25 | F6: =100*E6/70 -> 34.642857 | G6: =(B6-E6)*1/B6 -> 0.39375 | I6: Coût unitaire temps de travail
A7: Plissé Scottish | B7: 42 | C7: 9.72 | D7: 3 | E7: =SUM('Coût fixe'!$L$4:$L$8)+(C7/D7)+('Coût fixe'!$C$14*$I$4/60) -> 23.69 | F7: =100*E7/70 -> 33.842857 | G7: =(B7-E7)*1/B7 -> 0.43595238 | I7: =I4*'Coût fixe'!C14/60 -> 18
A8: Plissé Lagon | B8: 42 | C8: 9.9 | D8: 3 | E8: =SUM('Coût fixe'!$L$4:$L$8)+(C8/D8)+('Coût fixe'!$C$14*$I$4/60) -> 23.75 | F8: =100*E8/70 -> 33.928571 | G8: =(B8-E8)*1/B8 -> 0.43452381

Sheet Bandeau
A3: Nom tissu | B3: Prix de vente | C3: Prix du tissu | D3: Nombre de coupes | E3: Coût produit final | F3: Pix minimum marge à 30% | G3: Marge réelle | I3: Temps de travail en minutes
A4: Bandeau Marinière | B4: 20 | C4: 6 | D4: 14 | E4: =SUM('Coût fixe'!$I$4:$I$9)+(C4/D4)+('Coût fixe'!$C$14*$I$4/60) -> 16.488571 | F4: =100*E4/70 -> 23.555102 | G4: =(B4-E4)*1/B4 -> 0.17557143 | I4: 45
A5: Bandeau Bamako | B5: 20 | C5: 7.6 | D5: 11 | E5: =SUM('Coût fixe'!$I$4:$I$9)+(C5/D5)+('Coût fixe'!$C$14*$I$4/60) -> 16.750909 | F5: =100*E5/70 -> 23.92987 | G5: =(B5-E5)*1/B5 -> 0.16245455
A6: Bandeau Nairobi | B6: 20 | C6: 7.6 | D6: 11 | E6: =SUM('Coût fixe'!$I$4:$I$9)+(C6/D6)+('Coût fixe'!$C$14*$I$4/60) -> 16.750909 | F6: =100*E6/70 -> 23.92987 | G6: =(B6-E6)*1/B6 -> 0.16245455 | I6: Coût unitaire temps de travail
A7: Bandeau Lagos | B7: 20 | C7: 7.6 | D7: 11 | E7: =SUM('Coût fixe'!$I$4:$I$9)+(C7/D7)+('Coût fixe'!$C$14*$I$4/60) -> 16.750909 | F7: =100*E7/70 -> 23.92987 | G7: =(B7-E7)*1/B7 -> 0.16245455 | I7: =I4*'Coût fixe'!C14/60 -> 13.5
A8: Bandeau Scottish | B8: 20 | C8: 9.72 | D8: 14 | E8: =SUM('Coût fixe'!$I$4:$I$9)+(C8/D8)+('Coût fixe'!$C$14*$I$4/60) -> 16.754286 | F8: =100*E8/70 -> 23.934694 | G8: =(B8-E8)*1/B8 -> 0.16228571
A9: Bandeau Lagon | B9: 20 | C9: 9.9 | D9: 16 | E9: =SUM('Coût fixe'!$I$4:$I$9)+(C9/D9)+('Coût fixe'!$C$14*$I$4/60) -> 16.67875 | F9: =100*E9/70 -> 23.826786 | G9: =(B9-E9)*1/B9 -> 0.1660625
A10: Bandeau Jakarta | B10: 25 | C10: 15 | D10: 13 | E10: =SUM('Coût fixe'!$I$4:$I$9)+(C10/D10)+('Coût fixe'!$C$14*$I$4/60) -> 17.213846 | F10: =100*E10/70 -> 24.591209 | G10: =(B10-E10)*1/B10 -> 0.31144615
A11: Bandeau Cherry | B11: 25 | C11: 17.9 | D11: 11 | E11: =SUM('Coût fixe'!$I$4:$I$9)+(C11/D11)+('Coût fixe'!$C$14*$I$4/60) -> 17.687273 | F11: =100*E11/70 -> 25.267532 | G11: =(B11-E11)*1/B11 -> 0.29250909
A12: Bandeau Archipel | B12: 25 | C12: 17.9 | D12: 10 | E12: =SUM('Coût fixe'!$I$4:$I$9)+(C12/D12)+('Coût fixe'!$C$14*$I$4/60) -> 17.85 | F12: =100*E12/70 -> 25.5 | G12: =(B12-E12)*1/B12 -> 0.286

Sheet Bénéfice
A2: Date facture | B2: Numéro de facture | C2: Montant facture | D2: Frais de livraison | E2: Buns vendus | F2: Coût de fabrication | G2: Modulables vendus | H2: Coût de fabrication | I2: Plissés vendus | J2: Coût de fabrication | K2: Bandeaux vendus | L2: Coût de fabrication | M2: Coût pochon | N2: Commission CB | O2: Bénéfice commande | P2: Coût horaire travail
A4: =IF('[1]Registre des ventes'!B6="","",'[1]Registre des ventes'!B6) -> 42872 | B4: =IF('[1]Registre des ventes'!C6="","",'[1]Registre des ventes'!C6) -> 10001 | C4: =IF('[1]Registre des ventes'!D6="","",'[1]Registre des ventes'!D6) -> 30 | D4: =IF(C4="","",IF(C4<90,"Payé par le client",6)) -> Payé par le client | F4: =IF(E4=Bun!$A$4,Bun!$E$4,IF(E4=Bun!$A$5,Bun!$E$5,IF(E4=Bun!$A$6,Bun!$E$6,IF(E4=Bun!$A$7,Bun!$E$7,IF(E4=Bun!$A$8,Bun!$E$8,""))))) | H4: =IF(G4=Modulable!$A$4,Modulable!$E$4,IF(G4=Modulable!$A$5,Modulable!$E$5,IF(G4=Modulable!$A$6,Modulable!$E$6,IF(G4=Modulable!$A$7,Modulable!$E$7,IF(G4=Modulable!$A$8,Modulable!$E$8,""))))) | J4: =IF(I4=Plissé!$A$4,Plissé!$E$4,IF(I4=Plissé!$A$5,Plissé!$E$5,IF(I4=Plissé!$A$6,Plissé!$E$6,IF(I4=Plissé!$A$7,Plissé!$E$7,IF(I4=Plissé!$A$8,Plissé!$E$8,""))))) | K4: Bandeau Cherry | L4: =IF(K4=Bandeau!$A$4,Bandeau!$E$4,IF(K4=Bandeau!$A$5,Bandeau!$E$5,IF(K4=Bandeau!$A$6,Bandeau!$E$6,IF(K4=Bandeau!$A$7,Bandeau!$E$7,IF(K4=Bandeau!$A$8,Bandeau!$E$8,IF(K4=Bandeau!$A$9,Bandeau!$E$9,IF(K4=Bandeau!$A$10,Bandeau!$E$10,IF(K4=Bandeau!$A$11,Bandeau!$E$11,IF(K4=Bandeau!$A$12,Bandeau!$E$12,""))))))))) -> 17.687273 | M4: =IF(C4="","",(1.5)) -> 1.5 | N4: =IF(C4="","",0.25+((1.4*C4)/100)) -> 0.67 | O4: =IF(C4="","",C4-SUM(D4,F4:F8,H4:H8,J4:J8,L4:L8,N4,M4)) -> 10.142727 | P4: =IF(C4="","",SUM(IF(E4="",0,Bun!$I$7),IF(E5="",0,Bun!$I$7),IF(E6="",0,Bun!$I$7),IF(E7="",0,Bun!$I$7),IF(E8="",0,Bun!$I$7),IF(G5="",0,Modulable!$I$7),IF(G6="",0,Modulable!$I$7),IF(G7="",0,Modulable!$I$7),IF(G8="",0,Modulable!$I$7),IF(G4="",0,Modulable!$I$7),IF(I4="",0,Plissé!$I$7),IF(I5="",0,Plissé!$I$7),IF(I6="",0,Plissé!$I$7),IF(I7="",0,Plissé!$I$7),IF(I8="",0,Plissé!$I$7),IF(L4="",0,Bandeau!$I$7),IF(L5="",0,Bandeau!$I$7),IF(L6="",0,Bandeau!$I$7),IF(L7="",0,Bandeau!$I$7),IF(L8="",0,Bandeau!$I$7))) -> 13.5
F5: =IF(E5=Bun!$A$4,Bun!$E$4,IF(E5=Bun!$A$5,Bun!$E$5,IF(E5=Bun!$A$6,Bun!$E$6,IF(E5=Bun!$A$7,Bun!$E$7,IF(E5=Bun!$A$8,Bun!$E$8,""))))) | H5: =IF(G5=Modulable!$A$4,Modulable!$E$4,IF(G5=Modulable!$A$5,Modulable!$E$5,IF(G5=Modulable!$A$6,Modulable!$E$6,IF(G5=Modulable!$A$7,Modulable!$E$7,IF(G5=Modulable!$A$8,Modulable!$E$8,""))))) | J5: =IF(I5=Plissé!$A$4,Plissé!$E$4,IF(I5=Plissé!$A$5,Plissé!$E$5,IF(I5=Plissé!$A$6,Plissé!$E$6,IF(I5=Plissé!$A$7,Plissé!$E$7,IF(I5=Plissé!$A$8,Plissé!$E$8,""))))) | L5: =IF(K5=Bandeau!$A$4,Bandeau!$E$4,IF(K5=Bandeau!$A$5,Bandeau!$E$5,IF(K5=Bandeau!$A$6,Bandeau!$E$6,IF(K5=Bandeau!$A$7,Bandeau!$E$7,IF(K5=Bandeau!$A$8,Bandeau!$E$8,IF(K5=Bandeau!$A$9,Bandeau!$E$9,IF(K5=Bandeau!$A$10,Bandeau!$E$10,IF(K5=Bandeau!$A$11,Bandeau!$E$11,IF(K5=Bandeau!$A$12,Bandeau!$E$12,""))))))))) | P5: =IF(C5="","",SUM(IF(E5="",0,Bun!$I$7),IF(E6="",0,Bun!$I$7),IF(E7="",0,Bun!$I$7),IF(E8="",0,Bun!$I$7),IF(E9="",0,Bun!$I$7),IF(G6="",0,Modulable!$I$7),IF(G7="",0,Modulable!$I$7),IF(G8="",0,Modulable!$I$7),IF(G9="",0,Modulable!$I$7),IF(G5="",0,Modulable!$I$7),IF(I5="",0,Plissé!$I$7),IF(I6="",0,Plissé!$I$7),IF(I7="",0,Plissé!$I$7),IF(I8="",0,Plissé!$I$7),IF(I9="",0,Plissé!$I$7),IF(L5="",0,Bandeau!$I$7),IF(L6="",0,Bandeau!$I$7),IF(L7="",0,Bandeau!$I$7),IF(L8="",0,Bandeau!$I$7),IF(L9="",0,Bandeau!$I$7)))
F6: =IF(E6=Bun!$A$4,Bun!$E$4,IF(E6=Bun!$A$5,Bun!$E$5,IF(E6=Bun!$A$6,Bun!$E$6,IF(E6=Bun!$A$7,Bun!$E$7,IF(E6=Bun!$A$8,Bun!$E$8,""))))) | H6: =IF(G6=Modulable!$A$4,Modulable!$E$4,IF(G6=Modulable!$A$5,Modulable!$E$5,IF(G6=Modulable!$A$6,Modulable!$E$6,IF(G6=Modulable!$A$7,Modulable!$E$7,IF(G6=Modulable!$A$8,Modulable!$E$8,""))))) | J6: =IF(I6=Plissé!$A$4,Plissé!$E$4,IF(I6=Plissé!$A$5,Plissé!$E$5,IF(I6=Plissé!$A$6,Plissé!$E$6,IF(I6=Plissé!$A$7,Plissé!$E$7,IF(I6=Plissé!$A$8,Plissé!$E$8,""))))) | L6: =IF(K6=Bandeau!$A$4,Bandeau!$E$4,IF(K6=Bandeau!$A$5,Bandeau!$E$5,IF(K6=Bandeau!$A$6,Bandeau!$E$6,IF(K6=Bandeau!$A$7,Bandeau!$E$7,IF(K6=Bandeau!$A$8,Bandeau!$E$8,IF(K6=Bandeau!$A$9,Bandeau!$E$9,IF(K6=Bandeau!$A$10,Bandeau!$E$10,IF(K6=Bandeau!$A$11,Bandeau!$E$11,IF(K6=Bandeau!$A$12,Bandeau!$E$12,""))))))))) | P6: =IF(C6="","",SUM(IF(E6="",0,Bun!$I$7),IF(E7="",0,Bun!$I$7),IF(E8="",0,Bun!$I$7),IF(E9="",0,Bun!$I$7),IF(E10="",0,Bun!$I$7),IF(G7="",0,Modulable!$I$7),IF(G8="",0,Modulable!$I$7),IF(G9="",0,Modulable!$I$7),IF(G10="",0,Modulable!$I$7),IF(G6="",0,Modulable!$I$7),IF(I6="",0,Plissé!$I$7),IF(I7="",0,Plissé!$I$7),IF(I8="",0,Plissé!$I$7),IF(I9="",0,Plissé!$I$7),IF(I10="",0,Plissé!$I$7),IF(L6="",0,Bandeau!$I$7),IF(L7="",0,Bandeau!$I$7),IF(L8="",0,Bandeau!$I$7),IF(L9="",0,Bandeau!$I$7),IF(L10="",0,Bandeau!$I$7)))
F7: =IF(E7=Bun!$A$4,Bun!$E$4,IF(E7=Bun!$A$5,Bun!$E$5,IF(E7=Bun!$A$6,Bun!$E$6,IF(E7=Bun!$A$7,Bun!$E$7,IF(E7=Bun!$A$8,Bun!$E$8,""))))) | H7: =IF(G7=Modulable!$A$4,Modulable!$E$4,IF(G7=Modulable!$A$5,Modulable!$E$5,IF(G7=Modulable!$A$6,Modulable!$E$6,IF(G7=Modulable!$A$7,Modulable!$E$7,IF(G7=Modulable!$A$8,Modulable!$E$8,""))))) | J7: =IF(I7=Plissé!$A$4,Plissé!$E$4,IF(I7=Plissé!$A$5,Plissé!$E$5,IF(I7=Plissé!$A$6,Plissé!$E$6,IF(I7=Plissé!$A$7,Plissé!$E$7,IF(I7=Plissé!$A$8,Plissé!$E$8,""))))) | L7: =IF(K7=Bandeau!$A$4,Bandeau!$E$4,IF(K7=Bandeau!$A$5,Bandeau!$E$5,IF(K7=Bandeau!$A$6,Bandeau!$E$6,IF(K7=Bandeau!$A$7,Bandeau!$E$7,IF(K7=Bandeau!$A$8,Bandeau!$E$8,IF(K7=Bandeau!$A$9,Bandeau!$E$9,IF(K7=Bandeau!$A$10,Bandeau!$E$10,IF(K7=Bandeau!$A$11,Bandeau!$E$11,IF(K7=Bandeau!$A$12,Bandeau!$E$12,""))))))))) | P7: =IF(C7="","",SUM(IF(E7="",0,Bun!$I$7),IF(E8="",0,Bun!$I$7),IF(E9="",0,Bun!$I$7),IF(E10="",0,Bun!$I$7),IF(E11="",0,Bun!$I$7),IF(G8="",0,Modulable!$I$7),IF(G9="",0,Modulable!$I$7),IF(G10="",0,Modulable!$I$7),IF(G11="",0,Modulable!$I$7),IF(G7="",0,Modulable!$I$7),IF(I7="",0,Plissé!$I$7),IF(I8="",0,Plissé!$I$7),IF(I9="",0,Plissé!$I$7),IF(I10="",0,Plissé!$I$7),IF(I11="",0,Plissé!$I$7),IF(L7="",0,Bandeau!$I$7),IF(L8="",0,Bandeau!$I$7),IF(L9="",0,Bandeau!$I$7),IF(L10="",0,Bandeau!$I$7),IF(L11="",0,Bandeau!$I$7)))
F8: =IF(E8=Bun!$A$4,Bun!$E$4,IF(E8=Bun!$A$5,Bun!$E$5,IF(E8=Bun!$A$6,Bun!$E$6,IF(E8=Bun!$A$7,Bun!$E$7,IF(E8=Bun!$A$8,Bun!$E$8,""))))) | H8: =IF(G8=Modulable!$A$4,Modulable!$E$4,IF(G8=Modulable!$A$5,Modulable!$E$5,IF(G8=Modulable!$A$6,Modulable!$E$6,IF(G8=Modulable!$A$7,Modulable!$E$7,IF(G8=Modulable!$A$8,Modulable!$E$8,""))))) | J8: =IF(I8=Plissé!$A$4,Plissé!$E$4,IF(I8=Plissé!$A$5,Plissé!$E$5,IF(I8=Plissé!$A$6,Plissé!$E$6,IF(I8=Plissé!$A$7,Plissé!$E$7,IF(I8=Plissé!$A$8,Plissé!$E$8,""))))) | L8: =IF(K8=Bandeau!$A$4,Bandeau!$E$4,IF(K8=Bandeau!$A$5,Bandeau!$E$5,IF(K8=Bandeau!$A$6,Bandeau!$E$6,IF(K8=Bandeau!$A$7,Bandeau!$E$7,IF(K8=Bandeau!$A$8,Bandeau!$E$8,IF(K8=Bandeau!$A$9,Bandeau!$E$9,IF(K8=Bandeau!$A$10,Bandeau!$E$10,IF(K8=Bandeau!$A$11,Bandeau!$E$11,IF(K8=Bandeau!$A$12,Bandeau!$E$12,""))))))))) | P8: =IF(C8="","",SUM(IF(E8="",0,Bun!$I$7),IF(E9="",0,Bun!$I$7),IF(E10="",0,Bun!$I$7),IF(E11="",0,Bun!$I$7),IF(E12="",0,Bun!$I$7),IF(G9="",0,Modulable!$I$7),IF(G10="",0,Modulable!$I$7),IF(G11="",0,Modulable!$I$7),IF(G12="",0,Modulable!$I$7),IF(G8="",0,Modulable!$I$7),IF(I8="",0,Plissé!$I$7),IF(I9="",0,Plissé!$I$7),IF(I10="",0,Plissé!$I$7),IF(I11="",0,Plissé!$I$7),IF(I12="",0,Plissé!$I$7),IF(L8="",0,Bandeau!$I$7),IF(L9="",0,Bandeau!$I$7),IF(L10="",0,Bandeau!$I$7),IF(L11="",0,Bandeau!$I$7),IF(L12="",0,Bandeau!$I$7)))
A9: =IF('[1]Registre des ventes'!B7="","",'[1]Registre des ventes'!B7) -> 42872 | B9: =IF('[1]Registre des ventes'!C7="","",'[1]Registre des ventes'!C7) -> 10002 | C9: =IF('[1]Registre des ventes'!D7="","",'[1]Registre des ventes'!D7) -> 25 | D9: =IF(C9="","",IF(C9<90,"Payé par le client",6)) -> Payé par le client | F9: =IF(E9=Bun!$A$4,Bun!$E$4,IF(E9=Bun!$A$5,Bun!$E$5,IF(E9=Bun!$A$6,Bun!$E$6,IF(E9=Bun!$A$7,Bun!$E$7,IF(E9=Bun!$A$8,Bun!$E$8,""))))) | H9: =IF(G9=Modulable!$A$4,Modulable!$E$4,IF(G9=Modulable!$A$5,Modulable!$E$5,IF(G9=Modulable!$A$6,Modulable!$E$6,IF(G9=Modulable!$A$7,Modulable!$E$7,IF(G9=Modulable!$A$8,Modulable!$E$8,""))))) | J9: =IF(I9=Plissé!$A$4,Plissé!$E$4,IF(I9=Plissé!$A$5,Plissé!$E$5,IF(I9=Plissé!$A$6,Plissé!$E$6,IF(I9=Plissé!$A$7,Plissé!$E$7,IF(I9=Plissé!$A$8,Plissé!$E$8,""))))) | K9: Bandeau Nairobi | L9: =IF(K9=Bandeau!$A$4,Bandeau!$E$4,IF(K9=Bandeau!$A$5,Bandeau!$E$5,IF(K9=Bandeau!$A$6,Bandeau!$E$6,IF(K9=Bandeau!$A$7,Bandeau!$E$7,IF(K9=Bandeau!$A$8,Bandeau!$E$8,IF(K9=Bandeau!$A$9,Bandeau!$E$9,IF(K9=Bandeau!$A$10,Bandeau!$E$10,IF(K9=Bandeau!$A$11,Bandeau!$E$11,IF(K9=Bandeau!$A$12,Bandeau!$E$12,""))))))))) -> 16.750909 | M9: =IF(C9="","",(1.5)) -> 1.5 | N9: =IF(C9="","",0.25+((1.4*C9)/100)) -> 0.6 | O9: =IF(C9="","",C9-SUM(D9,F9:F13,H9:H13,J9:J13,L9:L13,N9,M9)) -> 6.1490909 | P9: =IF(C9="","",SUM(IF(E9="",0,Bun!$I$7),IF(E10="",0,Bun!$I$7),IF(E11="",0,Bun!$I$7),IF(E12="",0,Bun!$I$7),IF(E13="",0,Bun!$I$7),IF(G10="",0,Modulable!$I$7),IF(G11="",0,Modulable!$I$7),IF(G12="",0,Modulable!$I$7),IF(G13="",0,Modulable!$I$7),IF(G9="",0,Modulable!$I$7),IF(I9="",0,Plissé!$I$7),IF(I10="",0,Plissé!$I$7),IF(I11="",0,Plissé!$I$7),IF(I12="",0,Plissé!$I$7),IF(I13="",0,Plissé!$I$7),IF(L9="",0,Bandeau!$I$7),IF(L10="",0,Bandeau!$I$7),IF(L11="",0,Bandeau!$I$7),IF(L12="",0,Bandeau!$I$7),IF(L13="",0,Bandeau!$I$7))) -> 13.5
F10: =IF(E10=Bun!$A$4,Bun!$E$4,IF(E10=Bun!$A$5,Bun!$E$5,IF(E10=Bun!$A$6,Bun!$E$6,IF(E10=Bun!$A$7,Bun!$E$7,IF(E10=Bun!$A$8,Bun!$E$8,""))))) | H10: =IF(G10=Modulable!$A$4,Modulable!$E$4,IF(G10=Modulable!$A$5,Modulable!$E$5,IF(G10=Modulable!$A$6,Modulable!$E$6,IF(G10=Modulable!$A$7,Modulable!$E$7,IF(G10=Modulable!$A$8,Modulable!$E$8,""))))) | J10: =IF(I10=Plissé!$A$4,Plissé!$E$4,IF(I10=Plissé!$A$5,Plissé!$E$5,IF(I10=Plissé!$A$6,Plissé!$E$6,IF(I10=Plissé!$A$7,Plissé!$E$7,IF(I10=Plissé!$A$8,Plissé!$E$8,""))))) | L10: =IF(K10=Bandeau!$A$4,Bandeau!$E$4,IF(K10=Bandeau!$A$5,Bandeau!$E$5,IF(K10=Bandeau!$A$6,Bandeau!$E$6,IF(K10=Bandeau!$A$7,Bandeau!$E$7,IF(K10=Bandeau!$A$8,Bandeau!$E$8,IF(K10=Bandeau!$A$9,Bandeau!$E$9,IF(K10=Bandeau!$A$10,Bandeau!$E$10,IF(K10=Bandeau!$A$11,Bandeau!$E$11,IF(K10=Bandeau!$A$12,Bandeau!$E$12,""))))))))) | P10: =IF(C10="","",SUM(IF(E10="",0,Bun!$I$7),IF(E11="",0,Bun!$I$7),IF(E12="",0,Bun!$I$7),IF(E13="",0,Bun!$I$7),IF(E14="",0,Bun!$I$7),IF(G11="",0,Modulable!$I$7),IF(G12="",0,Modulable!$I$7),IF(G13="",0,Modulable!$I$7),IF(G14="",0,Modulable!$I$7),IF(G10="",0,Modulable!$I$7),IF(I10="",0,Plissé!$I$7),IF(I11="",0,Plissé!$I$7),IF(I12="",0,Plissé!$I$7),IF(I13="",0,Plissé!$I$7),IF(I14="",0,Plissé!$I$7),IF(L10="",0,Bandeau!$I$7),IF(L11="",0,Bandeau!$I$7),IF(L12="",0,Bandeau!$I$7),IF(L13="",0,Bandeau!$I$7),IF(L14="",0,Bandeau!$I$7)))
F11: =IF(E11=Bun!$A$4,Bun!$E$4,IF(E11=Bun!$A$5,Bun!$E$5,IF(E11=Bun!$A$6,Bun!$E$6,IF(E11=Bun!$A$7,Bun!$E$7,IF(E11=Bun!$A$8,Bun!$E$8,""))))) | H11: =IF(G11=Modulable!$A$4,Modulable!$E$4,IF(G11=Modulable!$A$5,Modulable!$E$5,IF(G11=Modulable!$A$6,Modulable!$E$6,IF(G11=Modulable!$A$7,Modulable!$E$7,IF(G11=Modulable!$A$8,Modulable!$E$8,""))))) | J11: =IF(I11=Plissé!$A$4,Plissé!$E$4,IF(I11=Plissé!$A$5,Plissé!$E$5,IF(I11=Plissé!$A$6,Plissé!$E$6,IF(I11=Plissé!$A$7,Plissé!$E$7,IF(I11=Plissé!$A$8,Plissé!$E$8,""))))) | L11: =IF(K11=Bandeau!$A$4,Bandeau!$E$4,IF(K11=Bandeau!$A$5,Bandeau!$E$5,IF(K11=Bandeau!$A$6,Bandeau!$E$6,IF(K11=Bandeau!$A$7,Bandeau!$E$7,IF(K11=Bandeau!$A$8,Bandeau!$E$8,IF(K11=Bandeau!$A$9,Bandeau!$E$9,IF(K11=Bandeau!$A$10,Bandeau!$E$10,IF(K11=Bandeau!$A$11,Bandeau!$E$11,IF(K11=Bandeau!$A$12,Bandeau!$E$12,""))))))))) | P11: =IF(C11="","",SUM(IF(E11="",0,Bun!$I$7),IF(E12="",0,Bun!$I$7),IF(E13="",0,Bun!$I$7),IF(E14="",0,Bun!$I$7),IF(E15="",0,Bun!$I$7),IF(G12="",0,Modulable!$I$7),IF(G13="",0,Modulable!$I$7),IF(G14="",0,Modulable!$I$7),IF(G15="",0,Modulable!$I$7),IF(G11="",0,Modulable!$I$7),IF(I11="",0,Plissé!$I$7),IF(I12="",0,Plissé!$I$7),IF(I13="",0,Plissé!$I$7),IF(I14="",0,Plissé!$I$7),IF(I15="",0,Plissé!$I$7),IF(L11="",0,Bandeau!$I$7),IF(L12="",0,Bandeau!$I$7),IF(L13="",0,Bandeau!$I$7),IF(L14="",0,Bandeau!$I$7),IF(L15="",0,Bandeau!$I$7)))
F12: =IF(E12=Bun!$A$4,Bun!$E$4,IF(E12=Bun!$A$5,Bun!$E$5,IF(E12=Bun!$A$6,Bun!$E$6,IF(E12=Bun!$A$7,Bun!$E$7,IF(E12=Bun!$A$8,Bun!$E$8,""))))) | H12: =IF(G12=Modulable!$A$4,Modulable!$E$4,IF(G12=Modulable!$A$5,Modulable!$E$5,IF(G12=Modulable!$A$6,Modulable!$E$6,IF(G12=Modulable!$A$7,Modulable!$E$7,IF(G12=Modulable!$A$8,Modulable!$E$8,""))))) | J12: =IF(I12=Plissé!$A$4,Plissé!$E$4,IF(I12=Plissé!$A$5,Plissé!$E$5,IF(I12=Plissé!$A$6,Plissé!$E$6,IF(I12=Plissé!$A$7,Plissé!$E$7,IF(I12=Plissé!$A$8,Plissé!$E$8,""))))) | L12: =IF(K12=Bandeau!$A$4,Bandeau!$E$4,IF(K12=Bandeau!$A$5,Bandeau!$E$5,IF(K12=Bandeau!$A$6,Bandeau!$E$6,IF(K12=Bandeau!$A$7,Bandeau!$E$7,IF(K12=Bandeau!$A$8,Bandeau!$E$8,IF(K12=Bandeau!$A$9,Bandeau!$E$9,IF(K12=Bandeau!$A$10,Bandeau!$E$10,IF(K12=Bandeau!$A$11,Bandeau!$E$11,IF(K12=Bandeau!$A$12,Bandeau!$E$12,""))))))))) | P12: =IF(C12="","",SUM(IF(E12="",0,Bun!$I$7),IF(E13="",0,Bun!$I$7),IF(E14="",0,Bun!$I$7),IF(E15="",0,Bun!$I$7),IF(E16="",0,Bun!$I$7),IF(G13="",0,Modulable!$I$7),IF(G14="",0,Modulable!$I$7),IF(G15="",0,Modulable!$I$7),IF(G16="",0,Modulable!$I$7),IF(G12="",0,Modulable!$I$7),IF(I12="",0,Plissé!$I$7),IF(I13="",0,Plissé!$I$7),IF(I14="",0,Plissé!$I$7),IF(I15="",0,Plissé!$I$7),IF(I16="",0,Plissé!$I$7),IF(L12="",0,Bandeau!$I$7),IF(L13="",0,Bandeau!$I$7),IF(L14="",0,Bandeau!$I$7),IF(L15="",0,Bandeau!$I$7),IF(L16="",0,Bandeau!$I$7)))
F13: =IF(E13=Bun!$A$4,Bun!$E$4,IF(E13=Bun!$A$5,Bun!$E$5,IF(E13=Bun!$A$6,Bun!$E$6,IF(E13=Bun!$A$7,Bun!$E$7,IF(E13=Bun!$A$8,Bun!$E$8,""))))) | H13: =IF(G13=Modulable!$A$4,Modulable!$E$4,IF(G13=Modulable!$A$5,Modulable!$E$5,IF(G13=Modulable!$A$6,Modulable!$E$6,IF(G13=Modulable!$A$7,Modulable!$E$7,IF(G13=Modulable!$A$8,Modulable!$E$8,""))))) | J13: =IF(I13=Plissé!$A$4,Plissé!$E$4,IF(I13=Plissé!$A$5,Plissé!$E$5,IF(I13=Plissé!$A$6,Plissé!$E$6,IF(I13=Plissé!$A$7,Plissé!$E$7,IF(I13=Plissé!$A$8,Plissé!$E$8,""))))) | L13: =IF(K13=Bandeau!$A$4,Bandeau!$E$4,IF(K13=Bandeau!$A$5,Bandeau!$E$5,IF(K13=Bandeau!$A$6,Bandeau!$E$6,IF(K13=Bandeau!$A$7,Bandeau!$E$7,IF(K13=Bandeau!$A$8,Bandeau!$E$8,IF(K13=Bandeau!$A$9,Bandeau!$E$9,IF(K13=Bandeau!$A$10,Bandeau!$E$10,IF(K13=Bandeau!$A$11,Bandeau!$E$11,IF(K13=Bandeau!$A$12,Bandeau!$E$12,""))))))))) | P13: =IF(C13="","",SUM(IF(E13="",0,Bun!$I$7),IF(E14="",0,Bun!$I$7),IF(E15="",0,Bun!$I$7),IF(E16="",0,Bun!$I$7),IF(E17="",0,Bun!$I$7),IF(G14="",0,Modulable!$I$7),IF(G15="",0,Modulable!$I$7),IF(G16="",0,Modulable!$I$7),IF(G17="",0,Modulable!$I$7),IF(G13="",0,Modulable!$I$7),IF(I13="",0,Plissé!$I$7),IF(I14="",0,Plissé!$I$7),IF(I15="",0,Plissé!$I$7),IF(I16="",0,Plissé!$I$7),IF(I17="",0,Plissé!$I$7),IF(L13="",0,Bandeau!$I$7),IF(L14="",0,Bandeau!$I$7),IF(L15="",0,Bandeau!$I$7),IF(L16="",0,Bandeau!$I$7),IF(L17="",0,Bandeau!$I$7)))
A14: =IF('[1]Registre des ventes'!B8="","",'[1]Registre des ventes'!B8) -> 42872 | B14: =IF('[1]Registre des ventes'!C8="","",'[1]Registre des ventes'!C8) -> 10003 | C14: =IF('[1]Registre des ventes'!D8="","",'[1]Registre des ventes'!D8) -> 25 | D14: =IF(C14="","",IF(C14<90,"Payé par le client",6)) -> Payé par le client | F14: =IF(E14=Bun!$A$4,Bun!$E$4,IF(E14=Bun!$A$5,Bun!$E$5,IF(E14=Bun!$A$6,Bun!$E$6,IF(E14=Bun!$A$7,Bun!$E$7,IF(E14=Bun!$A$8,Bun!$E$8,""))))) | H14: =IF(G14=Modulable!$A$4,Modulable!$E$4,IF(G14=Modulable!$A$5,Modulable!$E$5,IF(G14=Modulable!$A$6,Modulable!$E$6,IF(G14=Modulable!$A$7,Modulable!$E$7,IF(G14=Modulable!$A$8,Modulable!$E$8,""))))) | J14: =IF(I14=Plissé!$A$4,Plissé!$E$4,IF(I14=Plissé!$A$5,Plissé!$E$5,IF(I14=Plissé!$A$6,Plissé!$E$6,IF(I14=Plissé!$A$7,Plissé!$E$7,IF(I14=Plissé!$A$8,Plissé!$E$8,""))))) | K14: Bandeau Nairobi | L14: =IF(K14=Bandeau!$A$4,Bandeau!$E$4,IF(K14=Bandeau!$A$5,Bandeau!$E$5,IF(K14=Bandeau!$A$6,Bandeau!$E$6,IF(K14=Bandeau!$A$7,Bandeau!$E$7,IF(K14=Bandeau!$A$8,Bandeau!$E$8,IF(K14=Bandeau!$A$9,Bandeau!$E$9,IF(K14=Bandeau!$A$10,Bandeau!$E$10,IF(K14=Bandeau!$A$11,Bandeau!$E$11,IF(K14=Bandeau!$A$12,Bandeau!$E$12,""))))))))) -> 16.750909 | M14: =IF(C14="","",(1.5)) -> 1.5 | N14: =IF(C14="","",0.25+((1.4*C14)/100)) -> 0.6 | O14: =IF(C14="","",C14-SUM(D14,F14:F18,H14:H18,J14:J18,L14:L18,N14)) -> 7.6490909 | P14: =IF(C14="","",SUM(IF(E14="",0,Bun!$I$7),IF(E15="",0,Bun!$I$7),IF(E16="",0,Bun!$I$7),IF(E17="",0,Bun!$I$7),IF(E18="",0,Bun!$I$7),IF(G15="",0,Modulable!$I$7),IF(G16="",0,Modulable!$I$7),IF(G17="",0,Modulable!$I$7),IF(G18="",0,Modulable!$I$7),IF(G14="",0,Modulable!$I$7),IF(I14="",0,Plissé!$I$7),IF(I15="",0,Plissé!$I$7),IF(I16="",0,Plissé!$I$7),IF(I17="",0,Plissé!$I$7),IF(I18="",0,Plissé!$I$7),IF(L14="",0,Bandeau!$I$7),IF(L15="",0,Bandeau!$I$7),IF(L16="",0,Bandeau!$I$7),IF(L17="",0,Bandeau!$I$7),IF(L18="",0,Bandeau!$I$7))) -> 13.5
F15: =IF(E15=Bun!$A$4,Bun!$E$4,IF(E15=Bun!$A$5,Bun!$E$5,IF(E15=Bun!$A$6,Bun!$E$6,IF(E15=Bun!$A$7,Bun!$E$7,IF(E15=Bun!$A$8,Bun!$E$8,""))))) | H15: =IF(G15=Modulable!$A$4,Modulable!$E$4,IF(G15=Modulable!$A$5,Modulable!$E$5,IF(G15=Modulable!$A$6,Modulable!$E$6,IF(G15=Modulable!$A$7,Modulable!$E$7,IF(G15=Modulable!$A$8,Modulable!$E$8,""))))) | J15: =IF(I15=Plissé!$A$4,Plissé!$E$4,IF(I15=Plissé!$A$5,Plissé!$E$5,IF(I15=Plissé!$A$6,Plissé!$E$6,IF(I15=Plissé!$A$7,Plissé!$E$7,IF(I15=Plissé!$A$8,Plissé!$E$8,""))))) | L15: =IF(K15=Bandeau!$A$4,Bandeau!$E$4,IF(K15=Bandeau!$A$5,Bandeau!$E$5,IF(K15=Bandeau!$A$6,Bandeau!$E$6,IF(K15=Bandeau!$A$7,Bandeau!$E$7,IF(K15=Bandeau!$A$8,Bandeau!$E$8,IF(K15=Bandeau!$A$9,Bandeau!$E$9,IF(K15=Bandeau!$A$10,Bandeau!$E$10,IF(K15=Bandeau!$A$11,Bandeau!$E$11,IF(K15=Bandeau!$A$12,Bandeau!$E$12,""))))))))) | P15: =IF(C15="","",SUM(IF(E15="",0,Bun!$I$7),IF(E16="",0,Bun!$I$7),IF(E17="",0,Bun!$I$7),IF(E18="",0,Bun!$I$7),IF(E19="",0,Bun!$I$7),IF(G16="",0,Modulable!$I$7),IF(G17="",0,Modulable!$I$7),IF(G18="",0,Modulable!$I$7),IF(G19="",0,Modulable!$I$7),IF(G15="",0,Modulable!$I$7),IF(I15="",0,Plissé!$I$7),IF(I16="",0,Plissé!$I$7),IF(I17="",0,Plissé!$I$7),IF(I18="",0,Plissé!$I$7),IF(I19="",0,Plissé!$I$7),IF(L15="",0,Bandeau!$I$7),IF(L16="",0,Bandeau!$I$7),IF(L17="",0,Bandeau!$I$7),IF(L18="",0,Bandeau!$I$7),IF(L19="",0,Bandeau!$I$7)))
F16: =IF(E16=Bun!$A$4,Bun!$E$4,IF(E16=Bun!$A$5,Bun!$E$5,IF(E16=Bun!$A$6,Bun!$E$6,IF(E16=Bun!$A$7,Bun!$E$7,IF(E16=Bun!$A$8,Bun!$E$8,""))))) | H16: =IF(G16=Modulable!$A$4,Modulable!$E$4,IF(G16=Modulable!$A$5,Modulable!$E$5,IF(G16=Modulable!$A$6,Modulable!$E$6,IF(G16=Modulable!$A$7,Modulable!$E$7,IF(G16=Modulable!$A$8,Modulable!$E$8,""))))) | J16: =IF(I16=Plissé!$A$4,Plissé!$E$4,IF(I16=Plissé!$A$5,Plissé!$E$5,IF(I16=Plissé!$A$6,Plissé!$E$6,IF(I16=Plissé!$A$7,Plissé!$E$7,IF(I16=Plissé!$A$8,Plissé!$E$8,""))))) | L16: =IF(K16=Bandeau!$A$4,Bandeau!$E$4,IF(K16=Bandeau!$A$5,Bandeau!$E$5,IF(K16=Bandeau!$A$6,Bandeau!$E$6,IF(K16=Bandeau!$A$7,Bandeau!$E$7,IF(K16=Bandeau!$A$8,Bandeau!$E$8,IF(K16=Bandeau!$A$9,Bandeau!$E$9,IF(K16=Bandeau!$A$10,Bandeau!$E$10,IF(K16=Bandeau!$A$11,Bandeau!$E$11,IF(K16=Bandeau!$A$12,Bandeau!$E$12,""))))))))) | P16: =IF(C16="","",SUM(IF(E16="",0,Bun!$I$7),IF(E17="",0,Bun!$I$7),IF(E18="",0,Bun!$I$7),IF(E19="",0,Bun!$I$7),IF(E20="",0,Bun!$I$7),IF(G17="",0,Modulable!$I$7),IF(G18="",0,Modulable!$I$7),IF(G19="",0,Modulable!$I$7),IF(G20="",0,Modulable!$I$7),IF(G16="",0,Modulable!$I$7),IF(I16="",0,Plissé!$I$7),IF(I17="",0,Plissé!$I$7),IF(I18="",0,Plissé!$I$7),IF(I19="",0,Plissé!$I$7),IF(I20="",0,Plissé!$I$7),IF(L16="",0,Bandeau!$I$7),IF(L17="",0,Bandeau!$I$7),IF(L18="",0,Bandeau!$I$7),IF(L19="",0,Bandeau!$I$7),IF(L20="",0,Bandeau!$I$7)))
F17: =IF(E17=Bun!$A$4,Bun!$E$4,IF(E17=Bun!$A$5,Bun!$E$5,IF(E17=Bun!$A$6,Bun!$E$6,IF(E17=Bun!$A$7,Bun!$E$7,IF(E17=Bun!$A$8,Bun!$E$8,""))))) | H17: =IF(G17=Modulable!$A$4,Modulable!$E$4,IF(G17=Modulable!$A$5,Modulable!$E$5,IF(G17=Modulable!$A$6,Modulable!$E$6,IF(G17=Modulable!$A$7,Modulable!$E$7,IF(G17=Modulable!$A$8,Modulable!$E$8,""))))) | J17: =IF(I17=Plissé!$A$4,Plissé!$E$4,IF(I17=Plissé!$A$5,Plissé!$E$5,IF(I17=Plissé!$A$6,Plissé!$E$6,IF(I17=Plissé!$A$7,Plissé!$E$7,IF(I17=Plissé!$A$8,Plissé!$E$8,""))))) | L17: =IF(K17=Bandeau!$A$4,Bandeau!$E$4,IF(K17=Bandeau!$A$5,Bandeau!$E$5,IF(K17=Bandeau!$A$6,Bandeau!$E$6,IF(K17=Bandeau!$A$7,Bandeau!$E$7,IF(K17=Bandeau!$A$8,Bandeau!$E$8,IF(K17=Bandeau!$A$9,Bandeau!$E$9,IF(K17=Bandeau!$A$10,Bandeau!$E$10,IF(K17=Bandeau!$A$11,Bandeau!$E$11,IF(K17=Bandeau!$A$12,Bandeau!$E$12,""))))))))) | P17: =IF(C17="","",SUM(IF(E17="",0,Bun!$I$7),IF(E18="",0,Bun!$I$7),IF(E19="",0,Bun!$I$7),IF(E20="",0,Bun!$I$7),IF(E21="",0,Bun!$I$7),IF(G18="",0,Modulable!$I$7),IF(G19="",0,Modulable!$I$7),IF(G20="",0,Modulable!$I$7),IF(G21="",0,Modulable!$I$7),IF(G17="",0,Modulable!$I$7),IF(I17="",0,Plissé!$I$7),IF(I18="",0,Plissé!$I$7),IF(I19="",0,Plissé!$I$7),IF(I20="",0,Plissé!$I$7),IF(I21="",0,Plissé!$I$7),IF(L17="",0,Bandeau!$I$7),IF(L18="",0,Bandeau!$I$7),IF(L19="",0,Bandeau!$I$7),IF(L20="",0,Bandeau!$I$7),IF(L21="",0,Bandeau!$I$7)))
F18: =IF(E18=Bun!$A$4,Bun!$E$4,IF(E18=Bun!$A$5,Bun!$E$5,IF(E18=Bun!$A$6,Bun!$E$6,IF(E18=Bun!$A$7,Bun!$E$7,IF(E18=Bun!$A$8,Bun!$E$8,""))))) | H18: =IF(G18=Modulable!$A$4,Modulable!$E$4,IF(G18=Modulable!$A$5,Modulable!$E$5,IF(G18=Modulable!$A$6,Modulable!$E$6,IF(G18=Modulable!$A$7,Modulable!$E$7,IF(G18=Modulable!$A$8,Modulable!$E$8,""))))) | J18: =IF(I18=Plissé!$A$4,Plissé!$E$4,IF(I18=Plissé!$A$5,Plissé!$E$5,IF(I18=Plissé!$A$6,Plissé!$E$6,IF(I18=Plissé!$A$7,Plissé!$E$7,IF(I18=Plissé!$A$8,Plissé!$E$8,""))))) | L18: =IF(K18=Bandeau!$A$4,Bandeau!$E$4,IF(K18=Bandeau!$A$5,Bandeau!$E$5,IF(K18=Bandeau!$A$6,Bandeau!$E$6,IF(K18=Bandeau!$A$7,Bandeau!$E$7,IF(K18=Bandeau!$A$8,Bandeau!$E$8,IF(K18=Bandeau!$A$9,Bandeau!$E$9,IF(K18=Bandeau!$A$10,Bandeau!$E$10,IF(K18=Bandeau!$A$11,Bandeau!$E$11,IF(K18=Bandeau!$A$12,Bandeau!$E$12,""))))))))) | P18: =IF(C18="","",SUM(IF(E18="",0,Bun!$I$7),IF(E19="",0,Bun!$I$7),IF(E20="",0,Bun!$I$7),IF(E21="",0,Bun!$I$7),IF(E22="",0,Bun!$I$7),IF(G19="",0,Modulable!$I$7),IF(G20="",0,Modulable!$I$7),IF(G21="",0,Modulable!$I$7),IF(G22="",0,Modulable!$I$7),IF(G18="",0,Modulable!$I$7),IF(I18="",0,Plissé!$I$7),IF(I19="",0,Plissé!$I$7),IF(I20="",0,Plissé!$I$7),IF(I21="",0,Plissé!$I$7),IF(I22="",0,Plissé!$I$7),IF(L18="",0,Bandeau!$I$7),IF(L19="",0,Bandeau!$I$7),IF(L20="",0,Bandeau!$I$7),IF(L21="",0,Bandeau!$I$7),IF(L22="",0,Bandeau!$I$7)))
A19: =IF('[1]Registre des ventes'!B9="","",'[1]Registre des ventes'!B9) -> 42872 | B19: =IF('[1]Registre des ventes'!C9="","",'[1]Registre des ventes'!C9) -> 10004 | C19: =IF('[1]Registre des ventes'!D9="","",'[1]Registre des ventes'!D9) -> 50 | D19: =IF(C19="","",IF(C19<90,"Payé par le client",6)) -> Payé par le client | F19: =IF(E19=Bun!$A$4,Bun!$E$4,IF(E19=Bun!$A$5,Bun!$E$5,IF(E19=Bun!$A$6,Bun!$E$6,IF(E19=Bun!$A$7,Bun!$E$7,IF(E19=Bun!$A$8,Bun!$E$8,""))))) | G19: Modulable Archipel | H19: =IF(G19=Modulable!$A$4,Modulable!$E$4,IF(G19=Modulable!$A$5,Modulable!$E$5,IF(G19=Modulable!$A$6,Modulable!$E$6,IF(G19=Modulable!$A$7,Modulable!$E$7,IF(G19=Modulable!$A$8,Modulable!$E$8,""))))) -> 29.6 | J19: =IF(I19=Plissé!$A$4,Plissé!$E$4,IF(I19=Plissé!$A$5,Plissé!$E$5,IF(I19=Plissé!$A$6,Plissé!$E$6,IF(I19=Plissé!$A$7,Plissé!$E$7,IF(I19=Plissé!$A$8,Plissé!$E$8,""))))) | L19: =IF(K19=Bandeau!$A$4,Bandeau!$E$4,IF(K19=Bandeau!$A$5,Bandeau!$E$5,IF(K19=Bandeau!$A$6,Bandeau!$E$6,IF(K19=Bandeau!$A$7,Bandeau!$E$7,IF(K19=Bandeau!$A$8,Bandeau!$E$8,IF(K19=Bandeau!$A$9,Bandeau!$E$9,IF(K19=Bandeau!$A$10,Bandeau!$E$10,IF(K19=Bandeau!$A$11,Bandeau!$E$11,IF(K19=Bandeau!$A$12,Bandeau!$E$12,""))))))))) | M19: =IF(C19="","",(1.5)) -> 1.5 | N19: =IF(C19="","",0.25+((1.4*C19)/100)) -> 0.95 | O19: =IF(C19="","",C19-SUM(D19,F19:F23,H19:H23,J19:J23,L19:L23,N19)) -> 19.45 | P19: =IF(C19="","",SUM(IF(E19="",0,Bun!$I$7),IF(E20="",0,Bun!$I$7),IF(E21="",0,Bun!$I$7),IF(E22="",0,Bun!$I$7),IF(E23="",0,Bun!$I$7),IF(G20="",0,Modulable!$I$7),IF(G21="",0,Modulable!$I$7),IF(G22="",0,Modulable!$I$7),IF(G23="",0,Modulable!$I$7),IF(G19="",0,Modulable!$I$7),IF(I19="",0,Plissé!$I$7),IF(I20="",0,Plissé!$I$7),IF(I21="",0,Plissé!$I$7),IF(I22="",0,Plissé!$I$7),IF(I23="",0,Plissé!$I$7),IF(L19="",0,Bandeau!$I$7),IF(L20="",0,Bandeau!$I$7),IF(L21="",0,Bandeau!$I$7),IF(L22="",0,Bandeau!$I$7),IF(L23="",0,Bandeau!$I$7))) -> 18
F20: =IF(E20=Bun!$A$4,Bun!$E$4,IF(E20=Bun!$A$5,Bun!$E$5,IF(E20=Bun!$A$6,Bun!$E$6,IF(E20=Bun!$A$7,Bun!$E$7,IF(E20=Bun!$A$8,Bun!$E$8,""))))) | H20: =IF(G20=Modulable!$A$4,Modulable!$E$4,IF(G20=Modulable!$A$5,Modulable!$E$5,IF(G20=Modulable!$A$6,Modulable!$E$6,IF(G20=Modulable!$A$7,Modulable!$E$7,IF(G20=Modulable!$A$8,Modulable!$E$8,""))))) | J20: =IF(I20=Plissé!$A$4,Plissé!$E$4,IF(I20=Plissé!$A$5,Plissé!$E$5,IF(I20=Plissé!$A$6,Plissé!$E$6,IF(I20=Plissé!$A$7,Plissé!$E$7,IF(I20=Plissé!$A$8,Plissé!$E$8,""))))) | L20: =IF(K20=Bandeau!$A$4,Bandeau!$E$4,IF(K20=Bandeau!$A$5,Bandeau!$E$5,IF(K20=Bandeau!$A$6,Bandeau!$E$6,IF(K20=Bandeau!$A$7,Bandeau!$E$7,IF(K20=Bandeau!$A$8,Bandeau!$E$8,IF(K20=Bandeau!$A$9,Bandeau!$E$9,IF(K20=Bandeau!$A$10,Bandeau!$E$10,IF(K20=Bandeau!$A$11,Bandeau!$E$11,IF(K20=Bandeau!$A$12,Bandeau!$E$12,""))))))))) | P20: =IF(C20="","",SUM(IF(E20="",0,Bun!$I$7),IF(E21="",0,Bun!$I$7),IF(E22="",0,Bun!$I$7),IF(E23="",0,Bun!$I$7),IF(E24="",0,Bun!$I$7),IF(G21="",0,Modulable!$I$7),IF(G22="",0,Modulable!$I$7),IF(G23="",0,Modulable!$I$7),IF(G24="",0,Modulable!$I$7),IF(G20="",0,Modulable!$I$7),IF(I20="",0,Plissé!$I$7),IF(I21="",0,Plissé!$I$7),IF(I22="",0,Plissé!$I$7),IF(I23="",0,Plissé!$I$7),IF(I24="",0,Plissé!$I$7),IF(L20="",0,Bandeau!$I$7),IF(L21="",0,Bandeau!$I$7),IF(L22="",0,Bandeau!$I$7),IF(L23="",0,Bandeau!$I$7),IF(L24="",0,Bandeau!$I$7)))
F21: =IF(E21=Bun!$A$4,Bun!$E$4,IF(E21=Bun!$A$5,Bun!$E$5,IF(E21=Bun!$A$6,Bun!$E$6,IF(E21=Bun!$A$7,Bun!$E$7,IF(E21=Bun!$A$8,Bun!$E$8,""))))) | H21: =IF(G21=Modulable!$A$4,Modulable!$E$4,IF(G21=Modulable!$A$5,Modulable!$E$5,IF(G21=Modulable!$A$6,Modulable!$E$6,IF(G21=Modulable!$A$7,Modulable!$E$7,IF(G21=Modulable!$A$8,Modulable!$E$8,""))))) | J21: =IF(I21=Plissé!$A$4,Plissé!$E$4,IF(I21=Plissé!$A$5,Plissé!$E$5,IF(I21=Plissé!$A$6,Plissé!$E$6,IF(I21=Plissé!$A$7,Plissé!$E$7,IF(I21=Plissé!$A$8,Plissé!$E$8,""))))) | L21: =IF(K21=Bandeau!$A$4,Bandeau!$E$4,IF(K21=Bandeau!$A$5,Bandeau!$E$5,IF(K21=Bandeau!$A$6,Bandeau!$E$6,IF(K21=Bandeau!$A$7,Bandeau!$E$7,IF(K21=Bandeau!$A$8,Bandeau!$E$8,IF(K21=Bandeau!$A$9,Bandeau!$E$9,IF(K21=Bandeau!$A$10,Bandeau!$E$10,IF(K21=Bandeau!$A$11,Bandeau!$E$11,IF(K21=Bandeau!$A$12,Bandeau!$E$12,""))))))))) | P21: =IF(C21="","",SUM(IF(E21="",0,Bun!$I$7),IF(E22="",0,Bun!$I$7),IF(E23="",0,Bun!$I$7),IF(E24="",0,Bun!$I$7),IF(E25="",0,Bun!$I$7),IF(G22="",0,Modulable!$I$7),IF(G23="",0,Modulable!$I$7),IF(G24="",0,Modulable!$I$7),IF(G25="",0,Modulable!$I$7),IF(G21="",0,Modulable!$I$7),IF(I21="",0,Plissé!$I$7),IF(I22="",0,Plissé!$I$7),IF(I23="",0,Plissé!$I$7),IF(I24="",0,Plissé!$I$7),IF(I25="",0,Plissé!$I$7),IF(L21="",0,Bandeau!$I$7),IF(L22="",0,Bandeau!$I$7),IF(L23="",0,Bandeau!$I$7),IF(L24="",0,Bandeau!$I$7),IF(L25="",0,Bandeau!$I$7)))
F22: =IF(E22=Bun!$A$4,Bun!$E$4,IF(E22=Bun!$A$5,Bun!$E$5,IF(E22=Bun!$A$6,Bun!$E$6,IF(E22=Bun!$A$7,Bun!$E$7,IF(E22=Bun!$A$8,Bun!$E$8,""))))) | H22: =IF(G22=Modulable!$A$4,Modulable!$E$4,IF(G22=Modulable!$A$5,Modulable!$E$5,IF(G22=Modulable!$A$6,Modulable!$E$6,IF(G22=Modulable!$A$7,Modulable!$E$7,IF(G22=Modulable!$A$8,Modulable!$E$8,""))))) | J22: =IF(I22=Plissé!$A$4,Plissé!$E$4,IF(I22=Plissé!$A$5,Plissé!$E$5,IF(I22=Plissé!$A$6,Plissé!$E$6,IF(I22=Plissé!$A$7,Plissé!$E$7,IF(I22=Plissé!$A$8,Plissé!$E$8,""))))) | L22: =IF(K22=Bandeau!$A$4,Bandeau!$E$4,IF(K22=Bandeau!$A$5,Bandeau!$E$5,IF(K22=Bandeau!$A$6,Bandeau!$E$6,IF(K22=Bandeau!$A$7,Bandeau!$E$7,IF(K22=Bandeau!$A$8,Bandeau!$E$8,IF(K22=Bandeau!$A$9,Bandeau!$E$9,IF(K22=Bandeau!$A$10,Bandeau!$E$10,IF(K22=Bandeau!$A$11,Bandeau!$E$11,IF(K22=Bandeau!$A$12,Bandeau!$E$12,""))))))))) | P22: =IF(C22="","",SUM(IF(E22="",0,Bun!$I$7),IF(E23="",0,Bun!$I$7),IF(E24="",0,Bun!$I$7),IF(E25="",0,Bun!$I$7),IF(E26="",0,Bun!$I$7),IF(G23="",0,Modulable!$I$7),IF(G24="",0,Modulable!$I$7),IF(G25="",0,Modulable!$I$7),IF(G26="",0,Modulable!$I$7),IF(G22="",0,Modulable!$I$7),IF(I22="",0,Plissé!$I$7),IF(I23="",0,Plissé!$I$7),IF(I24="",0,Plissé!$I$7),IF(I25="",0,Plissé!$I$7),IF(I26="",0,Plissé!$I$7),IF(L22="",0,Bandeau!$I$7),IF(L23="",0,Bandeau!$I$7),IF(L24="",0,Bandeau!$I$7),IF(L25="",0,Bandeau!$I$7),IF(L26="",0,Bandeau!$I$7)))
F23: =IF(E23=Bun!$A$4,Bun!$E$4,IF(E23=Bun!$A$5,Bun!$E$5,IF(E23=Bun!$A$6,Bun!$E$6,IF(E23=Bun!$A$7,Bun!$E$7,IF(E23=Bun!$A$8,Bun!$E$8,""))))) | H23: =IF(G23=Modulable!$A$4,Modulable!$E$4,IF(G23=Modulable!$A$5,Modulable!$E$5,IF(G23=Modulable!$A$6,Modulable!$E$6,IF(G23=Modulable!$A$7,Modulable!$E$7,IF(G23=Modulable!$A$8,Modulable!$E$8,""))))) | J23: =IF(I23=Plissé!$A$4,Plissé!$E$4,IF(I23=Plissé!$A$5,Plissé!$E$5,IF(I23=Plissé!$A$6,Plissé!$E$6,IF(I23=Plissé!$A$7,Plissé!$E$7,IF(I23=Plissé!$A$8,Plissé!$E$8,""))))) | L23: =IF(K23=Bandeau!$A$4,Bandeau!$E$4,IF(K23=Bandeau!$A$5,Bandeau!$E$5,IF(K23=Bandeau!$A$6,Bandeau!$E$6,IF(K23=Bandeau!$A$7,Bandeau!$E$7,IF(K23=Bandeau!$A$8,Bandeau!$E$8,IF(K23=Bandeau!$A$9,Bandeau!$E$9,IF(K23=Bandeau!$A$10,Bandeau!$E$10,IF(K23=Bandeau!$A$11,Bandeau!$E$11,IF(K23=Bandeau!$A$12,Bandeau!$E$12,""))))))))) | P23: =IF(C23="","",SUM(IF(E23="",0,Bun!$I$7),IF(E24="",0,Bun!$I$7),IF(E25="",0,Bun!$I$7),IF(E26="",0,Bun!$I$7),IF(E27="",0,Bun!$I$7),IF(G24="",0,Modulable!$I$7),IF(G25="",0,Modulable!$I$7),IF(G26="",0,Modulable!$I$7),IF(G27="",0,Modulable!$I$7),IF(G23="",0,Modulable!$I$7),IF(I23="",0,Plissé!$I$7),IF(I24="",0,Plissé!$I$7),IF(I25="",0,Plissé!$I$7),IF(I26="",0,Plissé!$I$7),IF(I27="",0,Plissé!$I$7),IF(L23="",0,Bandeau!$I$7),IF(L24="",0,Bandeau!$I$7),IF(L25="",0,Bandeau!$I$7),IF(L26="",0,Bandeau!$I$7),IF(L27="",0,Bandeau!$I$7)))
A24: =IF('[1]Registre des ventes'!B10="","",'[1]Registre des ventes'!B10) -> 42872 | B24: =IF('[1]Registre des ventes'!C10="","",'[1]Registre des ventes'!C10) -> 10005 | C24: =IF('[1]Registre des ventes'!D10="","",'[1]Registre des ventes'!D10) -> 45 | D24: =IF(C24="","",IF(C24<90,"Payé par le client",6)) -> Payé par le client | F24: =IF(E24=Bun!$A$4,Bun!$E$4,IF(E24=Bun!$A$5,Bun!$E$5,IF(E24=Bun!$A$6,Bun!$E$6,IF(E24=Bun!$A$7,Bun!$E$7,IF(E24=Bun!$A$8,Bun!$E$8,""))))) | H24: =IF(G24=Modulable!$A$4,Modulable!$E$4,IF(G24=Modulable!$A$5,Modulable!$E$5,IF(G24=Modulable!$A$6,Modulable!$E$6,IF(G24=Modulable!$A$7,Modulable!$E$7,IF(G24=Modulable!$A$8,Modulable!$E$8,""))))) | I24: Plissé Nairobi | J24: =IF(I24=Plissé!$A$4,Plissé!$E$4,IF(I24=Plissé!$A$5,Plissé!$E$5,IF(I24=Plissé!$A$6,Plissé!$E$6,IF(I24=Plissé!$A$7,Plissé!$E$7,IF(I24=Plissé!$A$8,Plissé!$E$8,""))))) -> 24.25 | L24: =IF(K24=Bandeau!$A$4,Bandeau!$E$4,IF(K24=Bandeau!$A$5,Bandeau!$E$5,IF(K24=Bandeau!$A$6,Bandeau!$E$6,IF(K24=Bandeau!$A$7,Bandeau!$E$7,IF(K24=Bandeau!$A$8,Bandeau!$E$8,IF(K24=Bandeau!$A$9,Bandeau!$E$9,IF(K24=Bandeau!$A$10,Bandeau!$E$10,IF(K24=Bandeau!$A$11,Bandeau!$E$11,IF(K24=Bandeau!$A$12,Bandeau!$E$12,""))))))))) | M24: =IF(C24="","",(1.5)) -> 1.5 | N24: =IF(C24="","",0.25+((1.4*C24)/100)) -> 0.88 | O24: =IF(C24="","",C24-SUM(D24,F24:F28,H24:H28,J24:J28,L24:L28,N24)) -> 19.87 | P24: =IF(C24="","",SUM(IF(E24="",0,Bun!$I$7),IF(E25="",0,Bun!$I$7),IF(E26="",0,Bun!$I$7),IF(E27="",0,Bun!$I$7),IF(E28="",0,Bun!$I$7),IF(G25="",0,Modulable!$I$7),IF(G26="",0,Modulable!$I$7),IF(G27="",0,Modulable!$I$7),IF(G28="",0,Modulable!$I$7),IF(G24="",0,Modulable!$I$7),IF(I24="",0,Plissé!$I$7),IF(I25="",0,Plissé!$I$7),IF(I26="",0,Plissé!$I$7),IF(I27="",0,Plissé!$I$7),IF(I28="",0,Plissé!$I$7),IF(L24="",0,Bandeau!$I$7),IF(L25="",0,Bandeau!$I$7),IF(L26="",0,Bandeau!$I$7),IF(L27="",0,Bandeau!$I$7),IF(L28="",0,Bandeau!$I$7))) -> 18
F25: =IF(E25=Bun!$A$4,Bun!$E$4,IF(E25=Bun!$A$5,Bun!$E$5,IF(E25=Bun!$A$6,Bun!$E$6,IF(E25=Bun!$A$7,Bun!$E$7,IF(E25=Bun!$A$8,Bun!$E$8,""))))) | H25: =IF(G25=Modulable!$A$4,Modulable!$E$4,IF(G25=Modulable!$A$5,Modulable!$E$5,IF(G25=Modulable!$A$6,Modulable!$E$6,IF(G25=Modulable!$A$7,Modulable!$E$7,IF(G25=Modulable!$A$8,Modulable!$E$8,""))))) | J25: =IF(I25=Plissé!$A$4,Plissé!$E$4,IF(I25=Plissé!$A$5,Plissé!$E$5,IF(I25=Plissé!$A$6,Plissé!$E$6,IF(I25=Plissé!$A$7,Plissé!$E$7,IF(I25=Plissé!$A$8,Plissé!$E$8,""))))) | L25: =IF(K25=Bandeau!$A$4,Bandeau!$E$4,IF(K25=Bandeau!$A$5,Bandeau!$E$5,IF(K25=Bandeau!$A$6,Bandeau!$E$6,IF(K25=Bandeau!$A$7,Bandeau!$E$7,IF(K25=Bandeau!$A$8,Bandeau!$E$8,IF(K25=Bandeau!$A$9,Bandeau!$E$9,IF(K25=Bandeau!$A$10,Bandeau!$E$10,IF(K25=Bandeau!$A$11,Bandeau!$E$11,IF(K25=Bandeau!$A$12,Bandeau!$E$12,""))))))))) | P25: =IF(C25="","",SUM(IF(E25="",0,Bun!$I$7),IF(E26="",0,Bun!$I$7),IF(E27="",0,Bun!$I$7),IF(E28="",0,Bun!$I$7),IF(E29="",0,Bun!$I$7),IF(G26="",0,Modulable!$I$7),IF(G27="",0,Modulable!$I$7),IF(G28="",0,Modulable!$I$7),IF(G29="",0,Modulable!$I$7),IF(G25="",0,Modulable!$I$7),IF(I25="",0,Plissé!$I$7),IF(I26="",0,Plissé!$I$7),IF(I27="",0,Plissé!$I$7),IF(I28="",0,Plissé!$I$7),IF(I29="",0,Plissé!$I$7),IF(L25="",0,Bandeau!$I$7),IF(L26="",0,Bandeau!$I$7),IF(L27="",0,Bandeau!$I$7),IF(L28="",0,Bandeau!$I$7),IF(L29="",0,Bandeau!$I$7)))
F26: =IF(E26=Bun!$A$4,Bun!$E$4,IF(E26=Bun!$A$5,Bun!$E$5,IF(E26=Bun!$A$6,Bun!$E$6,IF(E26=Bun!$A$7,Bun!$E$7,IF(E26=Bun!$A$8,Bun!$E$8,""))))) | H26: =IF(G26=Modulable!$A$4,Modulable!$E$4,IF(G26=Modulable!$A$5,Modulable!$E$5,IF(G26=Modulable!$A$6,Modulable!$E$6,IF(G26=Modulable!$A$7,Modulable!$E$7,IF(G26=Modulable!$A$8,Modulable!$E$8,""))))) | J26: =IF(I26=Plissé!$A$4,Plissé!$E$4,IF(I26=Plissé!$A$5,Plissé!$E$5,IF(I26=Plissé!$A$6,Plissé!$E$6,IF(I26=Plissé!$A$7,Plissé!$E$7,IF(I26=Plissé!$A$8,Plissé!$E$8,""))))) | L26: =IF(K26=Bandeau!$A$4,Bandeau!$E$4,IF(K26=Bandeau!$A$5,Bandeau!$E$5,IF(K26=Bandeau!$A$6,Bandeau!$E$6,IF(K26=Bandeau!$A$7,Bandeau!$E$7,IF(K26=Bandeau!$A$8,Bandeau!$E$8,IF(K26=Bandeau!$A$9,Bandeau!$E$9,IF(K26=Bandeau!$A$10,Bandeau!$E$10,IF(K26=Bandeau!$A$11,Bandeau!$E$11,IF(K26=Bandeau!$A$12,Bandeau!$E$12,""))))))))) | P26: =IF(C26="","",SUM(IF(E26="",0,Bun!$I$7),IF(E27="",0,Bun!$I$7),IF(E28="",0,Bun!$I$7),IF(E29="",0,Bun!$I$7),IF(E30="",0,Bun!$I$7),IF(G27="",0,Modulable!$I$7),IF(G28="",0,Modulable!$I$7),IF(G29="",0,Modulable!$I$7),IF(G30="",0,Modulable!$I$7),IF(G26="",0,Modulable!$I$7),IF(I26="",0,Plissé!$I$7),IF(I27="",0,Plissé!$I$7),IF(I28="",0,Plissé!$I$7),IF(I29="",0,Plissé!$I$7),IF(I30="",0,Plissé!$I$7),IF(L26="",0,Bandeau!$I$7),IF(L27="",0,Bandeau!$I$7),IF(L28="",0,Bandeau!$I$7),IF(L29="",0,Bandeau!$I$7),IF(L30="",0,Bandeau!$I$7)))
F27: =IF(E27=Bun!$A$4,Bun!$E$4,IF(E27=Bun!$A$5,Bun!$E$5,IF(E27=Bun!$A$6,Bun!$E$6,IF(E27=Bun!$A$7,Bun!$E$7,IF(E27=Bun!$A$8,Bun!$E$8,""))))) | H27: =IF(G27=Modulable!$A$4,Modulable!$E$4,IF(G27=Modulable!$A$5,Modulable!$E$5,IF(G27=Modulable!$A$6,Modulable!$E$6,IF(G27=Modulable!$A$7,Modulable!$E$7,IF(G27=Modulable!$A$8,Modulable!$E$8,""))))) | J27: =IF(I27=Plissé!$A$4,Plissé!$E$4,IF(I27=Plissé!$A$5,Plissé!$E$5,IF(I27=Plissé!$A$6,Plissé!$E$6,IF(I27=Plissé!$A$7,Plissé!$E$7,IF(I27=Plissé!$A$8,Plissé!$E$8,""))))) | L27: =IF(K27=Bandeau!$A$4,Bandeau!$E$4,IF(K27=Bandeau!$A$5,Bandeau!$E$5,IF(K27=Bandeau!$A$6,Bandeau!$E$6,IF(K27=Bandeau!$A$7,Bandeau!$E$7,IF(K27=Bandeau!$A$8,Bandeau!$E$8,IF(K27=Bandeau!$A$9,Bandeau!$E$9,IF(K27=Bandeau!$A$10,Bandeau!$E$10,IF(K27=Bandeau!$A$11,Bandeau!$E$11,IF(K27=Bandeau!$A$12,Bandeau!$E$12,""))))))))) | P27: =IF(C27="","",SUM(IF(E27="",0,Bun!$I$7),IF(E28="",0,Bun!$I$7),IF(E29="",0,Bun!$I$7),IF(E30="",0,Bun!$I$7),IF(E31="",0,Bun!$I$7),IF(G28="",0,Modulable!$I$7),IF(G29="",0,Modulable!$I$7),IF(G30="",0,Modulable!$I$7),IF(G31="",0,Modulable!$I$7),IF(G27="",0,Modulable!$I$7),IF(I27="",0,Plissé!$I$7),IF(I28="",0,Plissé!$I$7),IF(I29="",0,Plissé!$I$7),IF(I30="",0,Plissé!$I$7),IF(I31="",0,Plissé!$I$7),IF(L27="",0,Bandeau!$I$7),IF(L28="",0,Bandeau!$I$7),IF(L29="",0,Bandeau!$I$7),IF(L30="",0,Bandeau!$I$7),IF(L31="",0,Bandeau!$I$7)))
F28: =IF(E28=Bun!$A$4,Bun!$E$4,IF(E28=Bun!$A$5,Bun!$E$5,IF(E28=Bun!$A$6,Bun!$E$6,IF(E28=Bun!$A$7,Bun!$E$7,IF(E28=Bun!$A$8,Bun!$E$8,""))))) | H28: =IF(G28=Modulable!$A$4,Modulable!$E$4,IF(G28=Modulable!$A$5,Modulable!$E$5,IF(G28=Modulable!$A$6,Modulable!$E$6,IF(G28=Modulable!$A$7,Modulable!$E$7,IF(G28=Modulable!$A$8,Modulable!$E$8,""))))) | J28: =IF(I28=Plissé!$A$4,Plissé!$E$4,IF(I28=Plissé!$A$5,Plissé!$E$5,IF(I28=Plissé!$A$6,Plissé!$E$6,IF(I28=Plissé!$A$7,Plissé!$E$7,IF(I28=Plissé!$A$8,Plissé!$E$8,""))))) | L28: =IF(K28=Bandeau!$A$4,Bandeau!$E$4,IF(K28=Bandeau!$A$5,Bandeau!$E$5,IF(K28=Bandeau!$A$6,Bandeau!$E$6,IF(K28=Bandeau!$A$7,Bandeau!$E$7,IF(K28=Bandeau!$A$8,Bandeau!$E$8,IF(K28=Bandeau!$A$9,Bandeau!$E$9,IF(K28=Bandeau!$A$10,Bandeau!$E$10,IF(K28=Bandeau!$A$11,Bandeau!$E$11,IF(K28=Bandeau!$A$12,Bandeau!$E$12,""))))))))) | P28: =IF(C28="","",SUM(IF(E28="",0,Bun!$I$7),IF(E29="",0,Bun!$I$7),IF(E30="",0,Bun!$I$7),IF(E31="",0,Bun!$I$7),IF(E32="",0,Bun!$I$7),IF(G29="",0,Modulable!$I$7),IF(G30="",0,Modulable!$I$7),IF(G31="",0,Modulable!$I$7),IF(G32="",0,Modulable!$I$7),IF(G28="",0,Modulable!$I$7),IF(I28="",0,Plissé!$I$7),IF(I29="",0,Plissé!$I$7),IF(I30="",0,Plissé!$I$7),IF(I31="",0,Plissé!$I$7),IF(I32="",0,Plissé!$I$7),IF(L28="",0,Bandeau!$I$7),IF(L29="",0,Bandeau!$I$7),IF(L30="",0,Bandeau!$I$7),IF(L31="",0,Bandeau!$I$7),IF(L32="",0,Bandeau!$I$7)))
A29: =IF('[1]Registre des ventes'!B11="","",'[1]Registre des ventes'!B11) -> 17/05/217 | B29: =IF('[1]Registre des ventes'!C11="","",'[1]Registre des ventes'!C11) -> 10006 | C29: =IF('[1]Registre des ventes'!D11="","",'[1]Registre des ventes'!D11) -> 30 | D29: =IF(C29="","",IF(C29<90,"Payé par le client",6)) -> Payé par le client | F29: =IF(E29=Bun!$A$4,Bun!$E$4,IF(E29=Bun!$A$5,Bun!$E$5,IF(E29=Bun!$A$6,Bun!$E$6,IF(E29=Bun!$A$7,Bun!$E$7,IF(E29=Bun!$A$8,Bun!$E$8,""))))) | H29: =IF(G29=Modulable!$A$4,Modulable!$E$4,IF(G29=Modulable!$A$5,Modulable!$E$5,IF(G29=Modulable!$A$6,Modulable!$E$6,IF(G29=Modulable!$A$7,Modulable!$E$7,IF(G29=Modulable!$A$8,Modulable!$E$8,""))))) | J29: =IF(I29=Plissé!$A$4,Plissé!$E$4,IF(I29=Plissé!$A$5,Plissé!$E$5,IF(I29=Plissé!$A$6,Plissé!$E$6,IF(I29=Plissé!$A$7,Plissé!$E$7,IF(I29=Plissé!$A$8,Plissé!$E$8,""))))) | K29: Bandeau Cherry | L29: =IF(K29=Bandeau!$A$4,Bandeau!$E$4,IF(K29=Bandeau!$A$5,Bandeau!$E$5,IF(K29=Bandeau!$A$6,Bandeau!$E$6,IF(K29=Bandeau!$A$7,Bandeau!$E$7,IF(K29=Bandeau!$A$8,Bandeau!$E$8,IF(K29=Bandeau!$A$9,Bandeau!$E$9,IF(K29=Bandeau!$A$10,Bandeau!$E$10,IF(K29=Bandeau!$A$11,Bandeau!$E$11,IF(K29=Bandeau!$A$12,Bandeau!$E$12,""))))))))) -> 17.687273 | M29: =IF(C29="","",(1.5)) -> 1.5 | N29: =IF(C29="","",0.25+((1.4*C29)/100)) -> 0.67 | O29: =IF(C29="","",C29-SUM(D29,F29:F33,H29:H33,J29:J33,L29:L33,N29)) -> 11.642727 | P29: =IF(C29="","",SUM(IF(E29="",0,Bun!$I$7),IF(E30="",0,Bun!$I$7),IF(E31="",0,Bun!$I$7),IF(E32="",0,Bun!$I$7),IF(E33="",0,Bun!$I$7),IF(G30="",0,Modulable!$I$7),IF(G31="",0,Modulable!$I$7),IF(G32="",0,Modulable!$I$7),IF(G33="",0,Modulable!$I$7),IF(G29="",0,Modulable!$I$7),IF(I29="",0,Plissé!$I$7),IF(I30="",0,Plissé!$I$7),IF(I31="",0,Plissé!$I$7),IF(I32="",0,Plissé!$I$7),IF(I33="",0,Plissé!$I$7),IF(L29="",0,Bandeau!$I$7),IF(L30="",0,Bandeau!$I$7),IF(L31="",0,Bandeau!$I$7),IF(L32="",0,Bandeau!$I$7),IF(L33="",0,Bandeau!$I$7))) -> 13.5
F30: =IF(E30=Bun!$A$4,Bun!$E$4,IF(E30=Bun!$A$5,Bun!$E$5,IF(E30=Bun!$A$6,Bun!$E$6,IF(E30=Bun!$A$7,Bun!$E$7,IF(E30=Bun!$A$8,Bun!$E$8,""))))) | H30: =IF(G30=Modulable!$A$4,Modulable!$E$4,IF(G30=Modulable!$A$5,Modulable!$E$5,IF(G30=Modulable!$A$6,Modulable!$E$6,IF(G30=Modulable!$A$7,Modulable!$E$7,IF(G30=Modulable!$A$8,Modulable!$E$8,""))))) | J30: =IF(I30=Plissé!$A$4,Plissé!$E$4,IF(I30=Plissé!$A$5,Plissé!$E$5,IF(I30=Plissé!$A$6,Plissé!$E$6,IF(I30=Plissé!$A$7,Plissé!$E$7,IF(I30=Plissé!$A$8,Plissé!$E$8,""))))) | L30: =IF(K30=Bandeau!$A$4,Bandeau!$E$4,IF(K30=Bandeau!$A$5,Bandeau!$E$5,IF(K30=Bandeau!$A$6,Bandeau!$E$6,IF(K30=Bandeau!$A$7,Bandeau!$E$7,IF(K30=Bandeau!$A$8,Bandeau!$E$8,IF(K30=Bandeau!$A$9,Bandeau!$E$9,IF(K30=Bandeau!$A$10,Bandeau!$E$10,IF(K30=Bandeau!$A$11,Bandeau!$E$11,IF(K30=Bandeau!$A$12,Bandeau!$E$12,""))))))))) | P30: =IF(C30="","",SUM(IF(E30="",0,Bun!$I$7),IF(E31="",0,Bun!$I$7),IF(E32="",0,Bun!$I$7),IF(E33="",0,Bun!$I$7),IF(E34="",0,Bun!$I$7),IF(G31="",0,Modulable!$I$7),IF(G32="",0,Modulable!$I$7),IF(G33="",0,Modulable!$I$7),IF(G34="",0,Modulable!$I$7),IF(G30="",0,Modulable!$I$7),IF(I30="",0,Plissé!$I$7),IF(I31="",0,Plissé!$I$7),IF(I32="",0,Plissé!$I$7),IF(I33="",0,Plissé!$I$7),IF(I34="",0,Plissé!$I$7),IF(L30="",0,Bandeau!$I$7),IF(L31="",0,Bandeau!$I$7),IF(L32="",0,Bandeau!$I$7),IF(L33="",0,Bandeau!$I$7),IF(L34="",0,Bandeau!$I$7)))
F31: =IF(E31=Bun!$A$4,Bun!$E$4,IF(E31=Bun!$A$5,Bun!$E$5,IF(E31=Bun!$A$6,Bun!$E$6,IF(E31=Bun!$A$7,Bun!$E$7,IF(E31=Bun!$A$8,Bun!$E$8,""))))) | H31: =IF(G31=Modulable!$A$4,Modulable!$E$4,IF(G31=Modulable!$A$5,Modulable!$E$5,IF(G31=Modulable!$A$6,Modulable!$E$6,IF(G31=Modulable!$A$7,Modulable!$E$7,IF(G31=Modulable!$A$8,Modulable!$E$8,""))))) | J31: =IF(I31=Plissé!$A$4,Plissé!$E$4,IF(I31=Plissé!$A$5,Plissé!$E$5,IF(I31=Plissé!$A$6,Plissé!$E$6,IF(I31=Plissé!$A$7,Plissé!$E$7,IF(I31=Plissé!$A$8,Plissé!$E$8,""))))) | L31: =IF(K31=Bandeau!$A$4,Bandeau!$E$4,IF(K31=Bandeau!$A$5,Bandeau!$E$5,IF(K31=Bandeau!$A$6,Bandeau!$E$6,IF(K31=Bandeau!$A$7,Bandeau!$E$7,IF(K31=Bandeau!$A$8,Bandeau!$E$8,IF(K31=Bandeau!$A$9,Bandeau!$E$9,IF(K31=Bandeau!$A$10,Bandeau!$E$10,IF(K31=Bandeau!$A$11,Bandeau!$E$11,IF(K31=Bandeau!$A$12,Bandeau!$E$12,""))))))))) | P31: =IF(C31="","",SUM(IF(E31="",0,Bun!$I$7),IF(E32="",0,Bun!$I$7),IF(E33="",0,Bun!$I$7),IF(E34="",0,Bun!$I$7),IF(E35="",0,Bun!$I$7),IF(G32="",0,Modulable!$I$7),IF(G33="",0,Modulable!$I$7),IF(G34="",0,Modulable!$I$7),IF(G35="",0,Modulable!$I$7),IF(G31="",0,Modulable!$I$7),IF(I31="",0,Plissé!$I$7),IF(I32="",0,Plissé!$I$7),IF(I33="",0,Plissé!$I$7),IF(I34="",0,Plissé!$I$7),IF(I35="",0,Plissé!$I$7),IF(L31="",0,Bandeau!$I$7),IF(L32="",0,Bandeau!$I$7),IF(L33="",0,Bandeau!$I$7),IF(L34="",0,Bandeau!$I$7),IF(L35="",0,Bandeau!$I$7)))
F32: =IF(E32=Bun!$A$4,Bun!$E$4,IF(E32=Bun!$A$5,Bun!$E$5,IF(E32=Bun!$A$6,Bun!$E$6,IF(E32=Bun!$A$7,Bun!$E$7,IF(E32=Bun!$A$8,Bun!$E$8,""))))) | H32: =IF(G32=Modulable!$A$4,Modulable!$E$4,IF(G32=Modulable!$A$5,Modulable!$E$5,IF(G32=Modulable!$A$6,Modulable!$E$6,IF(G32=Modulable!$A$7,Modulable!$E$7,IF(G32=Modulable!$A$8,Modulable!$E$8,""))))) | J32: =IF(I32=Plissé!$A$4,Plissé!$E$4,IF(I32=Plissé!$A$5,Plissé!$E$5,IF(I32=Plissé!$A$6,Plissé!$E$6,IF(I32=Plissé!$A$7,Plissé!$E$7,IF(I32=Plissé!$A$8,Plissé!$E$8,""))))) | L32: =IF(K32=Bandeau!$A$4,Bandeau!$E$4,IF(K32=Bandeau!$A$5,Bandeau!$E$5,IF(K32=Bandeau!$A$6,Bandeau!$E$6,IF(K32=Bandeau!$A$7,Bandeau!$E$7,IF(K32=Bandeau!$A$8,Bandeau!$E$8,IF(K32=Bandeau!$A$9,Bandeau!$E$9,IF(K32=Bandeau!$A$10,Bandeau!$E$10,IF(K32=Bandeau!$A$11,Bandeau!$E$11,IF(K32=Bandeau!$A$12,Bandeau!$E$12,""))))))))) | P32: =IF(C32="","",SUM(IF(E32="",0,Bun!$I$7),IF(E33="",0,Bun!$I$7),IF(E34="",0,Bun!$I$7),IF(E35="",0,Bun!$I$7),IF(E36="",0,Bun!$I$7),IF(G33="",0,Modulable!$I$7),IF(G34="",0,Modulable!$I$7),IF(G35="",0,Modulable!$I$7),IF(G36="",0,Modulable!$I$7),IF(G32="",0,Modulable!$I$7),IF(I32="",0,Plissé!$I$7),IF(I33="",0,Plissé!$I$7),IF(I34="",0,Plissé!$I$7),IF(I35="",0,Plissé!$I$7),IF(I36="",0,Plissé!$I$7),IF(L32="",0,Bandeau!$I$7),IF(L33="",0,Bandeau!$I$7),IF(L34="",0,Bandeau!$I$7),IF(L35="",0,Bandeau!$I$7),IF(L36="",0,Bandeau!$I$7)))
F33: =IF(E33=Bun!$A$4,Bun!$E$4,IF(E33=Bun!$A$5,Bun!$E$5,IF(E33=Bun!$A$6,Bun!$E$6,IF(E33=Bun!$A$7,Bun!$E$7,IF(E33=Bun!$A$8,Bun!$E$8,""))))) | H33: =IF(G33=Modulable!$A$4,Modulable!$E$4,IF(G33=Modulable!$A$5,Modulable!$E$5,IF(G33=Modulable!$A$6,Modulable!$E$6,IF(G33=Modulable!$A$7,Modulable!$E$7,IF(G33=Modulable!$A$8,Modulable!$E$8,""))))) | J33: =IF(I33=Plissé!$A$4,Plissé!$E$4,IF(I33=Plissé!$A$5,Plissé!$E$5,IF(I33=Plissé!$A$6,Plissé!$E$6,IF(I33=Plissé!$A$7,Plissé!$E$7,IF(I33=Plissé!$A$8,Plissé!$E$8,""))))) | L33: =IF(K33=Bandeau!$A$4,Bandeau!$E$4,IF(K33=Bandeau!$A$5,Bandeau!$E$5,IF(K33=Bandeau!$A$6,Bandeau!$E$6,IF(K33=Bandeau!$A$7,Bandeau!$E$7,IF(K33=Bandeau!$A$8,Bandeau!$E$8,IF(K33=Bandeau!$A$9,Bandeau!$E$9,IF(K33=Bandeau!$A$10,Bandeau!$E$10,IF(K33=Bandeau!$A$11,Bandeau!$E$11,IF(K33=Bandeau!$A$12,Bandeau!$E$12,""))))))))) | P33: =IF(C33="","",SUM(IF(E33="",0,Bun!$I$7),IF(E34="",0,Bun!$I$7),IF(E35="",0,Bun!$I$7),IF(E36="",0,Bun!$I$7),IF(E37="",0,Bun!$I$7),IF(G34="",0,Modulable!$I$7),IF(G35="",0,Modulable!$I$7),IF(G36="",0,Modulable!$I$7),IF(G37="",0,Modulable!$I$7),IF(G33="",0,Modulable!$I$7),IF(I33="",0,Plissé!$I$7),IF(I34="",0,Plissé!$I$7),IF(I35="",0,Plissé!$I$7),IF(I36="",0,Plissé!$I$7),IF(I37="",0,Plissé!$I$7),IF(L33="",0,Bandeau!$I$7),IF(L34="",0,Bandeau!$I$7),IF(L35="",0,Bandeau!$I$7),IF(L36="",0,Bandeau!$I$7),IF(L37="",0,Bandeau!$I$7)))
A34: =IF('[1]Registre des ventes'!B12="","",'[1]Registre des ventes'!B12) -> 42872 | B34: =IF('[1]Registre des ventes'!C12="","",'[1]Registre des ventes'!C12) -> 10007 | C34: =IF('[1]Registre des ventes'!D12="","",'[1]Registre des ventes'!D12) -> 30 | D34: =IF(C34="","",IF(C34<90,"Payé par le client",6)) -> Payé par le client | F34: =IF(E34=Bun!$A$4,Bun!$E$4,IF(E34=Bun!$A$5,Bun!$E$5,IF(E34=Bun!$A$6,Bun!$E$6,IF(E34=Bun!$A$7,Bun!$E$7,IF(E34=Bun!$A$8,Bun!$E$8,""))))) | H34: =IF(G34=Modulable!$A$4,Modulable!$E$4,IF(G34=Modulable!$A$5,Modulable!$E$5,IF(G34=Modulable!$A$6,Modulable!$E$6,IF(G34=Modulable!$A$7,Modulable!$E$7,IF(G34=Modulable!$A$8,Modulable!$E$8,""))))) | J34: =IF(I34=Plissé!$A$4,Plissé!$E$4,IF(I34=Plissé!$A$5,Plissé!$E$5,IF(I34=Plissé!$A$6,Plissé!$E$6,IF(I34=Plissé!$A$7,Plissé!$E$7,IF(I34=Plissé!$A$8,Plissé!$E$8,""))))) | K34: Bandeau Cherry | L34: =IF(K34=Bandeau!$A$4,Bandeau!$E$4,IF(K34=Bandeau!$A$5,Bandeau!$E$5,IF(K34=Bandeau!$A$6,Bandeau!$E$6,IF(K34=Bandeau!$A$7,Bandeau!$E$7,IF(K34=Bandeau!$A$8,Bandeau!$E$8,IF(K34=Bandeau!$A$9,Bandeau!$E$9,IF(K34=Bandeau!$A$10,Bandeau!$E$10,IF(K34=Bandeau!$A$11,Bandeau!$E$11,IF(K34=Bandeau!$A$12,Bandeau!$E$12,""))))))))) -> 17.687273 | M34: =IF(C34="","",(1.5)) -> 1.5 | N34: =IF(C34="","",0.25+((1.4*C34)/100)) -> 0.67 | O34: =IF(C34="","",C34-SUM(D34,F34:F38,H34:H38,J34:J38,L34:L38,N34)) -> 11.642727 | P34: =IF(C34="","",SUM(IF(E34="",0,Bun!$I$7),IF(E35="",0,Bun!$I$7),IF(E36="",0,Bun!$I$7),IF(E37="",0,Bun!$I$7),IF(E38="",0,Bun!$I$7),IF(G35="",0,Modulable!$I$7),IF(G36="",0,Modulable!$I$7),IF(G37="",0,Modulable!$I$7),IF(G38="",0,Modulable!$I$7),IF(G34="",0,Modulable!$I$7),IF(I34="",0,Plissé!$I$7),IF(I35="",0,Plissé!$I$7),IF(I36="",0,Plissé!$I$7),IF(I37="",0,Plissé!$I$7),IF(I38="",0,Plissé!$I$7),IF(L34="",0,Bandeau!$I$7),IF(L35="",0,Bandeau!$I$7),IF(L36="",0,Bandeau!$I$7),IF(L37="",0,Bandeau!$I$7),IF(L38="",0,Bandeau!$I$7))) -> 13.5
F35: =IF(E35=Bun!$A$4,Bun!$E$4,IF(E35=Bun!$A$5,Bun!$E$5,IF(E35=Bun!$A$6,Bun!$E$6,IF(E35=Bun!$A$7,Bun!$E$7,IF(E35=Bun!$A$8,Bun!$E$8,""))))) | H35: =IF(G35=Modulable!$A$4,Modulable!$E$4,IF(G35=Modulable!$A$5,Modulable!$E$5,IF(G35=Modulable!$A$6,Modulable!$E$6,IF(G35=Modulable!$A$7,Modulable!$E$7,IF(G35=Modulable!$A$8,Modulable!$E$8,""))))) | J35: =IF(I35=Plissé!$A$4,Plissé!$E$4,IF(I35=Plissé!$A$5,Plissé!$E$5,IF(I35=Plissé!$A$6,Plissé!$E$6,IF(I35=Plissé!$A$7,Plissé!$E$7,IF(I35=Plissé!$A$8,Plissé!$E$8,""))))) | L35: =IF(K35=Bandeau!$A$4,Bandeau!$E$4,IF(K35=Bandeau!$A$5,Bandeau!$E$5,IF(K35=Bandeau!$A$6,Bandeau!$E$6,IF(K35=Bandeau!$A$7,Bandeau!$E$7,IF(K35=Bandeau!$A$8,Bandeau!$E$8,IF(K35=Bandeau!$A$9,Bandeau!$E$9,IF(K35=Bandeau!$A$10,Bandeau!$E$10,IF(K35=Bandeau!$A$11,Bandeau!$E$11,IF(K35=Bandeau!$A$12,Bandeau!$E$12,""))))))))) | P35: =IF(C35="","",SUM(IF(E35="",0,Bun!$I$7),IF(E36="",0,Bun!$I$7),IF(E37="",0,Bun!$I$7),IF(E38="",0,Bun!$I$7),IF(E39="",0,Bun!$I$7),IF(G36="",0,Modulable!$I$7),IF(G37="",0,Modulable!$I$7),IF(G38="",0,Modulable!$I$7),IF(G39="",0,Modulable!$I$7),IF(G35="",0,Modulable!$I$7),IF(I35="",0,Plissé!$I$7),IF(I36="",0,Plissé!$I$7),IF(I37="",0,Plissé!$I$7),IF(I38="",0,Plissé!$I$7),IF(I39="",0,Plissé!$I$7),IF(L35="",0,Bandeau!$I$7),IF(L36="",0,Bandeau!$I$7),IF(L37="",0,Bandeau!$I$7),IF(L38="",0,Bandeau!$I$7),IF(L39="",0,Bandeau!$I$7)))
F36: =IF(E36=Bun!$A$4,Bun!$E$4,IF(E36=Bun!$A$5,Bun!$E$5,IF(E36=Bun!$A$6,Bun!$E$6,IF(E36=Bun!$A$7,Bun!$E$7,IF(E36=Bun!$A$8,Bun!$E$8,""))))) | H36: =IF(G36=Modulable!$A$4,Modulable!$E$4,IF(G36=Modulable!$A$5,Modulable!$E$5,IF(G36=Modulable!$A$6,Modulable!$E$6,IF(G36=Modulable!$A$7,Modulable!$E$7,IF(G36=Modulable!$A$8,Modulable!$E$8,""))))) | J36: =IF(I36=Plissé!$A$4,Plissé!$E$4,IF(I36=Plissé!$A$5,Plissé!$E$5,IF(I36=Plissé!$A$6,Plissé!$E$6,IF(I36=Plissé!$A$7,Plissé!$E$7,IF(I36=Plissé!$A$8,Plissé!$E$8,""))))) | L36: =IF(K36=Bandeau!$A$4,Bandeau!$E$4,IF(K36=Bandeau!$A$5,Bandeau!$E$5,IF(K36=Bandeau!$A$6,Bandeau!$E$6,IF(K36=Bandeau!$A$7,Bandeau!$E$7,IF(K36=Bandeau!$A$8,Bandeau!$E$8,IF(K36=Bandeau!$A$9,Bandeau!$E$9,IF(K36=Bandeau!$A$10,Bandeau!$E$10,IF(K36=Bandeau!$A$11,Bandeau!$E$11,IF(K36=Bandeau!$A$12,Bandeau!$E$12,""))))))))) | P36: =IF(C36="","",SUM(IF(E36="",0,Bun!$I$7),IF(E37="",0,Bun!$I$7),IF(E38="",0,Bun!$I$7),IF(E39="",0,Bun!$I$7),IF(E40="",0,Bun!$I$7),IF(G37="",0,Modulable!$I$7),IF(G38="",0,Modulable!$I$7),IF(G39="",0,Modulable!$I$7),IF(G40="",0,Modulable!$I$7),IF(G36="",0,Modulable!$I$7),IF(I36="",0,Plissé!$I$7),IF(I37="",0,Plissé!$I$7),IF(I38="",0,Plissé!$I$7),IF(I39="",0,Plissé!$I$7),IF(I40="",0,Plissé!$I$7),IF(L36="",0,Bandeau!$I$7),IF(L37="",0,Bandeau!$I$7),IF(L38="",0,Bandeau!$I$7),IF(L39="",0,Bandeau!$I$7),IF(L40="",0,Bandeau!$I$7)))
F37: =IF(E37=Bun!$A$4,Bun!$E$4,IF(E37=Bun!$A$5,Bun!$E$5,IF(E37=Bun!$A$6,Bun!$E$6,IF(E37=Bun!$A$7,Bun!$E$7,IF(E37=Bun!$A$8,Bun!$E$8,""))))) | H37: =IF(G37=Modulable!$A$4,Modulable!$E$4,IF(G37=Modulable!$A$5,Modulable!$E$5,IF(G37=Modulable!$A$6,Modulable!$E$6,IF(G37=Modulable!$A$7,Modulable!$E$7,IF(G37=Modulable!$A$8,Modulable!$E$8,""))))) | J37: =IF(I37=Plissé!$A$4,Plissé!$E$4,IF(I37=Plissé!$A$5,Plissé!$E$5,IF(I37=Plissé!$A$6,Plissé!$E$6,IF(I37=Plissé!$A$7,Plissé!$E$7,IF(I37=Plissé!$A$8,Plissé!$E$8,""))))) | L37: =IF(K37=Bandeau!$A$4,Bandeau!$E$4,IF(K37=Bandeau!$A$5,Bandeau!$E$5,IF(K37=Bandeau!$A$6,Bandeau!$E$6,IF(K37=Bandeau!$A$7,Bandeau!$E$7,IF(K37=Bandeau!$A$8,Bandeau!$E$8,IF(K37=Bandeau!$A$9,Bandeau!$E$9,IF(K37=Bandeau!$A$10,Bandeau!$E$10,IF(K37=Bandeau!$A$11,Bandeau!$E$11,IF(K37=Bandeau!$A$12,Bandeau!$E$12,""))))))))) | P37: =IF(C37="","",SUM(IF(E37="",0,Bun!$I$7),IF(E38="",0,Bun!$I$7),IF(E39="",0,Bun!$I$7),IF(E40="",0,Bun!$I$7),IF(E41="",0,Bun!$I$7),IF(G38="",0,Modulable!$I$7),IF(G39="",0,Modulable!$I$7),IF(G40="",0,Modulable!$I$7),IF(G41="",0,Modulable!$I$7),IF(G37="",0,Modulable!$I$7),IF(I37="",0,Plissé!$I$7),IF(I38="",0,Plissé!$I$7),IF(I39="",0,Plissé!$I$7),IF(I40="",0,Plissé!$I$7),IF(I41="",0,Plissé!$I$7),IF(L37="",0,Bandeau!$I$7),IF(L38="",0,Bandeau!$I$7),IF(L39="",0,Bandeau!$I$7),IF(L40="",0,Bandeau!$I$7),IF(L41="",0,Bandeau!$I$7)))
F38: =IF(E38=Bun!$A$4,Bun!$E$4,IF(E38=Bun!$A$5,Bun!$E$5,IF(E38=Bun!$A$6,Bun!$E$6,IF(E38=Bun!$A$7,Bun!$E$7,IF(E38=Bun!$A$8,Bun!$E$8,""))))) | H38: =IF(G38=Modulable!$A$4,Modulable!$E$4,IF(G38=Modulable!$A$5,Modulable!$E$5,IF(G38=Modulable!$A$6,Modulable!$E$6,IF(G38=Modulable!$A$7,Modulable!$E$7,IF(G38=Modulable!$A$8,Modulable!$E$8,""))))) | J38: =IF(I38=Plissé!$A$4,Plissé!$E$4,IF(I38=Plissé!$A$5,Plissé!$E$5,IF(I38=Plissé!$A$6,Plissé!$E$6,IF(I38=Plissé!$A$7,Plissé!$E$7,IF(I38=Plissé!$A$8,Plissé!$E$8,""))))) | L38: =IF(K38=Bandeau!$A$4,Bandeau!$E$4,IF(K38=Bandeau!$A$5,Bandeau!$E$5,IF(K38=Bandeau!$A$6,Bandeau!$E$6,IF(K38=Bandeau!$A$7,Bandeau!$E$7,IF(K38=Bandeau!$A$8,Bandeau!$E$8,IF(K38=Bandeau!$A$9,Bandeau!$E$9,IF(K38=Bandeau!$A$10,Bandeau!$E$10,IF(K38=Bandeau!$A$11,Bandeau!$E$11,IF(K38=Bandeau!$A$12,Bandeau!$E$12,""))))))))) | P38: =IF(C38="","",SUM(IF(E38="",0,Bun!$I$7),IF(E39="",0,Bun!$I$7),IF(E40="",0,Bun!$I$7),IF(E41="",0,Bun!$I$7),IF(E42="",0,Bun!$I$7),IF(G39="",0,Modulable!$I$7),IF(G40="",0,Modulable!$I$7),IF(G41="",0,Modulable!$I$7),IF(G42="",0,Modulable!$I$7),IF(G38="",0,Modulable!$I$7),IF(I38="",0,Plissé!$I$7),IF(I39="",0,Plissé!$I$7),IF(I40="",0,Plissé!$I$7),IF(I41="",0,Plissé!$I$7),IF(I42="",0,Plissé!$I$7),IF(L38="",0,Bandeau!$I$7),IF(L39="",0,Bandeau!$I$7),IF(L40="",0,Bandeau!$I$7),IF(L41="",0,Bandeau!$I$7),IF(L42="",0,Bandeau!$I$7)))
A39: =IF('[1]Registre des ventes'!B13="","",'[1]Registre des ventes'!B13) -> 42873 | B39: =IF('[1]Registre des ventes'!C13="","",'[1]Registre des ventes'!C13) -> 10008 | C39: =IF('[1]Registre des ventes'!D13="","",'[1]Registre des ventes'!D13) -> 50 | D39: =IF(C39="","",IF(C39<90,"Payé par le client",6)) -> Payé par le client | F39: =IF(E39=Bun!$A$4,Bun!$E$4,IF(E39=Bun!$A$5,Bun!$E$5,IF(E39=Bun!$A$6,Bun!$E$6,IF(E39=Bun!$A$7,Bun!$E$7,IF(E39=Bun!$A$8,Bun!$E$8,""))))) | H39: =IF(G39=Modulable!$A$4,Modulable!$E$4,IF(G39=Modulable!$A$5,Modulable!$E$5,IF(G39=Modulable!$A$6,Modulable!$E$6,IF(G39=Modulable!$A$7,Modulable!$E$7,IF(G39=Modulable!$A$8,Modulable!$E$8,""))))) | J39: =IF(I39=Plissé!$A$4,Plissé!$E$4,IF(I39=Plissé!$A$5,Plissé!$E$5,IF(I39=Plissé!$A$6,Plissé!$E$6,IF(I39=Plissé!$A$7,Plissé!$E$7,IF(I39=Plissé!$A$8,Plissé!$E$8,""))))) | K39: Bandeau Bamako | L39: =IF(K39=Bandeau!$A$4,Bandeau!$E$4,IF(K39=Bandeau!$A$5,Bandeau!$E$5,IF(K39=Bandeau!$A$6,Bandeau!$E$6,IF(K39=Bandeau!$A$7,Bandeau!$E$7,IF(K39=Bandeau!$A$8,Bandeau!$E$8,IF(K39=Bandeau!$A$9,Bandeau!$E$9,IF(K39=Bandeau!$A$10,Bandeau!$E$10,IF(K39=Bandeau!$A$11,Bandeau!$E$11,IF(K39=Bandeau!$A$12,Bandeau!$E$12,""))))))))) -> 16.750909 | M39: =IF(C39="","",(1.5)) -> 1.5 | N39: =IF(C39="","",0.25+((1.4*C39)/100)) -> 0.95 | O39: =IF(C39="","",C39-SUM(D39,F39:F43,H39:H43,J39:J43,L39:L43,N39)) -> 14.449091 | P39: =IF(C39="","",SUM(IF(E39="",0,Bun!$I$7),IF(E40="",0,Bun!$I$7),IF(E41="",0,Bun!$I$7),IF(E42="",0,Bun!$I$7),IF(E43="",0,Bun!$I$7),IF(G40="",0,Modulable!$I$7),IF(G41="",0,Modulable!$I$7),IF(G42="",0,Modulable!$I$7),IF(G43="",0,Modulable!$I$7),IF(G39="",0,Modulable!$I$7),IF(I39="",0,Plissé!$I$7),IF(I40="",0,Plissé!$I$7),IF(I41="",0,Plissé!$I$7),IF(I42="",0,Plissé!$I$7),IF(I43="",0,Plissé!$I$7),IF(L39="",0,Bandeau!$I$7),IF(L40="",0,Bandeau!$I$7),IF(L41="",0,Bandeau!$I$7),IF(L42="",0,Bandeau!$I$7),IF(L43="",0,Bandeau!$I$7))) -> 27
F40: =IF(E40=Bun!$A$4,Bun!$E$4,IF(E40=Bun!$A$5,Bun!$E$5,IF(E40=Bun!$A$6,Bun!$E$6,IF(E40=Bun!$A$7,Bun!$E$7,IF(E40=Bun!$A$8,Bun!$E$8,""))))) | H40: =IF(G40=Modulable!$A$4,Modulable!$E$4,IF(G40=Modulable!$A$5,Modulable!$E$5,IF(G40=Modulable!$A$6,Modulable!$E$6,IF(G40=Modulable!$A$7,Modulable!$E$7,IF(G40=Modulable!$A$8,Modulable!$E$8,""))))) | J40: =IF(I40=Plissé!$A$4,Plissé!$E$4,IF(I40=Plissé!$A$5,Plissé!$E$5,IF(I40=Plissé!$A$6,Plissé!$E$6,IF(I40=Plissé!$A$7,Plissé!$E$7,IF(I40=Plissé!$A$8,Plissé!$E$8,""))))) | K40: Bandeau Archipel | L40: =IF(K40=Bandeau!$A$4,Bandeau!$E$4,IF(K40=Bandeau!$A$5,Bandeau!$E$5,IF(K40=Bandeau!$A$6,Bandeau!$E$6,IF(K40=Bandeau!$A$7,Bandeau!$E$7,IF(K40=Bandeau!$A$8,Bandeau!$E$8,IF(K40=Bandeau!$A$9,Bandeau!$E$9,IF(K40=Bandeau!$A$10,Bandeau!$E$10,IF(K40=Bandeau!$A$11,Bandeau!$E$11,IF(K40=Bandeau!$A$12,Bandeau!$E$12,""))))))))) -> 17.85 | P40: =IF(C40="","",SUM(IF(E40="",0,Bun!$I$7),IF(E41="",0,Bun!$I$7),IF(E42="",0,Bun!$I$7),IF(E43="",0,Bun!$I$7),IF(E44="",0,Bun!$I$7),IF(G41="",0,Modulable!$I$7),IF(G42="",0,Modulable!$I$7),IF(G43="",0,Modulable!$I$7),IF(G44="",0,Modulable!$I$7),IF(G40="",0,Modulable!$I$7),IF(I40="",0,Plissé!$I$7),IF(I41="",0,Plissé!$I$7),IF(I42="",0,Plissé!$I$7),IF(I43="",0,Plissé!$I$7),IF(I44="",0,Plissé!$I$7),IF(L40="",0,Bandeau!$I$7),IF(L41="",0,Bandeau!$I$7),IF(L42="",0,Bandeau!$I$7),IF(L43="",0,Bandeau!$I$7),IF(L44="",0,Bandeau!$I$7)))
F41: =IF(E41=Bun!$A$4,Bun!$E$4,IF(E41=Bun!$A$5,Bun!$E$5,IF(E41=Bun!$A$6,Bun!$E$6,IF(E41=Bun!$A$7,Bun!$E$7,IF(E41=Bun!$A$8,Bun!$E$8,""))))) | H41: =IF(G41=Modulable!$A$4,Modulable!$E$4,IF(G41=Modulable!$A$5,Modulable!$E$5,IF(G41=Modulable!$A$6,Modulable!$E$6,IF(G41=Modulable!$A$7,Modulable!$E$7,IF(G41=Modulable!$A$8,Modulable!$E$8,""))))) | J41: =IF(I41=Plissé!$A$4,Plissé!$E$4,IF(I41=Plissé!$A$5,Plissé!$E$5,IF(I41=Plissé!$A$6,Plissé!$E$6,IF(I41=Plissé!$A$7,Plissé!$E$7,IF(I41=Plissé!$A$8,Plissé!$E$8,""))))) | L41: =IF(K41=Bandeau!$A$4,Bandeau!$E$4,IF(K41=Bandeau!$A$5,Bandeau!$E$5,IF(K41=Bandeau!$A$6,Bandeau!$E$6,IF(K41=Bandeau!$A$7,Bandeau!$E$7,IF(K41=Bandeau!$A$8,Bandeau!$E$8,IF(K41=Bandeau!$A$9,Bandeau!$E$9,IF(K41=Bandeau!$A$10,Bandeau!$E$10,IF(K41=Bandeau!$A$11,Bandeau!$E$11,IF(K41=Bandeau!$A$12,Bandeau!$E$12,""))))))))) | P41: =IF(C41="","",SUM(IF(E41="",0,Bun!$I$7),IF(E42="",0,Bun!$I$7),IF(E43="",0,Bun!$I$7),IF(E44="",0,Bun!$I$7),IF(E45="",0,Bun!$I$7),IF(G42="",0,Modulable!$I$7),IF(G43="",0,Modulable!$I$7),IF(G44="",0,Modulable!$I$7),IF(G45="",0,Modulable!$I$7),IF(G41="",0,Modulable!$I$7),IF(I41="",0,Plissé!$I$7),IF(I42="",0,Plissé!$I$7),IF(I43="",0,Plissé!$I$7),IF(I44="",0,Plissé!$I$7),IF(I45="",0,Plissé!$I$7),IF(L41="",0,Bandeau!$I$7),IF(L42="",0,Bandeau!$I$7),IF(L43="",0,Bandeau!$I$7),IF(L44="",0,Bandeau!$I$7),IF(L45="",0,Bandeau!$I$7)))
F42: =IF(E42=Bun!$A$4,Bun!$E$4,IF(E42=Bun!$A$5,Bun!$E$5,IF(E42=Bun!$A$6,Bun!$E$6,IF(E42=Bun!$A$7,Bun!$E$7,IF(E42=Bun!$A$8,Bun!$E$8,""))))) | H42: =IF(G42=Modulable!$A$4,Modulable!$E$4,IF(G42=Modulable!$A$5,Modulable!$E$5,IF(G42=Modulable!$A$6,Modulable!$E$6,IF(G42=Modulable!$A$7,Modulable!$E$7,IF(G42=Modulable!$A$8,Modulable!$E$8,""))))) | J42: =IF(I42=Plissé!$A$4,Plissé!$E$4,IF(I42=Plissé!$A$5,Plissé!$E$5,IF(I42=Plissé!$A$6,Plissé!$E$6,IF(I42=Plissé!$A$7,Plissé!$E$7,IF(I42=Plissé!$A$8,Plissé!$E$8,""))))) | L42: =IF(K42=Bandeau!$A$4,Bandeau!$E$4,IF(K42=Bandeau!$A$5,Bandeau!$E$5,IF(K42=Bandeau!$A$6,Bandeau!$E$6,IF(K42=Bandeau!$A$7,Bandeau!$E$7,IF(K42=Bandeau!$A$8,Bandeau!$E$8,IF(K42=Bandeau!$A$9,Bandeau!$E$9,IF(K42=Bandeau!$A$10,Bandeau!$E$10,IF(K42=Bandeau!$A$11,Bandeau!$E$11,IF(K42=Bandeau!$A$12,Bandeau!$E$12,""))))))))) | P42: =IF(C42="","",SUM(IF(E42="",0,Bun!$I$7),IF(E43="",0,Bun!$I$7),IF(E44="",0,Bun!$I$7),IF(E45="",0,Bun!$I$7),IF(E46="",0,Bun!$I$7),IF(G43="",0,Modulable!$I$7),IF(G44="",0,Modulable!$I$7),IF(G45="",0,Modulable!$I$7),IF(G46="",0,Modulable!$I$7),IF(G42="",0,Modulable!$I$7),IF(I42="",0,Plissé!$I$7),IF(I43="",0,Plissé!$I$7),IF(I44="",0,Plissé!$I$7),IF(I45="",0,Plissé!$I$7),IF(I46="",0,Plissé!$I$7),IF(L42="",0,Bandeau!$I$7),IF(L43="",0,Bandeau!$I$7),IF(L44="",0,Bandeau!$I$7),IF(L45="",0,Bandeau!$I$7),IF(L46="",0,Bandeau!$I$7)))
F43: =IF(E43=Bun!$A$4,Bun!$E$4,IF(E43=Bun!$A$5,Bun!$E$5,IF(E43=Bun!$A$6,Bun!$E$6,IF(E43=Bun!$A$7,Bun!$E$7,IF(E43=Bun!$A$8,Bun!$E$8,""))))) | H43: =IF(G43=Modulable!$A$4,Modulable!$E$4,IF(G43=Modulable!$A$5,Modulable!$E$5,IF(G43=Modulable!$A$6,Modulable!$E$6,IF(G43=Modulable!$A$7,Modulable!$E$7,IF(G43=Modulable!$A$8,Modulable!$E$8,""))))) | J43: =IF(I43=Plissé!$A$4,Plissé!$E$4,IF(I43=Plissé!$A$5,Plissé!$E$5,IF(I43=Plissé!$A$6,Plissé!$E$6,IF(I43=Plissé!$A$7,Plissé!$E$7,IF(I43=Plissé!$A$8,Plissé!$E$8,""))))) | L43: =IF(K43=Bandeau!$A$4,Bandeau!$E$4,IF(K43=Bandeau!$A$5,Bandeau!$E$5,IF(K43=Bandeau!$A$6,Bandeau!$E$6,IF(K43=Bandeau!$A$7,Bandeau!$E$7,IF(K43=Bandeau!$A$8,Bandeau!$E$8,IF(K43=Bandeau!$A$9,Bandeau!$E$9,IF(K43=Bandeau!$A$10,Bandeau!$E$10,IF(K43=Bandeau!$A$11,Bandeau!$E$11,IF(K43=Bandeau!$A$12,Bandeau!$E$12,""))))))))) | P43: =IF(C43="","",SUM(IF(E43="",0,Bun!$I$7),IF(E44="",0,Bun!$I$7),IF(E45="",0,Bun!$I$7),IF(E46="",0,Bun!$I$7),IF(E47="",0,Bun!$I$7),IF(G44="",0,Modulable!$I$7),IF(G45="",0,Modulable!$I$7),IF(G46="",0,Modulable!$I$7),IF(G47="",0,Modulable!$I$7),IF(G43="",0,Modulable!$I$7),IF(I43="",0,Plissé!$I$7),IF(I44="",0,Plissé!$I$7),IF(I45="",0,Plissé!$I$7),IF(I46="",0,Plissé!$I$7),IF(I47="",0,Plissé!$I$7),IF(L43="",0,Bandeau!$I$7),IF(L44="",0,Bandeau!$I$7),IF(L45="",0,Bandeau!$I$7),IF(L46="",0,Bandeau!$I$7),IF(L47="",0,Bandeau!$I$7)))
A44: =IF('[1]Registre des ventes'!B14="","",'[1]Registre des ventes'!B14) -> 42873 | B44: =IF('[1]Registre des ventes'!C14="","",'[1]Registre des ventes'!C14) -> 10009 | C44: =IF('[1]Registre des ventes'!D14="","",'[1]Registre des ventes'!D14) -> 50 | D44: =IF(C44="","",IF(C44<90,"Payé par le client",6)) -> Payé par le client | F44: =IF(E44=Bun!$A$4,Bun!$E$4,IF(E44=Bun!$A$5,Bun!$E$5,IF(E44=Bun!$A$6,Bun!$E$6,IF(E44=Bun!$A$7,Bun!$E$7,IF(E44=Bun!$A$8,Bun!$E$8,""))))) | H44: =IF(G44=Modulable!$A$4,Modulable!$E$4,IF(G44=Modulable!$A$5,Modulable!$E$5,IF(G44=Modulable!$A$6,Modulable!$E$6,IF(G44=Modulable!$A$7,Modulable!$E$7,IF(G44=Modulable!$A$8,Modulable!$E$8,""))))) | J44: =IF(I44=Plissé!$A$4,Plissé!$E$4,IF(I44=Plissé!$A$5,Plissé!$E$5,IF(I44=Plissé!$A$6,Plissé!$E$6,IF(I44=Plissé!$A$7,Plissé!$E$7,IF(I44=Plissé!$A$8,Plissé!$E$8,""))))) | K44: Bandeau Nairobi | L44: =IF(K44=Bandeau!$A$4,Bandeau!$E$4,IF(K44=Bandeau!$A$5,Bandeau!$E$5,IF(K44=Bandeau!$A$6,Bandeau!$E$6,IF(K44=Bandeau!$A$7,Bandeau!$E$7,IF(K44=Bandeau!$A$8,Bandeau!$E$8,IF(K44=Bandeau!$A$9,Bandeau!$E$9,IF(K44=Bandeau!$A$10,Bandeau!$E$10,IF(K44=Bandeau!$A$11,Bandeau!$E$11,IF(K44=Bandeau!$A$12,Bandeau!$E$12,""))))))))) -> 16.750909 | M44: =IF(C44="","",(1.5)) -> 1.5 | N44: =IF(C44="","",0.25+((1.4*C44)/100)) -> 0.95 | O44: =IF(C44="","",C44-SUM(D44,F44:F48,H44:H48,J44:J48,L44:L48,N44)) -> 14.611818 | P44: =IF(C44="","",SUM(IF(E44="",0,Bun!$I$7),IF(E45="",0,Bun!$I$7),IF(E46="",0,Bun!$I$7),IF(E47="",0,Bun!$I$7),IF(E48="",0,Bun!$I$7),IF(G45="",0,Modulable!$I$7),IF(G46="",0,Modulable!$I$7),IF(G47="",0,Modulable!$I$7),IF(G48="",0,Modulable!$I$7),IF(G44="",0,Modulable!$I$7),IF(I44="",0,Plissé!$I$7),IF(I45="",0,Plissé!$I$7),IF(I46="",0,Plissé!$I$7),IF(I47="",0,Plissé!$I$7),IF(I48="",0,Plissé!$I$7),IF(L44="",0,Bandeau!$I$7),IF(L45="",0,Bandeau!$I$7),IF(L46="",0,Bandeau!$I$7),IF(L47="",0,Bandeau!$I$7),IF(L48="",0,Bandeau!$I$7))) -> 27
F45: =IF(E45=Bun!$A$4,Bun!$E$4,IF(E45=Bun!$A$5,Bun!$E$5,IF(E45=Bun!$A$6,Bun!$E$6,IF(E45=Bun!$A$7,Bun!$E$7,IF(E45=Bun!$A$8,Bun!$E$8,""))))) | H45: =IF(G45=Modulable!$A$4,Modulable!$E$4,IF(G45=Modulable!$A$5,Modulable!$E$5,IF(G45=Modulable!$A$6,Modulable!$E$6,IF(G45=Modulable!$A$7,Modulable!$E$7,IF(G45=Modulable!$A$8,Modulable!$E$8,""))))) | J45: =IF(I45=Plissé!$A$4,Plissé!$E$4,IF(I45=Plissé!$A$5,Plissé!$E$5,IF(I45=Plissé!$A$6,Plissé!$E$6,IF(I45=Plissé!$A$7,Plissé!$E$7,IF(I45=Plissé!$A$8,Plissé!$E$8,""))))) | K45: Bandeau Cherry | L45: =IF(K45=Bandeau!$A$4,Bandeau!$E$4,IF(K45=Bandeau!$A$5,Bandeau!$E$5,IF(K45=Bandeau!$A$6,Bandeau!$E$6,IF(K45=Bandeau!$A$7,Bandeau!$E$7,IF(K45=Bandeau!$A$8,Bandeau!$E$8,IF(K45=Bandeau!$A$9,Bandeau!$E$9,IF(K45=Bandeau!$A$10,Bandeau!$E$10,IF(K45=Bandeau!$A$11,Bandeau!$E$11,IF(K45=Bandeau!$A$12,Bandeau!$E$12,""))))))))) -> 17.687273 | P45: =IF(C45="","",SUM(IF(E45="",0,Bun!$I$7),IF(E46="",0,Bun!$I$7),IF(E47="",0,Bun!$I$7),IF(E48="",0,Bun!$I$7),IF(E49="",0,Bun!$I$7),IF(G46="",0,Modulable!$I$7),IF(G47="",0,Modulable!$I$7),IF(G48="",0,Modulable!$I$7),IF(G49="",0,Modulable!$I$7),IF(G45="",0,Modulable!$I$7),IF(I45="",0,Plissé!$I$7),IF(I46="",0,Plissé!$I$7),IF(I47="",0,Plissé!$I$7),IF(I48="",0,Plissé!$I$7),IF(I49="",0,Plissé!$I$7),IF(L45="",0,Bandeau!$I$7),IF(L46="",0,Bandeau!$I$7),IF(L47="",0,Bandeau!$I$7),IF(L48="",0,Bandeau!$I$7),IF(L49="",0,Bandeau!$I$7)))
F46: =IF(E46=Bun!$A$4,Bun!$E$4,IF(E46=Bun!$A$5,Bun!$E$5,IF(E46=Bun!$A$6,Bun!$E$6,IF(E46=Bun!$A$7,Bun!$E$7,IF(E46=Bun!$A$8,Bun!$E$8,""))))) | H46: =IF(G46=Modulable!$A$4,Modulable!$E$4,IF(G46=Modulable!$A$5,Modulable!$E$5,IF(G46=Modulable!$A$6,Modulable!$E$6,IF(G46=Modulable!$A$7,Modulable!$E$7,IF(G46=Modulable!$A$8,Modulable!$E$8,""))))) | J46: =IF(I46=Plissé!$A$4,Plissé!$E$4,IF(I46=Plissé!$A$5,Plissé!$E$5,IF(I46=Plissé!$A$6,Plissé!$E$6,IF(I46=Plissé!$A$7,Plissé!$E$7,IF(I46=Plissé!$A$8,Plissé!$E$8,""))))) | L46: =IF(K46=Bandeau!$A$4,Bandeau!$E$4,IF(K46=Bandeau!$A$5,Bandeau!$E$5,IF(K46=Bandeau!$A$6,Bandeau!$E$6,IF(K46=Bandeau!$A$7,Bandeau!$E$7,IF(K46=Bandeau!$A$8,Bandeau!$E$8,IF(K46=Bandeau!$A$9,Bandeau!$E$9,IF(K46=Bandeau!$A$10,Bandeau!$E$10,IF(K46=Bandeau!$A$11,Bandeau!$E$11,IF(K46=Bandeau!$A$12,Bandeau!$E$12,""))))))))) | P46: =IF(C46="","",SUM(IF(E46="",0,Bun!$I$7),IF(E47="",0,Bun!$I$7),IF(E48="",0,Bun!$I$7),IF(E49="",0,Bun!$I$7),IF(E50="",0,Bun!$I$7),IF(G47="",0,Modulable!$I$7),IF(G48="",0,Modulable!$I$7),IF(G49="",0,Modulable!$I$7),IF(G50="",0,Modulable!$I$7),IF(G46="",0,Modulable!$I$7),IF(I46="",0,Plissé!$I$7),IF(I47="",0,Plissé!$I$7),IF(I48="",0,Plissé!$I$7),IF(I49="",0,Plissé!$I$7),IF(I50="",0,Plissé!$I$7),IF(L46="",0,Bandeau!$I$7),IF(L47="",0,Bandeau!$I$7),IF(L48="",0,Bandeau!$I$7),IF(L49="",0,Bandeau!$I$7),IF(L50="",0,Bandeau!$I$7)))
F47: =IF(E47=Bun!$A$4,Bun!$E$4,IF(E47=Bun!$A$5,Bun!$E$5,IF(E47=Bun!$A$6,Bun!$E$6,IF(E47=Bun!$A$7,Bun!$E$7,IF(E47=Bun!$A$8,Bun!$E$8,""))))) | H47: =IF(G47=Modulable!$A$4,Modulable!$E$4,IF(G47=Modulable!$A$5,Modulable!$E$5,IF(G47=Modulable!$A$6,Modulable!$E$6,IF(G47=Modulable!$A$7,Modulable!$E$7,IF(G47=Modulable!$A$8,Modulable!$E$8,""))))) | J47: =IF(I47=Plissé!$A$4,Plissé!$E$4,IF(I47=Plissé!$A$5,Plissé!$E$5,IF(I47=Plissé!$A$6,Plissé!$E$6,IF(I47=Plissé!$A$7,Plissé!$E$7,IF(I47=Plissé!$A$8,Plissé!$E$8,""))))) | L47: =IF(K47=Bandeau!$A$4,Bandeau!$E$4,IF(K47=Bandeau!$A$5,Bandeau!$E$5,IF(K47=Bandeau!$A$6,Bandeau!$E$6,IF(K47=Bandeau!$A$7,Bandeau!$E$7,IF(K47=Bandeau!$A$8,Bandeau!$E$8,IF(K47=Bandeau!$A$9,Bandeau!$E$9,IF(K47=Bandeau!$A$10,Bandeau!$E$10,IF(K47=Bandeau!$A$11,Bandeau!$E$11,IF(K47=Bandeau!$A$12,Bandeau!$E$12,""))))))))) | P47: =IF(C47="","",SUM(IF(E47="",0,Bun!$I$7),IF(E48="",0,Bun!$I$7),IF(E49="",0,Bun!$I$7),IF(E50="",0,Bun!$I$7),IF(E51="",0,Bun!$I$7),IF(G48="",0,Modulable!$I$7),IF(G49="",0,Modulable!$I$7),IF(G50="",0,Modulable!$I$7),IF(G51="",0,Modulable!$I$7),IF(G47="",0,Modulable!$I$7),IF(I47="",0,Plissé!$I$7),IF(I48="",0,Plissé!$I$7),IF(I49="",0,Plissé!$I$7),IF(I50="",0,Plissé!$I$7),IF(I51="",0,Plissé!$I$7),IF(L47="",0,Bandeau!$I$7),IF(L48="",0,Bandeau!$I$7),IF(L49="",0,Bandeau!$I$7),IF(L50="",0,Bandeau!$I$7),IF(L51="",0,Bandeau!$I$7)))
F48: =IF(E48=Bun!$A$4,Bun!$E$4,IF(E48=Bun!$A$5,Bun!$E$5,IF(E48=Bun!$A$6,Bun!$E$6,IF(E48=Bun!$A$7,Bun!$E$7,IF(E48=Bun!$A$8,Bun!$E$8,""))))) | H48: =IF(G48=Modulable!$A$4,Modulable!$E$4,IF(G48=Modulable!$A$5,Modulable!$E$5,IF(G48=Modulable!$A$6,Modulable!$E$6,IF(G48=Modulable!$A$7,Modulable!$E$7,IF(G48=Modulable!$A$8,Modulable!$E$8,""))))) | J48: =IF(I48=Plissé!$A$4,Plissé!$E$4,IF(I48=Plissé!$A$5,Plissé!$E$5,IF(I48=Plissé!$A$6,Plissé!$E$6,IF(I48=Plissé!$A$7,Plissé!$E$7,IF(I48=Plissé!$A$8,Plissé!$E$8,""))))) | L48: =IF(K48=Bandeau!$A$4,Bandeau!$E$4,IF(K48=Bandeau!$A$5,Bandeau!$E$5,IF(K48=Bandeau!$A$6,Bandeau!$E$6,IF(K48=Bandeau!$A$7,Bandeau!$E$7,IF(K48=Bandeau!$A$8,Bandeau!$E$8,IF(K48=Bandeau!$A$9,Bandeau!$E$9,IF(K48=Bandeau!$A$10,Bandeau!$E$10,IF(K48=Bandeau!$A$11,Bandeau!$E$11,IF(K48=Bandeau!$A$12,Bandeau!$E$12,""))))))))) | P48: =IF(C48="","",SUM(IF(E48="",0,Bun!$I$7),IF(E49="",0,Bun!$I$7),IF(E50="",0,Bun!$I$7),IF(E51="",0,Bun!$I$7),IF(E52="",0,Bun!$I$7),IF(G49="",0,Modulable!$I$7),IF(G50="",0,Modulable!$I$7),IF(G51="",0,Modulable!$I$7),IF(G52="",0,Modulable!$I$7),IF(G48="",0,Modulable!$I$7),IF(I48="",0,Plissé!$I$7),IF(I49="",0,Plissé!$I$7),IF(I50="",0,Plissé!$I$7),IF(I51="",0,Plissé!$I$7),IF(I52="",0,Plissé!$I$7),IF(L48="",0,Bandeau!$I$7),IF(L49="",0,Bandeau!$I$7),IF(L50="",0,Bandeau!$I$7),IF(L51="",0,Bandeau!$I$7),IF(L52="",0,Bandeau!$I$7)))
A49: =IF('[1]Registre des ventes'!B15="","",'[1]Registre des ventes'!B15) -> 42873 | B49: =IF('[1]Registre des ventes'!C15="","",'[1]Registre des ventes'!C15) -> 10010 | C49: =IF('[1]Registre des ventes'!D15="","",'[1]Registre des ventes'!D15) -> 24 | D49: =IF(C49="","",IF(C49<90,"Payé par le client",6)) -> Payé par le client | F49: =IF(E49=Bun!$A$4,Bun!$E$4,IF(E49=Bun!$A$5,Bun!$E$5,IF(E49=Bun!$A$6,Bun!$E$6,IF(E49=Bun!$A$7,Bun!$E$7,IF(E49=Bun!$A$8,Bun!$E$8,""))))) | H49: =IF(G49=Modulable!$A$4,Modulable!$E$4,IF(G49=Modulable!$A$5,Modulable!$E$5,IF(G49=Modulable!$A$6,Modulable!$E$6,IF(G49=Modulable!$A$7,Modulable!$E$7,IF(G49=Modulable!$A$8,Modulable!$E$8,""))))) | J49: =IF(I49=Plissé!$A$4,Plissé!$E$4,IF(I49=Plissé!$A$5,Plissé!$E$5,IF(I49=Plissé!$A$6,Plissé!$E$6,IF(I49=Plissé!$A$7,Plissé!$E$7,IF(I49=Plissé!$A$8,Plissé!$E$8,""))))) | K49: Bandeau Lagon | L49: =IF(K49=Bandeau!$A$4,Bandeau!$E$4,IF(K49=Bandeau!$A$5,Bandeau!$E$5,IF(K49=Bandeau!$A$6,Bandeau!$E$6,IF(K49=Bandeau!$A$7,Bandeau!$E$7,IF(K49=Bandeau!$A$8,Bandeau!$E$8,IF(K49=Bandeau!$A$9,Bandeau!$E$9,IF(K49=Bandeau!$A$10,Bandeau!$E$10,IF(K49=Bandeau!$A$11,Bandeau!$E$11,IF(K49=Bandeau!$A$12,Bandeau!$E$12,""))))))))) -> 16.67875 | M49: =IF(C49="","",(1.5)) -> 1.5 | N49: =IF(C49="","",0.25+((1.4*C49)/100)) -> 0.586 | O49: =IF(C49="","",C49-SUM(D49,F49:F53,H49:H53,J49:J53,L49:L53,N49)) -> 6.73525 | P49: =IF(C49="","",SUM(IF(E49="",0,Bun!$I$7),IF(E50="",0,Bun!$I$7),IF(E51="",0,Bun!$I$7),IF(E52="",0,Bun!$I$7),IF(E53="",0,Bun!$I$7),IF(G50="",0,Modulable!$I$7),IF(G51="",0,Modulable!$I$7),IF(G52="",0,Modulable!$I$7),IF(G53="",0,Modulable!$I$7),IF(G49="",0,Modulable!$I$7),IF(I49="",0,Plissé!$I$7),IF(I50="",0,Plissé!$I$7),IF(I51="",0,Plissé!$I$7),IF(I52="",0,Plissé!$I$7),IF(I53="",0,Plissé!$I$7),IF(L49="",0,Bandeau!$I$7),IF(L50="",0,Bandeau!$I$7),IF(L51="",0,Bandeau!$I$7),IF(L52="",0,Bandeau!$I$7),IF(L53="",0,Bandeau!$I$7))) -> 13.5
F50: =IF(E50=Bun!$A$4,Bun!$E$4,IF(E50=Bun!$A$5,Bun!$E$5,IF(E50=Bun!$A$6,Bun!$E$6,IF(E50=Bun!$A$7,Bun!$E$7,IF(E50=Bun!$A$8,Bun!$E$8,""))))) | H50: =IF(G50=Modulable!$A$4,Modulable!$E$4,IF(G50=Modulable!$A$5,Modulable!$E$5,IF(G50=Modulable!$A$6,Modulable!$E$6,IF(G50=Modulable!$A$7,Modulable!$E$7,IF(G50=Modulable!$A$8,Modulable!$E$8,""))))) | J50: =IF(I50=Plissé!$A$4,Plissé!$E$4,IF(I50=Plissé!$A$5,Plissé!$E$5,IF(I50=Plissé!$A$6,Plissé!$E$6,IF(I50=Plissé!$A$7,Plissé!$E$7,IF(I50=Plissé!$A$8,Plissé!$E$8,""))))) | L50: =IF(K50=Bandeau!$A$4,Bandeau!$E$4,IF(K50=Bandeau!$A$5,Bandeau!$E$5,IF(K50=Bandeau!$A$6,Bandeau!$E$6,IF(K50=Bandeau!$A$7,Bandeau!$E$7,IF(K50=Bandeau!$A$8,Bandeau!$E$8,IF(K50=Bandeau!$A$9,Bandeau!$E$9,IF(K50=Bandeau!$A$10,Bandeau!$E$10,IF(K50=Bandeau!$A$11,Bandeau!$E$11,IF(K50=Bandeau!$A$12,Bandeau!$E$12,""))))))))) | P50: =IF(C50="","",SUM(IF(E50="",0,Bun!$I$7),IF(E51="",0,Bun!$I$7),IF(E52="",0,Bun!$I$7),IF(E53="",0,Bun!$I$7),IF(E54="",0,Bun!$I$7),IF(G51="",0,Modulable!$I$7),IF(G52="",0,Modulable!$I$7),IF(G53="",0,Modulable!$I$7),IF(G54="",0,Modulable!$I$7),IF(G50="",0,Modulable!$I$7),IF(I50="",0,Plissé!$I$7),IF(I51="",0,Plissé!$I$7),IF(I52="",0,Plissé!$I$7),IF(I53="",0,Plissé!$I$7),IF(I54="",0,Plissé!$I$7),IF(L50="",0,Bandeau!$I$7),IF(L51="",0,Bandeau!$I$7),IF(L52="",0,Bandeau!$I$7),IF(L53="",0,Bandeau!$I$7),IF(L54="",0,Bandeau!$I$7)))
F51: =IF(E51=Bun!$A$4,Bun!$E$4,IF(E51=Bun!$A$5,Bun!$E$5,IF(E51=Bun!$A$6,Bun!$E$6,IF(E51=Bun!$A$7,Bun!$E$7,IF(E51=Bun!$A$8,Bun!$E$8,""))))) | H51: =IF(G51=Modulable!$A$4,Modulable!$E$4,IF(G51=Modulable!$A$5,Modulable!$E$5,IF(G51=Modulable!$A$6,Modulable!$E$6,IF(G51=Modulable!$A$7,Modulable!$E$7,IF(G51=Modulable!$A$8,Modulable!$E$8,""))))) | J51: =IF(I51=Plissé!$A$4,Plissé!$E$4,IF(I51=Plissé!$A$5,Plissé!$E$5,IF(I51=Plissé!$A$6,Plissé!$E$6,IF(I51=Plissé!$A$7,Plissé!$E$7,IF(I51=Plissé!$A$8,Plissé!$E$8,""))))) | L51: =IF(K51=Bandeau!$A$4,Bandeau!$E$4,IF(K51=Bandeau!$A$5,Bandeau!$E$5,IF(K51=Bandeau!$A$6,Bandeau!$E$6,IF(K51=Bandeau!$A$7,Bandeau!$E$7,IF(K51=Bandeau!$A$8,Bandeau!$E$8,IF(K51=Bandeau!$A$9,Bandeau!$E$9,IF(K51=Bandeau!$A$10,Bandeau!$E$10,IF(K51=Bandeau!$A$11,Bandeau!$E$11,IF(K51=Bandeau!$A$12,Bandeau!$E$12,""))))))))) | P51: =IF(C51="","",SUM(IF(E51="",0,Bun!$I$7),IF(E52="",0,Bun!$I$7),IF(E53="",0,Bun!$I$7),IF(E54="",0,Bun!$I$7),IF(E55="",0,Bun!$I$7),IF(G52="",0,Modulable!$I$7),IF(G53="",0,Modulable!$I$7),IF(G54="",0,Modulable!$I$7),IF(G55="",0,Modulable!$I$7),IF(G51="",0,Modulable!$I$7),IF(I51="",0,Plissé!$I$7),IF(I52="",0,Plissé!$I$7),IF(I53="",0,Plissé!$I$7),IF(I54="",0,Plissé!$I$7),IF(I55="",0,Plissé!$I$7),IF(L51="",0,Bandeau!$I$7),IF(L52="",0,Bandeau!$I$7),IF(L53="",0,Bandeau!$I$7),IF(L54="",0,Bandeau!$I$7),IF(L55="",0,Bandeau!$I$7)))
F52: =IF(E52=Bun!$A$4,Bun!$E$4,IF(E52=Bun!$A$5,Bun!$E$5,IF(E52=Bun!$A$6,Bun!$E$6,IF(E52=Bun!$A$7,Bun!$E$7,IF(E52=Bun!$A$8,Bun!$E$8,""))))) | H52: =IF(G52=Modulable!$A$4,Modulable!$E$4,IF(G52=Modulable!$A$5,Modulable!$E$5,IF(G52=Modulable!$A$6,Modulable!$E$6,IF(G52=Modulable!$A$7,Modulable!$E$7,IF(G52=Modulable!$A$8,Modulable!$E$8,""))))) | J52: =IF(I52=Plissé!$A$4,Plissé!$E$4,IF(I52=Plissé!$A$5,Plissé!$E$5,IF(I52=Plissé!$A$6,Plissé!$E$6,IF(I52=Plissé!$A$7,Plissé!$E$7,IF(I52=Plissé!$A$8,Plissé!$E$8,""))))) | L52: =IF(K52=Bandeau!$A$4,Bandeau!$E$4,IF(K52=Bandeau!$A$5,Bandeau!$E$5,IF(K52=Bandeau!$A$6,Bandeau!$E$6,IF(K52=Bandeau!$A$7,Bandeau!$E$7,IF(K52=Bandeau!$A$8,Bandeau!$E$8,IF(K52=Bandeau!$A$9,Bandeau!$E$9,IF(K52=Bandeau!$A$10,Bandeau!$E$10,IF(K52=Bandeau!$A$11,Bandeau!$E$11,IF(K52=Bandeau!$A$12,Bandeau!$E$12,""))))))))) | P52: =IF(C52="","",SUM(IF(E52="",0,Bun!$I$7),IF(E53="",0,Bun!$I$7),IF(E54="",0,Bun!$I$7),IF(E55="",0,Bun!$I$7),IF(E56="",0,Bun!$I$7),IF(G53="",0,Modulable!$I$7),IF(G54="",0,Modulable!$I$7),IF(G55="",0,Modulable!$I$7),IF(G56="",0,Modulable!$I$7),IF(G52="",0,Modulable!$I$7),IF(I52="",0,Plissé!$I$7),IF(I53="",0,Plissé!$I$7),IF(I54="",0,Plissé!$I$7),IF(I55="",0,Plissé!$I$7),IF(I56="",0,Plissé!$I$7),IF(L52="",0,Bandeau!$I$7),IF(L53="",0,Bandeau!$I$7),IF(L54="",0,Bandeau!$I$7),IF(L55="",0,Bandeau!$I$7),IF(L56="",0,Bandeau!$I$7)))
F53: =IF(E53=Bun!$A$4,Bun!$E$4,IF(E53=Bun!$A$5,Bun!$E$5,IF(E53=Bun!$A$6,Bun!$E$6,IF(E53=Bun!$A$7,Bun!$E$7,IF(E53=Bun!$A$8,Bun!$E$8,""))))) | H53: =IF(G53=Modulable!$A$4,Modulable!$E$4,IF(G53=Modulable!$A$5,Modulable!$E$5,IF(G53=Modulable!$A$6,Modulable!$E$6,IF(G53=Modulable!$A$7,Modulable!$E$7,IF(G53=Modulable!$A$8,Modulable!$E$8,""))))) | J53: =IF(I53=Plissé!$A$4,Plissé!$E$4,IF(I53=Plissé!$A$5,Plissé!$E$5,IF(I53=Plissé!$A$6,Plissé!$E$6,IF(I53=Plissé!$A$7,Plissé!$E$7,IF(I53=Plissé!$A$8,Plissé!$E$8,""))))) | L53: =IF(K53=Bandeau!$A$4,Bandeau!$E$4,IF(K53=Bandeau!$A$5,Bandeau!$E$5,IF(K53=Bandeau!$A$6,Bandeau!$E$6,IF(K53=Bandeau!$A$7,Bandeau!$E$7,IF(K53=Bandeau!$A$8,Bandeau!$E$8,IF(K53=Bandeau!$A$9,Bandeau!$E$9,IF(K53=Bandeau!$A$10,Bandeau!$E$10,IF(K53=Bandeau!$A$11,Bandeau!$E$11,IF(K53=Bandeau!$A$12,Bandeau!$E$12,""))))))))) | P53: =IF(C53="","",SUM(IF(E53="",0,Bun!$I$7),IF(E54="",0,Bun!$I$7),IF(E55="",0,Bun!$I$7),IF(E56="",0,Bun!$I$7),IF(E57="",0,Bun!$I$7),IF(G54="",0,Modulable!$I$7),IF(G55="",0,Modulable!$I$7),IF(G56="",0,Modulable!$I$7),IF(G57="",0,Modulable!$I$7),IF(G53="",0,Modulable!$I$7),IF(I53="",0,Plissé!$I$7),IF(I54="",0,Plissé!$I$7),IF(I55="",0,Plissé!$I$7),IF(I56="",0,Plissé!$I$7),IF(I57="",0,Plissé!$I$7),IF(L53="",0,Bandeau!$I$7),IF(L54="",0,Bandeau!$I$7),IF(L55="",0,Bandeau!$I$7),IF(L56="",0,Bandeau!$I$7),IF(L57="",0,Bandeau!$I$7)))
A54: =IF('[1]Registre des ventes'!B16="","",'[1]Registre des ventes'!B16) -> 42873 | B54: =IF('[1]Registre des ventes'!C16="","",'[1]Registre des ventes'!C16) -> 10011 | C54: =IF('[1]Registre des ventes'!D16="","",'[1]Registre des ventes'!D16) -> 68 | D54: =IF(C54="","",IF(C54<90,"Payé par le client",6)) -> Payé par le client | E54: Bun Bamako | F54: =IF(E54=Bun!$A$4,Bun!$E$4,IF(E54=Bun!$A$5,Bun!$E$5,IF(E54=Bun!$A$6,Bun!$E$6,IF(E54=Bun!$A$7,Bun!$E$7,IF(E54=Bun!$A$8,Bun!$E$8,""))))) -> 24.74 | H54: =IF(G54=Modulable!$A$4,Modulable!$E$4,IF(G54=Modulable!$A$5,Modulable!$E$5,IF(G54=Modulable!$A$6,Modulable!$E$6,IF(G54=Modulable!$A$7,Modulable!$E$7,IF(G54=Modulable!$A$8,Modulable!$E$8,""))))) | J54: =IF(I54=Plissé!$A$4,Plissé!$E$4,IF(I54=Plissé!$A$5,Plissé!$E$5,IF(I54=Plissé!$A$6,Plissé!$E$6,IF(I54=Plissé!$A$7,Plissé!$E$7,IF(I54=Plissé!$A$8,Plissé!$E$8,""))))) | K54: Bandeau Lagos | L54: =IF(K54=Bandeau!$A$4,Bandeau!$E$4,IF(K54=Bandeau!$A$5,Bandeau!$E$5,IF(K54=Bandeau!$A$6,Bandeau!$E$6,IF(K54=Bandeau!$A$7,Bandeau!$E$7,IF(K54=Bandeau!$A$8,Bandeau!$E$8,IF(K54=Bandeau!$A$9,Bandeau!$E$9,IF(K54=Bandeau!$A$10,Bandeau!$E$10,IF(K54=Bandeau!$A$11,Bandeau!$E$11,IF(K54=Bandeau!$A$12,Bandeau!$E$12,""))))))))) -> 16.750909 | M54: =IF(C54="","",(1.5)) -> 1.5 | N54: =IF(C54="","",0.25+((1.4*C54)/100)) -> 1.202 | O54: =IF(C54="","",C54-SUM(D54,F54:F58,H54:H58,J54:J58,L54:L58,N54)) -> 25.307091 | P54: =IF(C54="","",SUM(IF(E54="",0,Bun!$I$7),IF(E55="",0,Bun!$I$7),IF(E56="",0,Bun!$I$7),IF(E57="",0,Bun!$I$7),IF(E58="",0,Bun!$I$7),IF(G55="",0,Modulable!$I$7),IF(G56="",0,Modulable!$I$7),IF(G57="",0,Modulable!$I$7),IF(G58="",0,Modulable!$I$7),IF(G54="",0,Modulable!$I$7),IF(I54="",0,Plissé!$I$7),IF(I55="",0,Plissé!$I$7),IF(I56="",0,Plissé!$I$7),IF(I57="",0,Plissé!$I$7),IF(I58="",0,Plissé!$I$7),IF(L54="",0,Bandeau!$I$7),IF(L55="",0,Bandeau!$I$7),IF(L56="",0,Bandeau!$I$7),IF(L57="",0,Bandeau!$I$7),IF(L58="",0,Bandeau!$I$7))) -> 31.5
F55: =IF(E55=Bun!$A$4,Bun!$E$4,IF(E55=Bun!$A$5,Bun!$E$5,IF(E55=Bun!$A$6,Bun!$E$6,IF(E55=Bun!$A$7,Bun!$E$7,IF(E55=Bun!$A$8,Bun!$E$8,""))))) | H55: =IF(G55=Modulable!$A$4,Modulable!$E$4,IF(G55=Modulable!$A$5,Modulable!$E$5,IF(G55=Modulable!$A$6,Modulable!$E$6,IF(G55=Modulable!$A$7,Modulable!$E$7,IF(G55=Modulable!$A$8,Modulable!$E$8,""))))) | J55: =IF(I55=Plissé!$A$4,Plissé!$E$4,IF(I55=Plissé!$A$5,Plissé!$E$5,IF(I55=Plissé!$A$6,Plissé!$E$6,IF(I55=Plissé!$A$7,Plissé!$E$7,IF(I55=Plissé!$A$8,Plissé!$E$8,""))))) | L55: =IF(K55=Bandeau!$A$4,Bandeau!$E$4,IF(K55=Bandeau!$A$5,Bandeau!$E$5,IF(K55=Bandeau!$A$6,Bandeau!$E$6,IF(K55=Bandeau!$A$7,Bandeau!$E$7,IF(K55=Bandeau!$A$8,Bandeau!$E$8,IF(K55=Bandeau!$A$9,Bandeau!$E$9,IF(K55=Bandeau!$A$10,Bandeau!$E$10,IF(K55=Bandeau!$A$11,Bandeau!$E$11,IF(K55=Bandeau!$A$12,Bandeau!$E$12,""))))))))) | P55: =IF(C55="","",SUM(IF(E55="",0,Bun!$I$7),IF(E56="",0,Bun!$I$7),IF(E57="",0,Bun!$I$7),IF(E58="",0,Bun!$I$7),IF(E59="",0,Bun!$I$7),IF(G56="",0,Modulable!$I$7),IF(G57="",0,Modulable!$I$7),IF(G58="",0,Modulable!$I$7),IF(G59="",0,Modulable!$I$7),IF(G55="",0,Modulable!$I$7),IF(I55="",0,Plissé!$I$7),IF(I56="",0,Plissé!$I$7),IF(I57="",0,Plissé!$I$7),IF(I58="",0,Plissé!$I$7),IF(I59="",0,Plissé!$I$7),IF(L55="",0,Bandeau!$I$7),IF(L56="",0,Bandeau!$I$7),IF(L57="",0,Bandeau!$I$7),IF(L58="",0,Bandeau!$I$7),IF(L59="",0,Bandeau!$I$7)))
F56: =IF(E56=Bun!$A$4,Bun!$E$4,IF(E56=Bun!$A$5,Bun!$E$5,IF(E56=Bun!$A$6,Bun!$E$6,IF(E56=Bun!$A$7,Bun!$E$7,IF(E56=Bun!$A$8,Bun!$E$8,""))))) | H56: =IF(G56=Modulable!$A$4,Modulable!$E$4,IF(G56=Modulable!$A$5,Modulable!$E$5,IF(G56=Modulable!$A$6,Modulable!$E$6,IF(G56=Modulable!$A$7,Modulable!$E$7,IF(G56=Modulable!$A$8,Modulable!$E$8,""))))) | J56: =IF(I56=Plissé!$A$4,Plissé!$E$4,IF(I56=Plissé!$A$5,Plissé!$E$5,IF(I56=Plissé!$A$6,Plissé!$E$6,IF(I56=Plissé!$A$7,Plissé!$E$7,IF(I56=Plissé!$A$8,Plissé!$E$8,""))))) | L56: =IF(K56=Bandeau!$A$4,Bandeau!$E$4,IF(K56=Bandeau!$A$5,Bandeau!$E$5,IF(K56=Bandeau!$A$6,Bandeau!$E$6,IF(K56=Bandeau!$A$7,Bandeau!$E$7,IF(K56=Bandeau!$A$8,Bandeau!$E$8,IF(K56=Bandeau!$A$9,Bandeau!$E$9,IF(K56=Bandeau!$A$10,Bandeau!$E$10,IF(K56=Bandeau!$A$11,Bandeau!$E$11,IF(K56=Bandeau!$A$12,Bandeau!$E$12,""))))))))) | P56: =IF(C56="","",SUM(IF(E56="",0,Bun!$I$7),IF(E57="",0,Bun!$I$7),IF(E58="",0,Bun!$I$7),IF(E59="",0,Bun!$I$7),IF(E60="",0,Bun!$I$7),IF(G57="",0,Modulable!$I$7),IF(G58="",0,Modulable!$I$7),IF(G59="",0,Modulable!$I$7),IF(G60="",0,Modulable!$I$7),IF(G56="",0,Modulable!$I$7),IF(I56="",0,Plissé!$I$7),IF(I57="",0,Plissé!$I$7),IF(I58="",0,Plissé!$I$7),IF(I59="",0,Plissé!$I$7),IF(I60="",0,Plissé!$I$7),IF(L56="",0,Bandeau!$I$7),IF(L57="",0,Bandeau!$I$7),IF(L58="",0,Bandeau!$I$7),IF(L59="",0,Bandeau!$I$7),IF(L60="",0,Bandeau!$I$7)))
F57: =IF(E57=Bun!$A$4,Bun!$E$4,IF(E57=Bun!$A$5,Bun!$E$5,IF(E57=Bun!$A$6,Bun!$E$6,IF(E57=Bun!$A$7,Bun!$E$7,IF(E57=Bun!$A$8,Bun!$E$8,""))))) | H57: =IF(G57=Modulable!$A$4,Modulable!$E$4,IF(G57=Modulable!$A$5,Modulable!$E$5,IF(G57=Modulable!$A$6,Modulable!$E$6,IF(G57=Modulable!$A$7,Modulable!$E$7,IF(G57=Modulable!$A$8,Modulable!$E$8,""))))) | J57: =IF(I57=Plissé!$A$4,Plissé!$E$4,IF(I57=Plissé!$A$5,Plissé!$E$5,IF(I57=Plissé!$A$6,Plissé!$E$6,IF(I57=Plissé!$A$7,Plissé!$E$7,IF(I57=Plissé!$A$8,Plissé!$E$8,""))))) | L57: =IF(K57=Bandeau!$A$4,Bandeau!$E$4,IF(K57=Bandeau!$A$5,Bandeau!$E$5,IF(K57=Bandeau!$A$6,Bandeau!$E$6,IF(K57=Bandeau!$A$7,Bandeau!$E$7,IF(K57=Bandeau!$A$8,Bandeau!$E$8,IF(K57=Bandeau!$A$9,Bandeau!$E$9,IF(K57=Bandeau!$A$10,Bandeau!$E$10,IF(K57=Bandeau!$A$11,Bandeau!$E$11,IF(K57=Bandeau!$A$12,Bandeau!$E$12,""))))))))) | P57: =IF(C57="","",SUM(IF(E57="",0,Bun!$I$7),IF(E58="",0,Bun!$I$7),IF(E59="",0,Bun!$I$7),IF(E60="",0,Bun!$I$7),IF(E61="",0,Bun!$I$7),IF(G58="",0,Modulable!$I$7),IF(G59="",0,Modulable!$I$7),IF(G60="",0,Modulable!$I$7),IF(G61="",0,Modulable!$I$7),IF(G57="",0,Modulable!$I$7),IF(I57="",0,Plissé!$I$7),IF(I58="",0,Plissé!$I$7),IF(I59="",0,Plissé!$I$7),IF(I60="",0,Plissé!$I$7),IF(I61="",0,Plissé!$I$7),IF(L57="",0,Bandeau!$I$7),IF(L58="",0,Bandeau!$I$7),IF(L59="",0,Bandeau!$I$7),IF(L60="",0,Bandeau!$I$7),IF(L61="",0,Bandeau!$I$7)))
F58: =IF(E58=Bun!$A$4,Bun!$E$4,IF(E58=Bun!$A$5,Bun!$E$5,IF(E58=Bun!$A$6,Bun!$E$6,IF(E58=Bun!$A$7,Bun!$E$7,IF(E58=Bun!$A$8,Bun!$E$8,""))))) | H58: =IF(G58=Modulable!$A$4,Modulable!$E$4,IF(G58=Modulable!$A$5,Modulable!$E$5,IF(G58=Modulable!$A$6,Modulable!$E$6,IF(G58=Modulable!$A$7,Modulable!$E$7,IF(G58=Modulable!$A$8,Modulable!$E$8,""))))) | J58: =IF(I58=Plissé!$A$4,Plissé!$E$4,IF(I58=Plissé!$A$5,Plissé!$E$5,IF(I58=Plissé!$A$6,Plissé!$E$6,IF(I58=Plissé!$A$7,Plissé!$E$7,IF(I58=Plissé!$A$8,Plissé!$E$8,""))))) | L58: =IF(K58=Bandeau!$A$4,Bandeau!$E$4,IF(K58=Bandeau!$A$5,Bandeau!$E$5,IF(K58=Bandeau!$A$6,Bandeau!$E$6,IF(K58=Bandeau!$A$7,Bandeau!$E$7,IF(K58=Bandeau!$A$8,Bandeau!$E$8,IF(K58=Bandeau!$A$9,Bandeau!$E$9,IF(K58=Bandeau!$A$10,Bandeau!$E$10,IF(K58=Bandeau!$A$11,Bandeau!$E$11,IF(K58=Bandeau!$A$12,Bandeau!$E$12,""))))))))) | P58: =IF(C58="","",SUM(IF(E58="",0,Bun!$I$7),IF(E59="",0,Bun!$I$7),IF(E60="",0,Bun!$I$7),IF(E61="",0,Bun!$I$7),IF(E62="",0,Bun!$I$7),IF(G59="",0,Modulable!$I$7),IF(G60="",0,Modulable!$I$7),IF(G61="",0,Modulable!$I$7),IF(G62="",0,Modulable!$I$7),IF(G58="",0,Modulable!$I$7),IF(I58="",0,Plissé!$I$7),IF(I59="",0,Plissé!$I$7),IF(I60="",0,Plissé!$I$7),IF(I61="",0,Plissé!$I$7),IF(I62="",0,Plissé!$I$7),IF(L58="",0,Bandeau!$I$7),IF(L59="",0,Bandeau!$I$7),IF(L60="",0,Bandeau!$I$7),IF(L61="",0,Bandeau!$I$7),IF(L62="",0,Bandeau!$I$7)))
A59: =IF('[1]Registre des ventes'!B17="","",'[1]Registre des ventes'!B17) -> 42874 | B59: =IF('[1]Registre des ventes'!C17="","",'[1]Registre des ventes'!C17) -> 10012 | C59: =IF('[1]Registre des ventes'!D17="","",'[1]Registre des ventes'!D17) -> 50 | D59: =IF(C59="","",IF(C59<90,"Payé par le client",6)) -> Payé par le client | F59: =IF(E59=Bun!$A$4,Bun!$E$4,IF(E59=Bun!$A$5,Bun!$E$5,IF(E59=Bun!$A$6,Bun!$E$6,IF(E59=Bun!$A$7,Bun!$E$7,IF(E59=Bun!$A$8,Bun!$E$8,""))))) | H59: =IF(G59=Modulable!$A$4,Modulable!$E$4,IF(G59=Modulable!$A$5,Modulable!$E$5,IF(G59=Modulable!$A$6,Modulable!$E$6,IF(G59=Modulable!$A$7,Modulable!$E$7,IF(G59=Modulable!$A$8,Modulable!$E$8,""))))) | J59: =IF(I59=Plissé!$A$4,Plissé!$E$4,IF(I59=Plissé!$A$5,Plissé!$E$5,IF(I59=Plissé!$A$6,Plissé!$E$6,IF(I59=Plissé!$A$7,Plissé!$E$7,IF(I59=Plissé!$A$8,Plissé!$E$8,""))))) | K59: Bandeau Archipel | L59: =IF(K59=Bandeau!$A$4,Bandeau!$E$4,IF(K59=Bandeau!$A$5,Bandeau!$E$5,IF(K59=Bandeau!$A$6,Bandeau!$E$6,IF(K59=Bandeau!$A$7,Bandeau!$E$7,IF(K59=Bandeau!$A$8,Bandeau!$E$8,IF(K59=Bandeau!$A$9,Bandeau!$E$9,IF(K59=Bandeau!$A$10,Bandeau!$E$10,IF(K59=Bandeau!$A$11,Bandeau!$E$11,IF(K59=Bandeau!$A$12,Bandeau!$E$12,""))))))))) -> 17.85 | M59: =IF(C59="","",(1.5)) -> 1.5 | N59: =IF(C59="","",0.25+((1.4*C59)/100)) -> 0.95 | O59: =IF(C59="","",C59-SUM(D59,F59:F63,H59:H63,J59:J63,L59:L63,N59)) -> 14.52125 | P59: =IF(C59="","",SUM(IF(E59="",0,Bun!$I$7),IF(E60="",0,Bun!$I$7),IF(E61="",0,Bun!$I$7),IF(E62="",0,Bun!$I$7),IF(E63="",0,Bun!$I$7),IF(G60="",0,Modulable!$I$7),IF(G61="",0,Modulable!$I$7),IF(G62="",0,Modulable!$I$7),IF(G63="",0,Modulable!$I$7),IF(G59="",0,Modulable!$I$7),IF(I59="",0,Plissé!$I$7),IF(I60="",0,Plissé!$I$7),IF(I61="",0,Plissé!$I$7),IF(I62="",0,Plissé!$I$7),IF(I63="",0,Plissé!$I$7),IF(L59="",0,Bandeau!$I$7),IF(L60="",0,Bandeau!$I$7),IF(L61="",0,Bandeau!$I$7),IF(L62="",0,Bandeau!$I$7),IF(L63="",0,Bandeau!$I$7))) -> 27
F60: =IF(E60=Bun!$A$4,Bun!$E$4,IF(E60=Bun!$A$5,Bun!$E$5,IF(E60=Bun!$A$6,Bun!$E$6,IF(E60=Bun!$A$7,Bun!$E$7,IF(E60=Bun!$A$8,Bun!$E$8,""))))) | H60: =IF(G60=Modulable!$A$4,Modulable!$E$4,IF(G60=Modulable!$A$5,Modulable!$E$5,IF(G60=Modulable!$A$6,Modulable!$E$6,IF(G60=Modulable!$A$7,Modulable!$E$7,IF(G60=Modulable!$A$8,Modulable!$E$8,""))))) | J60: =IF(I60=Plissé!$A$4,Plissé!$E$4,IF(I60=Plissé!$A$5,Plissé!$E$5,IF(I60=Plissé!$A$6,Plissé!$E$6,IF(I60=Plissé!$A$7,Plissé!$E$7,IF(I60=Plissé!$A$8,Plissé!$E$8,""))))) | K60: Bandeau Lagon | L60: =IF(K60=Bandeau!$A$4,Bandeau!$E$4,IF(K60=Bandeau!$A$5,Bandeau!$E$5,IF(K60=Bandeau!$A$6,Bandeau!$E$6,IF(K60=Bandeau!$A$7,Bandeau!$E$7,IF(K60=Bandeau!$A$8,Bandeau!$E$8,IF(K60=Bandeau!$A$9,Bandeau!$E$9,IF(K60=Bandeau!$A$10,Bandeau!$E$10,IF(K60=Bandeau!$A$11,Bandeau!$E$11,IF(K60=Bandeau!$A$12,Bandeau!$E$12,""))))))))) -> 16.67875 | P60: =IF(C60="","",SUM(IF(E60="",0,Bun!$I$7),IF(E61="",0,Bun!$I$7),IF(E62="",0,Bun!$I$7),IF(E63="",0,Bun!$I$7),IF(E64="",0,Bun!$I$7),IF(G61="",0,Modulable!$I$7),IF(G62="",0,Modulable!$I$7),IF(G63="",0,Modulable!$I$7),IF(G64="",0,Modulable!$I$7),IF(G60="",0,Modulable!$I$7),IF(I60="",0,Plissé!$I$7),IF(I61="",0,Plissé!$I$7),IF(I62="",0,Plissé!$I$7),IF(I63="",0,Plissé!$I$7),IF(I64="",0,Plissé!$I$7),IF(L60="",0,Bandeau!$I$7),IF(L61="",0,Bandeau!$I$7),IF(L62="",0,Bandeau!$I$7),IF(L63="",0,Bandeau!$I$7),IF(L64="",0,Bandeau!$I$7)))
F61: =IF(E61=Bun!$A$4,Bun!$E$4,IF(E61=Bun!$A$5,Bun!$E$5,IF(E61=Bun!$A$6,Bun!$E$6,IF(E61=Bun!$A$7,Bun!$E$7,IF(E61=Bun!$A$8,Bun!$E$8,""))))) | H61: =IF(G61=Modulable!$A$4,Modulable!$E$4,IF(G61=Modulable!$A$5,Modulable!$E$5,IF(G61=Modulable!$A$6,Modulable!$E$6,IF(G61=Modulable!$A$7,Modulable!$E$7,IF(G61=Modulable!$A$8,Modulable!$E$8,""))))) | J61: =IF(I61=Plissé!$A$4,Plissé!$E$4,IF(I61=Plissé!$A$5,Plissé!$E$5,IF(I61=Plissé!$A$6,Plissé!$E$6,IF(I61=Plissé!$A$7,Plissé!$E$7,IF(I61=Plissé!$A$8,Plissé!$E$8,""))))) | L61: =IF(K61=Bandeau!$A$4,Bandeau!$E$4,IF(K61=Bandeau!$A$5,Bandeau!$E$5,IF(K61=Bandeau!$A$6,Bandeau!$E$6,IF(K61=Bandeau!$A$7,Bandeau!$E$7,IF(K61=Bandeau!$A$8,Bandeau!$E$8,IF(K61=Bandeau!$A$9,Bandeau!$E$9,IF(K61=Bandeau!$A$10,Bandeau!$E$10,IF(K61=Bandeau!$A$11,Bandeau!$E$11,IF(K61=Bandeau!$A$12,Bandeau!$E$12,""))))))))) | P61: =IF(C61="","",SUM(IF(E61="",0,Bun!$I$7),IF(E62="",0,Bun!$I$7),IF(E63="",0,Bun!$I$7),IF(E64="",0,Bun!$I$7),IF(E65="",0,Bun!$I$7),IF(G62="",0,Modulable!$I$7),IF(G63="",0,Modulable!$I$7),IF(G64="",0,Modulable!$I$7),IF(G65="",0,Modulable!$I$7),IF(G61="",0,Modulable!$I$7),IF(I61="",0,Plissé!$I$7),IF(I62="",0,Plissé!$I$7),IF(I63="",0,Plissé!$I$7),IF(I64="",0,Plissé!$I$7),IF(I65="",0,Plissé!$I$7),IF(L61="",0,Bandeau!$I$7),IF(L62="",0,Bandeau!$I$7),IF(L63="",0,Bandeau!$I$7),IF(L64="",0,Bandeau!$I$7),IF(L65="",0,Bandeau!$I$7)))
F62: =IF(E62=Bun!$A$4,Bun!$E$4,IF(E62=Bun!$A$5,Bun!$E$5,IF(E62=Bun!$A$6,Bun!$E$6,IF(E62=Bun!$A$7,Bun!$E$7,IF(E62=Bun!$A$8,Bun!$E$8,""))))) | H62: =IF(G62=Modulable!$A$4,Modulable!$E$4,IF(G62=Modulable!$A$5,Modulable!$E$5,IF(G62=Modulable!$A$6,Modulable!$E$6,IF(G62=Modulable!$A$7,Modulable!$E$7,IF(G62=Modulable!$A$8,Modulable!$E$8,""))))) | J62: =IF(I62=Plissé!$A$4,Plissé!$E$4,IF(I62=Plissé!$A$5,Plissé!$E$5,IF(I62=Plissé!$A$6,Plissé!$E$6,IF(I62=Plissé!$A$7,Plissé!$E$7,IF(I62=Plissé!$A$8,Plissé!$E$8,""))))) | L62: =IF(K62=Bandeau!$A$4,Bandeau!$E$4,IF(K62=Bandeau!$A$5,Bandeau!$E$5,IF(K62=Bandeau!$A$6,Bandeau!$E$6,IF(K62=Bandeau!$A$7,Bandeau!$E$7,IF(K62=Bandeau!$A$8,Bandeau!$E$8,IF(K62=Bandeau!$A$9,Bandeau!$E$9,IF(K62=Bandeau!$A$10,Bandeau!$E$10,IF(K62=Bandeau!$A$11,Bandeau!$E$11,IF(K62=Bandeau!$A$12,Bandeau!$E$12,""))))))))) | P62: =IF(C62="","",SUM(IF(E62="",0,Bun!$I$7),IF(E63="",0,Bun!$I$7),IF(E64="",0,Bun!$I$7),IF(E65="",0,Bun!$I$7),IF(E66="",0,Bun!$I$7),IF(G63="",0,Modulable!$I$7),IF(G64="",0,Modulable!$I$7),IF(G65="",0,Modulable!$I$7),IF(G66="",0,Modulable!$I$7),IF(G62="",0,Modulable!$I$7),IF(I62="",0,Plissé!$I$7),IF(I63="",0,Plissé!$I$7),IF(I64="",0,Plissé!$I$7),IF(I65="",0,Plissé!$I$7),IF(I66="",0,Plissé!$I$7),IF(L62="",0,Bandeau!$I$7),IF(L63="",0,Bandeau!$I$7),IF(L64="",0,Bandeau!$I$7),IF(L65="",0,Bandeau!$I$7),IF(L66="",0,Bandeau!$I$7)))
F63: =IF(E63=Bun!$A$4,Bun!$E$4,IF(E63=Bun!$A$5,Bun!$E$5,IF(E63=Bun!$A$6,Bun!$E$6,IF(E63=Bun!$A$7,Bun!$E$7,IF(E63=Bun!$A$8,Bun!$E$8,""))))) | H63: =IF(G63=Modulable!$A$4,Modulable!$E$4,IF(G63=Modulable!$A$5,Modulable!$E$5,IF(G63=Modulable!$A$6,Modulable!$E$6,IF(G63=Modulable!$A$7,Modulable!$E$7,IF(G63=Modulable!$A$8,Modulable!$E$8,""))))) | J63: =IF(I63=Plissé!$A$4,Plissé!$E$4,IF(I63=Plissé!$A$5,Plissé!$E$5,IF(I63=Plissé!$A$6,Plissé!$E$6,IF(I63=Plissé!$A$7,Plissé!$E$7,IF(I63=Plissé!$A$8,Plissé!$E$8,""))))) | L63: =IF(K63=Bandeau!$A$4,Bandeau!$E$4,IF(K63=Bandeau!$A$5,Bandeau!$E$5,IF(K63=Bandeau!$A$6,Bandeau!$E$6,IF(K63=Bandeau!$A$7,Bandeau!$E$7,IF(K63=Bandeau!$A$8,Bandeau!$E$8,IF(K63=Bandeau!$A$9,Bandeau!$E$9,IF(K63=Bandeau!$A$10,Bandeau!$E$10,IF(K63=Bandeau!$A$11,Bandeau!$E$11,IF(K63=Bandeau!$A$12,Bandeau!$E$12,""))))))))) | P63: =IF(C63="","",SUM(IF(E63="",0,Bun!$I$7),IF(E64="",0,Bun!$I$7),IF(E65="",0,Bun!$I$7),IF(E66="",0,Bun!$I$7),IF(E67="",0,Bun!$I$7),IF(G64="",0,Modulable!$I$7),IF(G65="",0,Modulable!$I$7),IF(G66="",0,Modulable!$I$7),IF(G67="",0,Modulable!$I$7),IF(G63="",0,Modulable!$I$7),IF(I63="",0,Plissé!$I$7),IF(I64="",0,Plissé!$I$7),IF(I65="",0,Plissé!$I$7),IF(I66="",0,Plissé!$I$7),IF(I67="",0,Plissé!$I$7),IF(L63="",0,Bandeau!$I$7),IF(L64="",0,Bandeau!$I$7),IF(L65="",0,Bandeau!$I$7),IF(L66="",0,Bandeau!$I$7),IF(L67="",0,Bandeau!$I$7)))
A64: =IF('[1]Registre des ventes'!B18="","",'[1]Registre des ventes'!B18) -> 42877 | B64: =IF('[1]Registre des ventes'!C18="","",'[1]Registre des ventes'!C18) -> 10013 | C64: =IF('[1]Registre des ventes'!D18="","",'[1]Registre des ventes'!D18) -> 48 | D64: =IF(C64="","",IF(C64<90,"Payé par le client",6)) -> Payé par le client | E64: Bun Bamako | F64: =IF(E64=Bun!$A$4,Bun!$E$4,IF(E64=Bun!$A$5,Bun!$E$5,IF(E64=Bun!$A$6,Bun!$E$6,IF(E64=Bun!$A$7,Bun!$E$7,IF(E64=Bun!$A$8,Bun!$E$8,""))))) -> 24.74 | H64: =IF(G64=Modulable!$A$4,Modulable!$E$4,IF(G64=Modulable!$A$5,Modulable!$E$5,IF(G64=Modulable!$A$6,Modulable!$E$6,IF(G64=Modulable!$A$7,Modulable!$E$7,IF(G64=Modulable!$A$8,Modulable!$E$8,""))))) | J64: =IF(I64=Plissé!$A$4,Plissé!$E$4,IF(I64=Plissé!$A$5,Plissé!$E$5,IF(I64=Plissé!$A$6,Plissé!$E$6,IF(I64=Plissé!$A$7,Plissé!$E$7,IF(I64=Plissé!$A$8,Plissé!$E$8,""))))) | L64: =IF(K64=Bandeau!$A$4,Bandeau!$E$4,IF(K64=Bandeau!$A$5,Bandeau!$E$5,IF(K64=Bandeau!$A$6,Bandeau!$E$6,IF(K64=Bandeau!$A$7,Bandeau!$E$7,IF(K64=Bandeau!$A$8,Bandeau!$E$8,IF(K64=Bandeau!$A$9,Bandeau!$E$9,IF(K64=Bandeau!$A$10,Bandeau!$E$10,IF(K64=Bandeau!$A$11,Bandeau!$E$11,IF(K64=Bandeau!$A$12,Bandeau!$E$12,""))))))))) | M64: =IF(C64="","",(1.5)) -> 1.5 | N64: =IF(C64="","",0.25+((1.4*C64)/100)) -> 0.922 | O64: =IF(C64="","",C64-SUM(D64,F64:F68,H64:H68,J64:J68,L64:L68,N64)) -> 22.338 | P64: =IF(C64="","",SUM(IF(E64="",0,Bun!$I$7),IF(E65="",0,Bun!$I$7),IF(E66="",0,Bun!$I$7),IF(E67="",0,Bun!$I$7),IF(E68="",0,Bun!$I$7),IF(G65="",0,Modulable!$I$7),IF(G66="",0,Modulable!$I$7),IF(G67="",0,Modulable!$I$7),IF(G68="",0,Modulable!$I$7),IF(G64="",0,Modulable!$I$7),IF(I64="",0,Plissé!$I$7),IF(I65="",0,Plissé!$I$7),IF(I66="",0,Plissé!$I$7),IF(I67="",0,Plissé!$I$7),IF(I68="",0,Plissé!$I$7),IF(L64="",0,Bandeau!$I$7),IF(L65="",0,Bandeau!$I$7),IF(L66="",0,Bandeau!$I$7),IF(L67="",0,Bandeau!$I$7),IF(L68="",0,Bandeau!$I$7))) -> 18
F65: =IF(E65=Bun!$A$4,Bun!$E$4,IF(E65=Bun!$A$5,Bun!$E$5,IF(E65=Bun!$A$6,Bun!$E$6,IF(E65=Bun!$A$7,Bun!$E$7,IF(E65=Bun!$A$8,Bun!$E$8,""))))) | H65: =IF(G65=Modulable!$A$4,Modulable!$E$4,IF(G65=Modulable!$A$5,Modulable!$E$5,IF(G65=Modulable!$A$6,Modulable!$E$6,IF(G65=Modulable!$A$7,Modulable!$E$7,IF(G65=Modulable!$A$8,Modulable!$E$8,""))))) | J65: =IF(I65=Plissé!$A$4,Plissé!$E$4,IF(I65=Plissé!$A$5,Plissé!$E$5,IF(I65=Plissé!$A$6,Plissé!$E$6,IF(I65=Plissé!$A$7,Plissé!$E$7,IF(I65=Plissé!$A$8,Plissé!$E$8,""))))) | L65: =IF(K65=Bandeau!$A$4,Bandeau!$E$4,IF(K65=Bandeau!$A$5,Bandeau!$E$5,IF(K65=Bandeau!$A$6,Bandeau!$E$6,IF(K65=Bandeau!$A$7,Bandeau!$E$7,IF(K65=Bandeau!$A$8,Bandeau!$E$8,IF(K65=Bandeau!$A$9,Bandeau!$E$9,IF(K65=Bandeau!$A$10,Bandeau!$E$10,IF(K65=Bandeau!$A$11,Bandeau!$E$11,IF(K65=Bandeau!$A$12,Bandeau!$E$12,""))))))))) | P65: =IF(C65="","",SUM(IF(E65="",0,Bun!$I$7),IF(E66="",0,Bun!$I$7),IF(E67="",0,Bun!$I$7),IF(E68="",0,Bun!$I$7),IF(E69="",0,Bun!$I$7),IF(G66="",0,Modulable!$I$7),IF(G67="",0,Modulable!$I$7),IF(G68="",0,Modulable!$I$7),IF(G69="",0,Modulable!$I$7),IF(G65="",0,Modulable!$I$7),IF(I65="",0,Plissé!$I$7),IF(I66="",0,Plissé!$I$7),IF(I67="",0,Plissé!$I$7),IF(I68="",0,Plissé!$I$7),IF(I69="",0,Plissé!$I$7),IF(L65="",0,Bandeau!$I$7),IF(L66="",0,Bandeau!$I$7),IF(L67="",0,Bandeau!$I$7),IF(L68="",0,Bandeau!$I$7),IF(L69="",0,Bandeau!$I$7)))
F66: =IF(E66=Bun!$A$4,Bun!$E$4,IF(E66=Bun!$A$5,Bun!$E$5,IF(E66=Bun!$A$6,Bun!$E$6,IF(E66=Bun!$A$7,Bun!$E$7,IF(E66=Bun!$A$8,Bun!$E$8,""))))) | H66: =IF(G66=Modulable!$A$4,Modulable!$E$4,IF(G66=Modulable!$A$5,Modulable!$E$5,IF(G66=Modulable!$A$6,Modulable!$E$6,IF(G66=Modulable!$A$7,Modulable!$E$7,IF(G66=Modulable!$A$8,Modulable!$E$8,""))))) | J66: =IF(I66=Plissé!$A$4,Plissé!$E$4,IF(I66=Plissé!$A$5,Plissé!$E$5,IF(I66=Plissé!$A$6,Plissé!$E$6,IF(I66=Plissé!$A$7,Plissé!$E$7,IF(I66=Plissé!$A$8,Plissé!$E$8,""))))) | L66: =IF(K66=Bandeau!$A$4,Bandeau!$E$4,IF(K66=Bandeau!$A$5,Bandeau!$E$5,IF(K66=Bandeau!$A$6,Bandeau!$E$6,IF(K66=Bandeau!$A$7,Bandeau!$E$7,IF(K66=Bandeau!$A$8,Bandeau!$E$8,IF(K66=Bandeau!$A$9,Bandeau!$E$9,IF(K66=Bandeau!$A$10,Bandeau!$E$10,IF(K66=Bandeau!$A$11,Bandeau!$E$11,IF(K66=Bandeau!$A$12,Bandeau!$E$12,""))))))))) | P66: =IF(C66="","",SUM(IF(E66="",0,Bun!$I$7),IF(E67="",0,Bun!$I$7),IF(E68="",0,Bun!$I$7),IF(E69="",0,Bun!$I$7),IF(E70="",0,Bun!$I$7),IF(G67="",0,Modulable!$I$7),IF(G68="",0,Modulable!$I$7),IF(G69="",0,Modulable!$I$7),IF(G70="",0,Modulable!$I$7),IF(G66="",0,Modulable!$I$7),IF(I66="",0,Plissé!$I$7),IF(I67="",0,Plissé!$I$7),IF(I68="",0,Plissé!$I$7),IF(I69="",0,Plissé!$I$7),IF(I70="",0,Plissé!$I$7),IF(L66="",0,Bandeau!$I$7),IF(L67="",0,Bandeau!$I$7),IF(L68="",0,Bandeau!$I$7),IF(L69="",0,Bandeau!$I$7),IF(L70="",0,Bandeau!$I$7)))
F67: =IF(E67=Bun!$A$4,Bun!$E$4,IF(E67=Bun!$A$5,Bun!$E$5,IF(E67=Bun!$A$6,Bun!$E$6,IF(E67=Bun!$A$7,Bun!$E$7,IF(E67=Bun!$A$8,Bun!$E$8,""))))) | H67: =IF(G67=Modulable!$A$4,Modulable!$E$4,IF(G67=Modulable!$A$5,Modulable!$E$5,IF(G67=Modulable!$A$6,Modulable!$E$6,IF(G67=Modulable!$A$7,Modulable!$E$7,IF(G67=Modulable!$A$8,Modulable!$E$8,""))))) | J67: =IF(I67=Plissé!$A$4,Plissé!$E$4,IF(I67=Plissé!$A$5,Plissé!$E$5,IF(I67=Plissé!$A$6,Plissé!$E$6,IF(I67=Plissé!$A$7,Plissé!$E$7,IF(I67=Plissé!$A$8,Plissé!$E$8,""))))) | L67: =IF(K67=Bandeau!$A$4,Bandeau!$E$4,IF(K67=Bandeau!$A$5,Bandeau!$E$5,IF(K67=Bandeau!$A$6,Bandeau!$E$6,IF(K67=Bandeau!$A$7,Bandeau!$E$7,IF(K67=Bandeau!$A$8,Bandeau!$E$8,IF(K67=Bandeau!$A$9,Bandeau!$E$9,IF(K67=Bandeau!$A$10,Bandeau!$E$10,IF(K67=Bandeau!$A$11,Bandeau!$E$11,IF(K67=Bandeau!$A$12,Bandeau!$E$12,""))))))))) | P67: =IF(C67="","",SUM(IF(E67="",0,Bun!$I$7),IF(E68="",0,Bun!$I$7),IF(E69="",0,Bun!$I$7),IF(E70="",0,Bun!$I$7),IF(E71="",0,Bun!$I$7),IF(G68="",0,Modulable!$I$7),IF(G69="",0,Modulable!$I$7),IF(G70="",0,Modulable!$I$7),IF(G71="",0,Modulable!$I$7),IF(G67="",0,Modulable!$I$7),IF(I67="",0,Plissé!$I$7),IF(I68="",0,Plissé!$I$7),IF(I69="",0,Plissé!$I$7),IF(I70="",0,Plissé!$I$7),IF(I71="",0,Plissé!$I$7),IF(L67="",0,Bandeau!$I$7),IF(L68="",0,Bandeau!$I$7),IF(L69="",0,Bandeau!$I$7),IF(L70="",0,Bandeau!$I$7),IF(L71="",0,Bandeau!$I$7)))
F68: =IF(E68=Bun!$A$4,Bun!$E$4,IF(E68=Bun!$A$5,Bun!$E$5,IF(E68=Bun!$A$6,Bun!$E$6,IF(E68=Bun!$A$7,Bun!$E$7,IF(E68=Bun!$A$8,Bun!$E$8,""))))) | H68: =IF(G68=Modulable!$A$4,Modulable!$E$4,IF(G68=Modulable!$A$5,Modulable!$E$5,IF(G68=Modulable!$A$6,Modulable!$E$6,IF(G68=Modulable!$A$7,Modulable!$E$7,IF(G68=Modulable!$A$8,Modulable!$E$8,""))))) | J68: =IF(I68=Plissé!$A$4,Plissé!$E$4,IF(I68=Plissé!$A$5,Plissé!$E$5,IF(I68=Plissé!$A$6,Plissé!$E$6,IF(I68=Plissé!$A$7,Plissé!$E$7,IF(I68=Plissé!$A$8,Plissé!$E$8,""))))) | L68: =IF(K68=Bandeau!$A$4,Bandeau!$E$4,IF(K68=Bandeau!$A$5,Bandeau!$E$5,IF(K68=Bandeau!$A$6,Bandeau!$E$6,IF(K68=Bandeau!$A$7,Bandeau!$E$7,IF(K68=Bandeau!$A$8,Bandeau!$E$8,IF(K68=Bandeau!$A$9,Bandeau!$E$9,IF(K68=Bandeau!$A$10,Bandeau!$E$10,IF(K68=Bandeau!$A$11,Bandeau!$E$11,IF(K68=Bandeau!$A$12,Bandeau!$E$12,""))))))))) | P68: =IF(C68="","",SUM(IF(E68="",0,Bun!$I$7),IF(E69="",0,Bun!$I$7),IF(E70="",0,Bun!$I$7),IF(E71="",0,Bun!$I$7),IF(E72="",0,Bun!$I$7),IF(G69="",0,Modulable!$I$7),IF(G70="",0,Modulable!$I$7),IF(G71="",0,Modulable!$I$7),IF(G72="",0,Modulable!$I$7),IF(G68="",0,Modulable!$I$7),IF(I68="",0,Plissé!$I$7),IF(I69="",0,Plissé!$I$7),IF(I70="",0,Plissé!$I$7),IF(I71="",0,Plissé!$I$7),IF(I72="",0,Plissé!$I$7),IF(L68="",0,Bandeau!$I$7),IF(L69="",0,Bandeau!$I$7),IF(L70="",0,Bandeau!$I$7),IF(L71="",0,Bandeau!$I$7),IF(L72="",0,Bandeau!$I$7)))
A69: =IF('[1]Registre des ventes'!B19="","",'[1]Registre des ventes'!B19) -> 42878 | B69: =IF('[1]Registre des ventes'!C19="","",'[1]Registre des ventes'!C19) -> 10014 | C69: =IF('[1]Registre des ventes'!D19="","",'[1]Registre des ventes'!D19) -> 47 | D69: =IF(C69="","",IF(C69<90,"Payé par le client",6)) -> Payé par le client | F69: =IF(E69=Bun!$A$4,Bun!$E$4,IF(E69=Bun!$A$5,Bun!$E$5,IF(E69=Bun!$A$6,Bun!$E$6,IF(E69=Bun!$A$7,Bun!$E$7,IF(E69=Bun!$A$8,Bun!$E$8,""))))) | G69: Modulable Lagos | H69: =IF(G69=Modulable!$A$4,Modulable!$E$4,IF(G69=Modulable!$A$5,Modulable!$E$5,IF(G69=Modulable!$A$6,Modulable!$E$6,IF(G69=Modulable!$A$7,Modulable!$E$7,IF(G69=Modulable!$A$8,Modulable!$E$8,""))))) -> 24.45 | J69: =IF(I69=Plissé!$A$4,Plissé!$E$4,IF(I69=Plissé!$A$5,Plissé!$E$5,IF(I69=Plissé!$A$6,Plissé!$E$6,IF(I69=Plissé!$A$7,Plissé!$E$7,IF(I69=Plissé!$A$8,Plissé!$E$8,""))))) | L69: =IF(K69=Bandeau!$A$4,Bandeau!$E$4,IF(K69=Bandeau!$A$5,Bandeau!$E$5,IF(K69=Bandeau!$A$6,Bandeau!$E$6,IF(K69=Bandeau!$A$7,Bandeau!$E$7,IF(K69=Bandeau!$A$8,Bandeau!$E$8,IF(K69=Bandeau!$A$9,Bandeau!$E$9,IF(K69=Bandeau!$A$10,Bandeau!$E$10,IF(K69=Bandeau!$A$11,Bandeau!$E$11,IF(K69=Bandeau!$A$12,Bandeau!$E$12,""))))))))) | M69: =IF(C69="","",(1.5)) -> 1.5 | N69: =IF(C69="","",0.25+((1.4*C69)/100)) -> 0.908 | O69: =IF(C69="","",C69-SUM(D69,F69:F73,H69:H73,J69:J73,L69:L73,N69)) -> 21.642 | P69: =IF(C69="","",SUM(IF(E69="",0,Bun!$I$7),IF(E70="",0,Bun!$I$7),IF(E71="",0,Bun!$I$7),IF(E72="",0,Bun!$I$7),IF(E73="",0,Bun!$I$7),IF(G70="",0,Modulable!$I$7),IF(G71="",0,Modulable!$I$7),IF(G72="",0,Modulable!$I$7),IF(G73="",0,Modulable!$I$7),IF(G69="",0,Modulable!$I$7),IF(I69="",0,Plissé!$I$7),IF(I70="",0,Plissé!$I$7),IF(I71="",0,Plissé!$I$7),IF(I72="",0,Plissé!$I$7),IF(I73="",0,Plissé!$I$7),IF(L69="",0,Bandeau!$I$7),IF(L70="",0,Bandeau!$I$7),IF(L71="",0,Bandeau!$I$7),IF(L72="",0,Bandeau!$I$7),IF(L73="",0,Bandeau!$I$7))) -> 18
F70: =IF(E70=Bun!$A$4,Bun!$E$4,IF(E70=Bun!$A$5,Bun!$E$5,IF(E70=Bun!$A$6,Bun!$E$6,IF(E70=Bun!$A$7,Bun!$E$7,IF(E70=Bun!$A$8,Bun!$E$8,""))))) | H70: =IF(G70=Modulable!$A$4,Modulable!$E$4,IF(G70=Modulable!$A$5,Modulable!$E$5,IF(G70=Modulable!$A$6,Modulable!$E$6,IF(G70=Modulable!$A$7,Modulable!$E$7,IF(G70=Modulable!$A$8,Modulable!$E$8,""))))) | J70: =IF(I70=Plissé!$A$4,Plissé!$E$4,IF(I70=Plissé!$A$5,Plissé!$E$5,IF(I70=Plissé!$A$6,Plissé!$E$6,IF(I70=Plissé!$A$7,Plissé!$E$7,IF(I70=Plissé!$A$8,Plissé!$E$8,""))))) | L70: =IF(K70=Bandeau!$A$4,Bandeau!$E$4,IF(K70=Bandeau!$A$5,Bandeau!$E$5,IF(K70=Bandeau!$A$6,Bandeau!$E$6,IF(K70=Bandeau!$A$7,Bandeau!$E$7,IF(K70=Bandeau!$A$8,Bandeau!$E$8,IF(K70=Bandeau!$A$9,Bandeau!$E$9,IF(K70=Bandeau!$A$10,Bandeau!$E$10,IF(K70=Bandeau!$A$11,Bandeau!$E$11,IF(K70=Bandeau!$A$12,Bandeau!$E$12,""))))))))) | P70: =IF(C70="","",SUM(IF(E70="",0,Bun!$I$7),IF(E71="",0,Bun!$I$7),IF(E72="",0,Bun!$I$7),IF(E73="",0,Bun!$I$7),IF(E74="",0,Bun!$I$7),IF(G71="",0,Modulable!$I$7),IF(G72="",0,Modulable!$I$7),IF(G73="",0,Modulable!$I$7),IF(G74="",0,Modulable!$I$7),IF(G70="",0,Modulable!$I$7),IF(I70="",0,Plissé!$I$7),IF(I71="",0,Plissé!$I$7),IF(I72="",0,Plissé!$I$7),IF(I73="",0,Plissé!$I$7),IF(I74="",0,Plissé!$I$7),IF(L70="",0,Bandeau!$I$7),IF(L71="",0,Bandeau!$I$7),IF(L72="",0,Bandeau!$I$7),IF(L73="",0,Bandeau!$I$7),IF(L74="",0,Bandeau!$I$7)))
F71: =IF(E71=Bun!$A$4,Bun!$E$4,IF(E71=Bun!$A$5,Bun!$E$5,IF(E71=Bun!$A$6,Bun!$E$6,IF(E71=Bun!$A$7,Bun!$E$7,IF(E71=Bun!$A$8,Bun!$E$8,""))))) | H71: =IF(G71=Modulable!$A$4,Modulable!$E$4,IF(G71=Modulable!$A$5,Modulable!$E$5,IF(G71=Modulable!$A$6,Modulable!$E$6,IF(G71=Modulable!$A$7,Modulable!$E$7,IF(G71=Modulable!$A$8,Modulable!$E$8,""))))) | J71: =IF(I71=Plissé!$A$4,Plissé!$E$4,IF(I71=Plissé!$A$5,Plissé!$E$5,IF(I71=Plissé!$A$6,Plissé!$E$6,IF(I71=Plissé!$A$7,Plissé!$E$7,IF(I71=Plissé!$A$8,Plissé!$E$8,""))))) | L71: =IF(K71=Bandeau!$A$4,Bandeau!$E$4,IF(K71=Bandeau!$A$5,Bandeau!$E$5,IF(K71=Bandeau!$A$6,Bandeau!$E$6,IF(K71=Bandeau!$A$7,Bandeau!$E$7,IF(K71=Bandeau!$A$8,Bandeau!$E$8,IF(K71=Bandeau!$A$9,Bandeau!$E$9,IF(K71=Bandeau!$A$10,Bandeau!$E$10,IF(K71=Bandeau!$A$11,Bandeau!$E$11,IF(K71=Bandeau!$A$12,Bandeau!$E$12,""))))))))) | P71: =IF(C71="","",SUM(IF(E71="",0,Bun!$I$7),IF(E72="",0,Bun!$I$7),IF(E73="",0,Bun!$I$7),IF(E74="",0,Bun!$I$7),IF(E75="",0,Bun!$I$7),IF(G72="",0,Modulable!$I$7),IF(G73="",0,Modulable!$I$7),IF(G74="",0,Modulable!$I$7),IF(G75="",0,Modulable!$I$7),IF(G71="",0,Modulable!$I$7),IF(I71="",0,Plissé!$I$7),IF(I72="",0,Plissé!$I$7),IF(I73="",0,Plissé!$I$7),IF(I74="",0,Plissé!$I$7),IF(I75="",0,Plissé!$I$7),IF(L71="",0,Bandeau!$I$7),IF(L72="",0,Bandeau!$I$7),IF(L73="",0,Bandeau!$I$7),IF(L74="",0,Bandeau!$I$7),IF(L75="",0,Bandeau!$I$7)))
F72: =IF(E72=Bun!$A$4,Bun!$E$4,IF(E72=Bun!$A$5,Bun!$E$5,IF(E72=Bun!$A$6,Bun!$E$6,IF(E72=Bun!$A$7,Bun!$E$7,IF(E72=Bun!$A$8,Bun!$E$8,""))))) | H72: =IF(G72=Modulable!$A$4,Modulable!$E$4,IF(G72=Modulable!$A$5,Modulable!$E$5,IF(G72=Modulable!$A$6,Modulable!$E$6,IF(G72=Modulable!$A$7,Modulable!$E$7,IF(G72=Modulable!$A$8,Modulable!$E$8,""))))) | J72: =IF(I72=Plissé!$A$4,Plissé!$E$4,IF(I72=Plissé!$A$5,Plissé!$E$5,IF(I72=Plissé!$A$6,Plissé!$E$6,IF(I72=Plissé!$A$7,Plissé!$E$7,IF(I72=Plissé!$A$8,Plissé!$E$8,""))))) | L72: =IF(K72=Bandeau!$A$4,Bandeau!$E$4,IF(K72=Bandeau!$A$5,Bandeau!$E$5,IF(K72=Bandeau!$A$6,Bandeau!$E$6,IF(K72=Bandeau!$A$7,Bandeau!$E$7,IF(K72=Bandeau!$A$8,Bandeau!$E$8,IF(K72=Bandeau!$A$9,Bandeau!$E$9,IF(K72=Bandeau!$A$10,Bandeau!$E$10,IF(K72=Bandeau!$A$11,Bandeau!$E$11,IF(K72=Bandeau!$A$12,Bandeau!$E$12,""))))))))) | P72: =IF(C72="","",SUM(IF(E72="",0,Bun!$I$7),IF(E73="",0,Bun!$I$7),IF(E74="",0,Bun!$I$7),IF(E75="",0,Bun!$I$7),IF(E76="",0,Bun!$I$7),IF(G73="",0,Modulable!$I$7),IF(G74="",0,Modulable!$I$7),IF(G75="",0,Modulable!$I$7),IF(G76="",0,Modulable!$I$7),IF(G72="",0,Modulable!$I$7),IF(I72="",0,Plissé!$I$7),IF(I73="",0,Plissé!$I$7),IF(I74="",0,Plissé!$I$7),IF(I75="",0,Plissé!$I$7),IF(I76="",0,Plissé!$I$7),IF(L72="",0,Bandeau!$I$7),IF(L73="",0,Bandeau!$I$7),IF(L74="",0,Bandeau!$I$7),IF(L75="",0,Bandeau!$I$7),IF(L76="",0,Bandeau!$I$7)))
F73: =IF(E73=Bun!$A$4,Bun!$E$4,IF(E73=Bun!$A$5,Bun!$E$5,IF(E73=Bun!$A$6,Bun!$E$6,IF(E73=Bun!$A$7,Bun!$E$7,IF(E73=Bun!$A$8,Bun!$E$8,""))))) | H73: =IF(G73=Modulable!$A$4,Modulable!$E$4,IF(G73=Modulable!$A$5,Modulable!$E$5,IF(G73=Modulable!$A$6,Modulable!$E$6,IF(G73=Modulable!$A$7,Modulable!$E$7,IF(G73=Modulable!$A$8,Modulable!$E$8,""))))) | J73: =IF(I73=Plissé!$A$4,Plissé!$E$4,IF(I73=Plissé!$A$5,Plissé!$E$5,IF(I73=Plissé!$A$6,Plissé!$E$6,IF(I73=Plissé!$A$7,Plissé!$E$7,IF(I73=Plissé!$A$8,Plissé!$E$8,""))))) | L73: =IF(K73=Bandeau!$A$4,Bandeau!$E$4,IF(K73=Bandeau!$A$5,Bandeau!$E$5,IF(K73=Bandeau!$A$6,Bandeau!$E$6,IF(K73=Bandeau!$A$7,Bandeau!$E$7,IF(K73=Bandeau!$A$8,Bandeau!$E$8,IF(K73=Bandeau!$A$9,Bandeau!$E$9,IF(K73=Bandeau!$A$10,Bandeau!$E$10,IF(K73=Bandeau!$A$11,Bandeau!$E$11,IF(K73=Bandeau!$A$12,Bandeau!$E$12,""))))))))) | P73: =IF(C73="","",SUM(IF(E73="",0,Bun!$I$7),IF(E74="",0,Bun!$I$7),IF(E75="",0,Bun!$I$7),IF(E76="",0,Bun!$I$7),IF(E77="",0,Bun!$I$7),IF(G74="",0,Modulable!$I$7),IF(G75="",0,Modulable!$I$7),IF(G76="",0,Modulable!$I$7),IF(G77="",0,Modulable!$I$7),IF(G73="",0,Modulable!$I$7),IF(I73="",0,Plissé!$I$7),IF(I74="",0,Plissé!$I$7),IF(I75="",0,Plissé!$I$7),IF(I76="",0,Plissé!$I$7),IF(I77="",0,Plissé!$I$7),IF(L73="",0,Bandeau!$I$7),IF(L74="",0,Bandeau!$I$7),IF(L75="",0,Bandeau!$I$7),IF(L76="",0,Bandeau!$I$7),IF(L77="",0,Bandeau!$I$7)))
A74: =IF('[1]Registre des ventes'!B20="","",'[1]Registre des ventes'!B20) -> 42881 | B74: =IF('[1]Registre des ventes'!C20="","",'[1]Registre des ventes'!C20) -> 10015 | C74: =IF('[1]Registre des ventes'!D20="","",'[1]Registre des ventes'!D20) -> 25 | D74: =IF(C74="","",IF(C74<90,"Payé par le client",6)) -> Payé par le client | F74: =IF(E74=Bun!$A$4,Bun!$E$4,IF(E74=Bun!$A$5,Bun!$E$5,IF(E74=Bun!$A$6,Bun!$E$6,IF(E74=Bun!$A$7,Bun!$E$7,IF(E74=Bun!$A$8,Bun!$E$8,""))))) | H74: =IF(G74=Modulable!$A$4,Modulable!$E$4,IF(G74=Modulable!$A$5,Modulable!$E$5,IF(G74=Modulable!$A$6,Modulable!$E$6,IF(G74=Modulable!$A$7,Modulable!$E$7,IF(G74=Modulable!$A$8,Modulable!$E$8,""))))) | J74: =IF(I74=Plissé!$A$4,Plissé!$E$4,IF(I74=Plissé!$A$5,Plissé!$E$5,IF(I74=Plissé!$A$6,Plissé!$E$6,IF(I74=Plissé!$A$7,Plissé!$E$7,IF(I74=Plissé!$A$8,Plissé!$E$8,""))))) | K74: Bandeau Marinière | L74: =IF(K74=Bandeau!$A$4,Bandeau!$E$4,IF(K74=Bandeau!$A$5,Bandeau!$E$5,IF(K74=Bandeau!$A$6,Bandeau!$E$6,IF(K74=Bandeau!$A$7,Bandeau!$E$7,IF(K74=Bandeau!$A$8,Bandeau!$E$8,IF(K74=Bandeau!$A$9,Bandeau!$E$9,IF(K74=Bandeau!$A$10,Bandeau!$E$10,IF(K74=Bandeau!$A$11,Bandeau!$E$11,IF(K74=Bandeau!$A$12,Bandeau!$E$12,""))))))))) -> 16.488571 | M74: =IF(C74="","",(1.5)) -> 1.5 | N74: =IF(C74="","",0.25+((1.4*C74)/100)) -> 0.6 | O74: =IF(C74="","",C74-SUM(D74,F74:F78,H74:H78,J74:J78,L74:L78,N74)) -> 7.9114286 | P74: =IF(C74="","",SUM(IF(E74="",0,Bun!$I$7),IF(E75="",0,Bun!$I$7),IF(E76="",0,Bun!$I$7),IF(E77="",0,Bun!$I$7),IF(E78="",0,Bun!$I$7),IF(G75="",0,Modulable!$I$7),IF(G76="",0,Modulable!$I$7),IF(G77="",0,Modulable!$I$7),IF(G78="",0,Modulable!$I$7),IF(G74="",0,Modulable!$I$7),IF(I74="",0,Plissé!$I$7),IF(I75="",0,Plissé!$I$7),IF(I76="",0,Plissé!$I$7),IF(I77="",0,Plissé!$I$7),IF(I78="",0,Plissé!$I$7),IF(L74="",0,Bandeau!$I$7),IF(L75="",0,Bandeau!$I$7),IF(L76="",0,Bandeau!$I$7),IF(L77="",0,Bandeau!$I$7),IF(L78="",0,Bandeau!$I$7))) -> 13.5
F75: =IF(E75=Bun!$A$4,Bun!$E$4,IF(E75=Bun!$A$5,Bun!$E$5,IF(E75=Bun!$A$6,Bun!$E$6,IF(E75=Bun!$A$7,Bun!$E$7,IF(E75=Bun!$A$8,Bun!$E$8,""))))) | H75: =IF(G75=Modulable!$A$4,Modulable!$E$4,IF(G75=Modulable!$A$5,Modulable!$E$5,IF(G75=Modulable!$A$6,Modulable!$E$6,IF(G75=Modulable!$A$7,Modulable!$E$7,IF(G75=Modulable!$A$8,Modulable!$E$8,""))))) | J75: =IF(I75=Plissé!$A$4,Plissé!$E$4,IF(I75=Plissé!$A$5,Plissé!$E$5,IF(I75=Plissé!$A$6,Plissé!$E$6,IF(I75=Plissé!$A$7,Plissé!$E$7,IF(I75=Plissé!$A$8,Plissé!$E$8,""))))) | L75: =IF(K75=Bandeau!$A$4,Bandeau!$E$4,IF(K75=Bandeau!$A$5,Bandeau!$E$5,IF(K75=Bandeau!$A$6,Bandeau!$E$6,IF(K75=Bandeau!$A$7,Bandeau!$E$7,IF(K75=Bandeau!$A$8,Bandeau!$E$8,IF(K75=Bandeau!$A$9,Bandeau!$E$9,IF(K75=Bandeau!$A$10,Bandeau!$E$10,IF(K75=Bandeau!$A$11,Bandeau!$E$11,IF(K75=Bandeau!$A$12,Bandeau!$E$12,""))))))))) | P75: =IF(C75="","",SUM(IF(E75="",0,Bun!$I$7),IF(E76="",0,Bun!$I$7),IF(E77="",0,Bun!$I$7),IF(E78="",0,Bun!$I$7),IF(E79="",0,Bun!$I$7),IF(G76="",0,Modulable!$I$7),IF(G77="",0,Modulable!$I$7),IF(G78="",0,Modulable!$I$7),IF(G79="",0,Modulable!$I$7),IF(G75="",0,Modulable!$I$7),IF(I75="",0,Plissé!$I$7),IF(I76="",0,Plissé!$I$7),IF(I77="",0,Plissé!$I$7),IF(I78="",0,Plissé!$I$7),IF(I79="",0,Plissé!$I$7),IF(L75="",0,Bandeau!$I$7),IF(L76="",0,Bandeau!$I$7),IF(L77="",0,Bandeau!$I$7),IF(L78="",0,Bandeau!$I$7),IF(L79="",0,Bandeau!$I$7)))
F76: =IF(E76=Bun!$A$4,Bun!$E$4,IF(E76=Bun!$A$5,Bun!$E$5,IF(E76=Bun!$A$6,Bun!$E$6,IF(E76=Bun!$A$7,Bun!$E$7,IF(E76=Bun!$A$8,Bun!$E$8,""))))) | H76: =IF(G76=Modulable!$A$4,Modulable!$E$4,IF(G76=Modulable!$A$5,Modulable!$E$5,IF(G76=Modulable!$A$6,Modulable!$E$6,IF(G76=Modulable!$A$7,Modulable!$E$7,IF(G76=Modulable!$A$8,Modulable!$E$8,""))))) | J76: =IF(I76=Plissé!$A$4,Plissé!$E$4,IF(I76=Plissé!$A$5,Plissé!$E$5,IF(I76=Plissé!$A$6,Plissé!$E$6,IF(I76=Plissé!$A$7,Plissé!$E$7,IF(I76=Plissé!$A$8,Plissé!$E$8,""))))) | L76: =IF(K76=Bandeau!$A$4,Bandeau!$E$4,IF(K76=Bandeau!$A$5,Bandeau!$E$5,IF(K76=Bandeau!$A$6,Bandeau!$E$6,IF(K76=Bandeau!$A$7,Bandeau!$E$7,IF(K76=Bandeau!$A$8,Bandeau!$E$8,IF(K76=Bandeau!$A$9,Bandeau!$E$9,IF(K76=Bandeau!$A$10,Bandeau!$E$10,IF(K76=Bandeau!$A$11,Bandeau!$E$11,IF(K76=Bandeau!$A$12,Bandeau!$E$12,""))))))))) | P76: =IF(C76="","",SUM(IF(E76="",0,Bun!$I$7),IF(E77="",0,Bun!$I$7),IF(E78="",0,Bun!$I$7),IF(E79="",0,Bun!$I$7),IF(E80="",0,Bun!$I$7),IF(G77="",0,Modulable!$I$7),IF(G78="",0,Modulable!$I$7),IF(G79="",0,Modulable!$I$7),IF(G80="",0,Modulable!$I$7),IF(G76="",0,Modulable!$I$7),IF(I76="",0,Plissé!$I$7),IF(I77="",0,Plissé!$I$7),IF(I78="",0,Plissé!$I$7),IF(I79="",0,Plissé!$I$7),IF(I80="",0,Plissé!$I$7),IF(L76="",0,Bandeau!$I$7),IF(L77="",0,Bandeau!$I$7),IF(L78="",0,Bandeau!$I$7),IF(L79="",0,Bandeau!$I$7),IF(L80="",0,Bandeau!$I$7)))
F77: =IF(E77=Bun!$A$4,Bun!$E$4,IF(E77=Bun!$A$5,Bun!$E$5,IF(E77=Bun!$A$6,Bun!$E$6,IF(E77=Bun!$A$7,Bun!$E$7,IF(E77=Bun!$A$8,Bun!$E$8,""))))) | H77: =IF(G77=Modulable!$A$4,Modulable!$E$4,IF(G77=Modulable!$A$5,Modulable!$E$5,IF(G77=Modulable!$A$6,Modulable!$E$6,IF(G77=Modulable!$A$7,Modulable!$E$7,IF(G77=Modulable!$A$8,Modulable!$E$8,""))))) | J77: =IF(I77=Plissé!$A$4,Plissé!$E$4,IF(I77=Plissé!$A$5,Plissé!$E$5,IF(I77=Plissé!$A$6,Plissé!$E$6,IF(I77=Plissé!$A$7,Plissé!$E$7,IF(I77=Plissé!$A$8,Plissé!$E$8,""))))) | L77: =IF(K77=Bandeau!$A$4,Bandeau!$E$4,IF(K77=Bandeau!$A$5,Bandeau!$E$5,IF(K77=Bandeau!$A$6,Bandeau!$E$6,IF(K77=Bandeau!$A$7,Bandeau!$E$7,IF(K77=Bandeau!$A$8,Bandeau!$E$8,IF(K77=Bandeau!$A$9,Bandeau!$E$9,IF(K77=Bandeau!$A$10,Bandeau!$E$10,IF(K77=Bandeau!$A$11,Bandeau!$E$11,IF(K77=Bandeau!$A$12,Bandeau!$E$12,""))))))))) | P77: =IF(C77="","",SUM(IF(E77="",0,Bun!$I$7),IF(E78="",0,Bun!$I$7),IF(E79="",0,Bun!$I$7),IF(E80="",0,Bun!$I$7),IF(E81="",0,Bun!$I$7),IF(G78="",0,Modulable!$I$7),IF(G79="",0,Modulable!$I$7),IF(G80="",0,Modulable!$I$7),IF(G81="",0,Modulable!$I$7),IF(G77="",0,Modulable!$I$7),IF(I77="",0,Plissé!$I$7),IF(I78="",0,Plissé!$I$7),IF(I79="",0,Plissé!$I$7),IF(I80="",0,Plissé!$I$7),IF(I81="",0,Plissé!$I$7),IF(L77="",0,Bandeau!$I$7),IF(L78="",0,Bandeau!$I$7),IF(L79="",0,Bandeau!$I$7),IF(L80="",0,Bandeau!$I$7),IF(L81="",0,Bandeau!$I$7)))
F78: =IF(E78=Bun!$A$4,Bun!$E$4,IF(E78=Bun!$A$5,Bun!$E$5,IF(E78=Bun!$A$6,Bun!$E$6,IF(E78=Bun!$A$7,Bun!$E$7,IF(E78=Bun!$A$8,Bun!$E$8,""))))) | H78: =IF(G78=Modulable!$A$4,Modulable!$E$4,IF(G78=Modulable!$A$5,Modulable!$E$5,IF(G78=Modulable!$A$6,Modulable!$E$6,IF(G78=Modulable!$A$7,Modulable!$E$7,IF(G78=Modulable!$A$8,Modulable!$E$8,""))))) | J78: =IF(I78=Plissé!$A$4,Plissé!$E$4,IF(I78=Plissé!$A$5,Plissé!$E$5,IF(I78=Plissé!$A$6,Plissé!$E$6,IF(I78=Plissé!$A$7,Plissé!$E$7,IF(I78=Plissé!$A$8,Plissé!$E$8,""))))) | L78: =IF(K78=Bandeau!$A$4,Bandeau!$E$4,IF(K78=Bandeau!$A$5,Bandeau!$E$5,IF(K78=Bandeau!$A$6,Bandeau!$E$6,IF(K78=Bandeau!$A$7,Bandeau!$E$7,IF(K78=Bandeau!$A$8,Bandeau!$E$8,IF(K78=Bandeau!$A$9,Bandeau!$E$9,IF(K78=Bandeau!$A$10,Bandeau!$E$10,IF(K78=Bandeau!$A$11,Bandeau!$E$11,IF(K78=Bandeau!$A$12,Bandeau!$E$12,""))))))))) | P78: =IF(C78="","",SUM(IF(E78="",0,Bun!$I$7),IF(E79="",0,Bun!$I$7),IF(E80="",0,Bun!$I$7),IF(E81="",0,Bun!$I$7),IF(E82="",0,Bun!$I$7),IF(G79="",0,Modulable!$I$7),IF(G80="",0,Modulable!$I$7),IF(G81="",0,Modulable!$I$7),IF(G82="",0,Modulable!$I$7),IF(G78="",0,Modulable!$I$7),IF(I78="",0,Plissé!$I$7),IF(I79="",0,Plissé!$I$7),IF(I80="",0,Plissé!$I$7),IF(I81="",0,Plissé!$I$7),IF(I82="",0,Plissé!$I$7),IF(L78="",0,Bandeau!$I$7),IF(L79="",0,Bandeau!$I$7),IF(L80="",0,Bandeau!$I$7),IF(L81="",0,Bandeau!$I$7),IF(L82="",0,Bandeau!$I$7)))
A79: =IF('[1]Registre des ventes'!B21="","",'[1]Registre des ventes'!B21) -> 42885 | B79: =IF('[1]Registre des ventes'!C21="","",'[1]Registre des ventes'!C21) -> 10016 | C79: =IF('[1]Registre des ventes'!D21="","",'[1]Registre des ventes'!D21) -> 30 | D79: =IF(C79="","",IF(C79<90,"Payé par le client",6)) -> Payé par le client | F79: =IF(E79=Bun!$A$4,Bun!$E$4,IF(E79=Bun!$A$5,Bun!$E$5,IF(E79=Bun!$A$6,Bun!$E$6,IF(E79=Bun!$A$7,Bun!$E$7,IF(E79=Bun!$A$8,Bun!$E$8,""))))) | H79: =IF(G79=Modulable!$A$4,Modulable!$E$4,IF(G79=Modulable!$A$5,Modulable!$E$5,IF(G79=Modulable!$A$6,Modulable!$E$6,IF(G79=Modulable!$A$7,Modulable!$E$7,IF(G79=Modulable!$A$8,Modulable!$E$8,""))))) | J79: =IF(I79=Plissé!$A$4,Plissé!$E$4,IF(I79=Plissé!$A$5,Plissé!$E$5,IF(I79=Plissé!$A$6,Plissé!$E$6,IF(I79=Plissé!$A$7,Plissé!$E$7,IF(I79=Plissé!$A$8,Plissé!$E$8,""))))) | K79: Bandeau Cherry | L79: =IF(K79=Bandeau!$A$4,Bandeau!$E$4,IF(K79=Bandeau!$A$5,Bandeau!$E$5,IF(K79=Bandeau!$A$6,Bandeau!$E$6,IF(K79=Bandeau!$A$7,Bandeau!$E$7,IF(K79=Bandeau!$A$8,Bandeau!$E$8,IF(K79=Bandeau!$A$9,Bandeau!$E$9,IF(K79=Bandeau!$A$10,Bandeau!$E$10,IF(K79=Bandeau!$A$11,Bandeau!$E$11,IF(K79=Bandeau!$A$12,Bandeau!$E$12,""))))))))) -> 17.687273 | M79: =IF(C79="","",(1.5)) -> 1.5 | N79: =IF(C79="","",0.25+((1.4*C79)/100)) -> 0.67 | O79: =IF(C79="","",C79-SUM(D79,F79:F83,H79:H83,J79:J83,L79:L83,N79)) -> 11.642727 | P79: =IF(C79="","",SUM(IF(E79="",0,Bun!$I$7),IF(E80="",0,Bun!$I$7),IF(E81="",0,Bun!$I$7),IF(E82="",0,Bun!$I$7),IF(E83="",0,Bun!$I$7),IF(G80="",0,Modulable!$I$7),IF(G81="",0,Modulable!$I$7),IF(G82="",0,Modulable!$I$7),IF(G83="",0,Modulable!$I$7),IF(G79="",0,Modulable!$I$7),IF(I79="",0,Plissé!$I$7),IF(I80="",0,Plissé!$I$7),IF(I81="",0,Plissé!$I$7),IF(I82="",0,Plissé!$I$7),IF(I83="",0,Plissé!$I$7),IF(L79="",0,Bandeau!$I$7),IF(L80="",0,Bandeau!$I$7),IF(L81="",0,Bandeau!$I$7),IF(L82="",0,Bandeau!$I$7),IF(L83="",0,Bandeau!$I$7))) -> 13.5
F80: =IF(E80=Bun!$A$4,Bun!$E$4,IF(E80=Bun!$A$5,Bun!$E$5,IF(E80=Bun!$A$6,Bun!$E$6,IF(E80=Bun!$A$7,Bun!$E$7,IF(E80=Bun!$A$8,Bun!$E$8,""))))) | H80: =IF(G80=Modulable!$A$4,Modulable!$E$4,IF(G80=Modulable!$A$5,Modulable!$E$5,IF(G80=Modulable!$A$6,Modulable!$E$6,IF(G80=Modulable!$A$7,Modulable!$E$7,IF(G80=Modulable!$A$8,Modulable!$E$8,""))))) | J80: =IF(I80=Plissé!$A$4,Plissé!$E$4,IF(I80=Plissé!$A$5,Plissé!$E$5,IF(I80=Plissé!$A$6,Plissé!$E$6,IF(I80=Plissé!$A$7,Plissé!$E$7,IF(I80=Plissé!$A$8,Plissé!$E$8,""))))) | L80: =IF(K80=Bandeau!$A$4,Bandeau!$E$4,IF(K80=Bandeau!$A$5,Bandeau!$E$5,IF(K80=Bandeau!$A$6,Bandeau!$E$6,IF(K80=Bandeau!$A$7,Bandeau!$E$7,IF(K80=Bandeau!$A$8,Bandeau!$E$8,IF(K80=Bandeau!$A$9,Bandeau!$E$9,IF(K80=Bandeau!$A$10,Bandeau!$E$10,IF(K80=Bandeau!$A$11,Bandeau!$E$11,IF(K80=Bandeau!$A$12,Bandeau!$E$12,""))))))))) | P80: =IF(C80="","",SUM(IF(E80="",0,Bun!$I$7),IF(E81="",0,Bun!$I$7),IF(E82="",0,Bun!$I$7),IF(E83="",0,Bun!$I$7),IF(E84="",0,Bun!$I$7),IF(G81="",0,Modulable!$I$7),IF(G82="",0,Modulable!$I$7),IF(G83="",0,Modulable!$I$7),IF(G84="",0,Modulable!$I$7),IF(G80="",0,Modulable!$I$7),IF(I80="",0,Plissé!$I$7),IF(I81="",0,Plissé!$I$7),IF(I82="",0,Plissé!$I$7),IF(I83="",0,Plissé!$I$7),IF(I84="",0,Plissé!$I$7),IF(L80="",0,Bandeau!$I$7),IF(L81="",0,Bandeau!$I$7),IF(L82="",0,Bandeau!$I$7),IF(L83="",0,Bandeau!$I$7),IF(L84="",0,Bandeau!$I$7)))
F81: =IF(E81=Bun!$A$4,Bun!$E$4,IF(E81=Bun!$A$5,Bun!$E$5,IF(E81=Bun!$A$6,Bun!$E$6,IF(E81=Bun!$A$7,Bun!$E$7,IF(E81=Bun!$A$8,Bun!$E$8,""))))) | H81: =IF(G81=Modulable!$A$4,Modulable!$E$4,IF(G81=Modulable!$A$5,Modulable!$E$5,IF(G81=Modulable!$A$6,Modulable!$E$6,IF(G81=Modulable!$A$7,Modulable!$E$7,IF(G81=Modulable!$A$8,Modulable!$E$8,""))))) | J81: =IF(I81=Plissé!$A$4,Plissé!$E$4,IF(I81=Plissé!$A$5,Plissé!$E$5,IF(I81=Plissé!$A$6,Plissé!$E$6,IF(I81=Plissé!$A$7,Plissé!$E$7,IF(I81=Plissé!$A$8,Plissé!$E$8,""))))) | L81: =IF(K81=Bandeau!$A$4,Bandeau!$E$4,IF(K81=Bandeau!$A$5,Bandeau!$E$5,IF(K81=Bandeau!$A$6,Bandeau!$E$6,IF(K81=Bandeau!$A$7,Bandeau!$E$7,IF(K81=Bandeau!$A$8,Bandeau!$E$8,IF(K81=Bandeau!$A$9,Bandeau!$E$9,IF(K81=Bandeau!$A$10,Bandeau!$E$10,IF(K81=Bandeau!$A$11,Bandeau!$E$11,IF(K81=Bandeau!$A$12,Bandeau!$E$12,""))))))))) | P81: =IF(C81="","",SUM(IF(E81="",0,Bun!$I$7),IF(E82="",0,Bun!$I$7),IF(E83="",0,Bun!$I$7),IF(E84="",0,Bun!$I$7),IF(E85="",0,Bun!$I$7),IF(G82="",0,Modulable!$I$7),IF(G83="",0,Modulable!$I$7),IF(G84="",0,Modulable!$I$7),IF(G85="",0,Modulable!$I$7),IF(G81="",0,Modulable!$I$7),IF(I81="",0,Plissé!$I$7),IF(I82="",0,Plissé!$I$7),IF(I83="",0,Plissé!$I$7),IF(I84="",0,Plissé!$I$7),IF(I85="",0,Plissé!$I$7),IF(L81="",0,Bandeau!$I$7),IF(L82="",0,Bandeau!$I$7),IF(L83="",0,Bandeau!$I$7),IF(L84="",0,Bandeau!$I$7),IF(L85="",0,Bandeau!$I$7)))
F82: =IF(E82=Bun!$A$4,Bun!$E$4,IF(E82=Bun!$A$5,Bun!$E$5,IF(E82=Bun!$A$6,Bun!$E$6,IF(E82=Bun!$A$7,Bun!$E$7,IF(E82=Bun!$A$8,Bun!$E$8,""))))) | H82: =IF(G82=Modulable!$A$4,Modulable!$E$4,IF(G82=Modulable!$A$5,Modulable!$E$5,IF(G82=Modulable!$A$6,Modulable!$E$6,IF(G82=Modulable!$A$7,Modulable!$E$7,IF(G82=Modulable!$A$8,Modulable!$E$8,""))))) | J82: =IF(I82=Plissé!$A$4,Plissé!$E$4,IF(I82=Plissé!$A$5,Plissé!$E$5,IF(I82=Plissé!$A$6,Plissé!$E$6,IF(I82=Plissé!$A$7,Plissé!$E$7,IF(I82=Plissé!$A$8,Plissé!$E$8,""))))) | L82: =IF(K82=Bandeau!$A$4,Bandeau!$E$4,IF(K82=Bandeau!$A$5,Bandeau!$E$5,IF(K82=Bandeau!$A$6,Bandeau!$E$6,IF(K82=Bandeau!$A$7,Bandeau!$E$7,IF(K82=Bandeau!$A$8,Bandeau!$E$8,IF(K82=Bandeau!$A$9,Bandeau!$E$9,IF(K82=Bandeau!$A$10,Bandeau!$E$10,IF(K82=Bandeau!$A$11,Bandeau!$E$11,IF(K82=Bandeau!$A$12,Bandeau!$E$12,""))))))))) | P82: =IF(C82="","",SUM(IF(E82="",0,Bun!$I$7),IF(E83="",0,Bun!$I$7),IF(E84="",0,Bun!$I$7),IF(E85="",0,Bun!$I$7),IF(E86="",0,Bun!$I$7),IF(G83="",0,Modulable!$I$7),IF(G84="",0,Modulable!$I$7),IF(G85="",0,Modulable!$I$7),IF(G86="",0,Modulable!$I$7),IF(G82="",0,Modulable!$I$7),IF(I82="",0,Plissé!$I$7),IF(I83="",0,Plissé!$I$7),IF(I84="",0,Plissé!$I$7),IF(I85="",0,Plissé!$I$7),IF(I86="",0,Plissé!$I$7),IF(L82="",0,Bandeau!$I$7),IF(L83="",0,Bandeau!$I$7),IF(L84="",0,Bandeau!$I$7),IF(L85="",0,Bandeau!$I$7),IF(L86="",0,Bandeau!$I$7)))
F83: =IF(E83=Bun!$A$4,Bun!$E$4,IF(E83=Bun!$A$5,Bun!$E$5,IF(E83=Bun!$A$6,Bun!$E$6,IF(E83=Bun!$A$7,Bun!$E$7,IF(E83=Bun!$A$8,Bun!$E$8,""))))) | H83: =IF(G83=Modulable!$A$4,Modulable!$E$4,IF(G83=Modulable!$A$5,Modulable!$E$5,IF(G83=Modulable!$A$6,Modulable!$E$6,IF(G83=Modulable!$A$7,Modulable!$E$7,IF(G83=Modulable!$A$8,Modulable!$E$8,""))))) | J83: =IF(I83=Plissé!$A$4,Plissé!$E$4,IF(I83=Plissé!$A$5,Plissé!$E$5,IF(I83=Plissé!$A$6,Plissé!$E$6,IF(I83=Plissé!$A$7,Plissé!$E$7,IF(I83=Plissé!$A$8,Plissé!$E$8,""))))) | L83: =IF(K83=Bandeau!$A$4,Bandeau!$E$4,IF(K83=Bandeau!$A$5,Bandeau!$E$5,IF(K83=Bandeau!$A$6,Bandeau!$E$6,IF(K83=Bandeau!$A$7,Bandeau!$E$7,IF(K83=Bandeau!$A$8,Bandeau!$E$8,IF(K83=Bandeau!$A$9,Bandeau!$E$9,IF(K83=Bandeau!$A$10,Bandeau!$E$10,IF(K83=Bandeau!$A$11,Bandeau!$E$11,IF(K83=Bandeau!$A$12,Bandeau!$E$12,""))))))))) | P83: =IF(C83="","",SUM(IF(E83="",0,Bun!$I$7),IF(E84="",0,Bun!$I$7),IF(E85="",0,Bun!$I$7),IF(E86="",0,Bun!$I$7),IF(E87="",0,Bun!$I$7),IF(G84="",0,Modulable!$I$7),IF(G85="",0,Modulable!$I$7),IF(G86="",0,Modulable!$I$7),IF(G87="",0,Modulable!$I$7),IF(G83="",0,Modulable!$I$7),IF(I83="",0,Plissé!$I$7),IF(I84="",0,Plissé!$I$7),IF(I85="",0,Plissé!$I$7),IF(I86="",0,Plissé!$I$7),IF(I87="",0,Plissé!$I$7),IF(L83="",0,Bandeau!$I$7),IF(L84="",0,Bandeau!$I$7),IF(L85="",0,Bandeau!$I$7),IF(L86="",0,Bandeau!$I$7),IF(L87="",0,Bandeau!$I$7)))
A84: =IF('[1]Registre des ventes'!B31="","",'[1]Registre des ventes'!B31) -> 42896 | B84: =IF('[1]Registre des ventes'!C22="","",'[1]Registre des ventes'!C22) -> 10017 | C84: =IF('[1]Registre des ventes'!D22="","",'[1]Registre des ventes'!D22) -> 70 | D84: =IF(C84="","",IF(C84<90,"Payé par le client",6)) -> Payé par le client | F84: =IF(E84=Bun!$A$4,Bun!$E$4,IF(E84=Bun!$A$5,Bun!$E$5,IF(E84=Bun!$A$6,Bun!$E$6,IF(E84=Bun!$A$7,Bun!$E$7,IF(E84=Bun!$A$8,Bun!$E$8,""))))) | H84: =IF(G84=Modulable!$A$4,Modulable!$E$4,IF(G84=Modulable!$A$5,Modulable!$E$5,IF(G84=Modulable!$A$6,Modulable!$E$6,IF(G84=Modulable!$A$7,Modulable!$E$7,IF(G84=Modulable!$A$8,Modulable!$E$8,""))))) | I84: Plissé Bamako | J84: =IF(I84=Plissé!$A$4,Plissé!$E$4,IF(I84=Plissé!$A$5,Plissé!$E$5,IF(I84=Plissé!$A$6,Plissé!$E$6,IF(I84=Plissé!$A$7,Plissé!$E$7,IF(I84=Plissé!$A$8,Plissé!$E$8,""))))) -> 24.25 | K84: Bandeau Archipel | L84: =IF(K84=Bandeau!$A$4,Bandeau!$E$4,IF(K84=Bandeau!$A$5,Bandeau!$E$5,IF(K84=Bandeau!$A$6,Bandeau!$E$6,IF(K84=Bandeau!$A$7,Bandeau!$E$7,IF(K84=Bandeau!$A$8,Bandeau!$E$8,IF(K84=Bandeau!$A$9,Bandeau!$E$9,IF(K84=Bandeau!$A$10,Bandeau!$E$10,IF(K84=Bandeau!$A$11,Bandeau!$E$11,IF(K84=Bandeau!$A$12,Bandeau!$E$12,""))))))))) -> 17.85 | M84: =IF(C84="","",(1.5)) -> 1.5 | N84: =IF(C84="","",0.25+((1.4*C84)/100)) -> 1.23 | O84: =IF(C84="","",C84-SUM(D84,F84:F88,H84:H88,J84:J88,L84:L88,N84)) -> 26.67 | P84: =IF(C84="","",SUM(IF(E84="",0,Bun!$I$7),IF(E85="",0,Bun!$I$7),IF(E86="",0,Bun!$I$7),IF(E87="",0,Bun!$I$7),IF(E88="",0,Bun!$I$7),IF(G85="",0,Modulable!$I$7),IF(G86="",0,Modulable!$I$7),IF(G87="",0,Modulable!$I$7),IF(G88="",0,Modulable!$I$7),IF(G84="",0,Modulable!$I$7),IF(I84="",0,Plissé!$I$7),IF(I85="",0,Plissé!$I$7),IF(I86="",0,Plissé!$I$7),IF(I87="",0,Plissé!$I$7),IF(I88="",0,Plissé!$I$7),IF(L84="",0,Bandeau!$I$7),IF(L85="",0,Bandeau!$I$7),IF(L86="",0,Bandeau!$I$7),IF(L87="",0,Bandeau!$I$7),IF(L88="",0,Bandeau!$I$7))) -> 31.5
F85: =IF(E85=Bun!$A$4,Bun!$E$4,IF(E85=Bun!$A$5,Bun!$E$5,IF(E85=Bun!$A$6,Bun!$E$6,IF(E85=Bun!$A$7,Bun!$E$7,IF(E85=Bun!$A$8,Bun!$E$8,""))))) | H85: =IF(G85=Modulable!$A$4,Modulable!$E$4,IF(G85=Modulable!$A$5,Modulable!$E$5,IF(G85=Modulable!$A$6,Modulable!$E$6,IF(G85=Modulable!$A$7,Modulable!$E$7,IF(G85=Modulable!$A$8,Modulable!$E$8,""))))) | J85: =IF(I85=Plissé!$A$4,Plissé!$E$4,IF(I85=Plissé!$A$5,Plissé!$E$5,IF(I85=Plissé!$A$6,Plissé!$E$6,IF(I85=Plissé!$A$7,Plissé!$E$7,IF(I85=Plissé!$A$8,Plissé!$E$8,""))))) | L85: =IF(K85=Bandeau!$A$4,Bandeau!$E$4,IF(K85=Bandeau!$A$5,Bandeau!$E$5,IF(K85=Bandeau!$A$6,Bandeau!$E$6,IF(K85=Bandeau!$A$7,Bandeau!$E$7,IF(K85=Bandeau!$A$8,Bandeau!$E$8,IF(K85=Bandeau!$A$9,Bandeau!$E$9,IF(K85=Bandeau!$A$10,Bandeau!$E$10,IF(K85=Bandeau!$A$11,Bandeau!$E$11,IF(K85=Bandeau!$A$12,Bandeau!$E$12,""))))))))) | P85: =IF(C85="","",SUM(IF(E85="",0,Bun!$I$7),IF(E86="",0,Bun!$I$7),IF(E87="",0,Bun!$I$7),IF(E88="",0,Bun!$I$7),IF(E89="",0,Bun!$I$7),IF(G86="",0,Modulable!$I$7),IF(G87="",0,Modulable!$I$7),IF(G88="",0,Modulable!$I$7),IF(G89="",0,Modulable!$I$7),IF(G85="",0,Modulable!$I$7),IF(I85="",0,Plissé!$I$7),IF(I86="",0,Plissé!$I$7),IF(I87="",0,Plissé!$I$7),IF(I88="",0,Plissé!$I$7),IF(I89="",0,Plissé!$I$7),IF(L85="",0,Bandeau!$I$7),IF(L86="",0,Bandeau!$I$7),IF(L87="",0,Bandeau!$I$7),IF(L88="",0,Bandeau!$I$7),IF(L89="",0,Bandeau!$I$7)))
F86: =IF(E86=Bun!$A$4,Bun!$E$4,IF(E86=Bun!$A$5,Bun!$E$5,IF(E86=Bun!$A$6,Bun!$E$6,IF(E86=Bun!$A$7,Bun!$E$7,IF(E86=Bun!$A$8,Bun!$E$8,""))))) | H86: =IF(G86=Modulable!$A$4,Modulable!$E$4,IF(G86=Modulable!$A$5,Modulable!$E$5,IF(G86=Modulable!$A$6,Modulable!$E$6,IF(G86=Modulable!$A$7,Modulable!$E$7,IF(G86=Modulable!$A$8,Modulable!$E$8,""))))) | J86: =IF(I86=Plissé!$A$4,Plissé!$E$4,IF(I86=Plissé!$A$5,Plissé!$E$5,IF(I86=Plissé!$A$6,Plissé!$E$6,IF(I86=Plissé!$A$7,Plissé!$E$7,IF(I86=Plissé!$A$8,Plissé!$E$8,""))))) | L86: =IF(K86=Bandeau!$A$4,Bandeau!$E$4,IF(K86=Bandeau!$A$5,Bandeau!$E$5,IF(K86=Bandeau!$A$6,Bandeau!$E$6,IF(K86=Bandeau!$A$7,Bandeau!$E$7,IF(K86=Bandeau!$A$8,Bandeau!$E$8,IF(K86=Bandeau!$A$9,Bandeau!$E$9,IF(K86=Bandeau!$A$10,Bandeau!$E$10,IF(K86=Bandeau!$A$11,Bandeau!$E$11,IF(K86=Bandeau!$A$12,Bandeau!$E$12,""))))))))) | P86: =IF(C86="","",SUM(IF(E86="",0,Bun!$I$7),IF(E87="",0,Bun!$I$7),IF(E88="",0,Bun!$I$7),IF(E89="",0,Bun!$I$7),IF(E90="",0,Bun!$I$7),IF(G87="",0,Modulable!$I$7),IF(G88="",0,Modulable!$I$7),IF(G89="",0,Modulable!$I$7),IF(G90="",0,Modulable!$I$7),IF(G86="",0,Modulable!$I$7),IF(I86="",0,Plissé!$I$7),IF(I87="",0,Plissé!$I$7),IF(I88="",0,Plissé!$I$7),IF(I89="",0,Plissé!$I$7),IF(I90="",0,Plissé!$I$7),IF(L86="",0,Bandeau!$I$7),IF(L87="",0,Bandeau!$I$7),IF(L88="",0,Bandeau!$I$7),IF(L89="",0,Bandeau!$I$7),IF(L90="",0,Bandeau!$I$7)))
F87: =IF(E87=Bun!$A$4,Bun!$E$4,IF(E87=Bun!$A$5,Bun!$E$5,IF(E87=Bun!$A$6,Bun!$E$6,IF(E87=Bun!$A$7,Bun!$E$7,IF(E87=Bun!$A$8,Bun!$E$8,""))))) | H87: =IF(G87=Modulable!$A$4,Modulable!$E$4,IF(G87=Modulable!$A$5,Modulable!$E$5,IF(G87=Modulable!$A$6,Modulable!$E$6,IF(G87=Modulable!$A$7,Modulable!$E$7,IF(G87=Modulable!$A$8,Modulable!$E$8,""))))) | J87: =IF(I87=Plissé!$A$4,Plissé!$E$4,IF(I87=Plissé!$A$5,Plissé!$E$5,IF(I87=Plissé!$A$6,Plissé!$E$6,IF(I87=Plissé!$A$7,Plissé!$E$7,IF(I87=Plissé!$A$8,Plissé!$E$8,""))))) | L87: =IF(K87=Bandeau!$A$4,Bandeau!$E$4,IF(K87=Bandeau!$A$5,Bandeau!$E$5,IF(K87=Bandeau!$A$6,Bandeau!$E$6,IF(K87=Bandeau!$A$7,Bandeau!$E$7,IF(K87=Bandeau!$A$8,Bandeau!$E$8,IF(K87=Bandeau!$A$9,Bandeau!$E$9,IF(K87=Bandeau!$A$10,Bandeau!$E$10,IF(K87=Bandeau!$A$11,Bandeau!$E$11,IF(K87=Bandeau!$A$12,Bandeau!$E$12,""))))))))) | P87: =IF(C87="","",SUM(IF(E87="",0,Bun!$I$7),IF(E88="",0,Bun!$I$7),IF(E89="",0,Bun!$I$7),IF(E90="",0,Bun!$I$7),IF(E91="",0,Bun!$I$7),IF(G88="",0,Modulable!$I$7),IF(G89="",0,Modulable!$I$7),IF(G90="",0,Modulable!$I$7),IF(G91="",0,Modulable!$I$7),IF(G87="",0,Modulable!$I$7),IF(I87="",0,Plissé!$I$7),IF(I88="",0,Plissé!$I$7),IF(I89="",0,Plissé!$I$7),IF(I90="",0,Plissé!$I$7),IF(I91="",0,Plissé!$I$7),IF(L87="",0,Bandeau!$I$7),IF(L88="",0,Bandeau!$I$7),IF(L89="",0,Bandeau!$I$7),IF(L90="",0,Bandeau!$I$7),IF(L91="",0,Bandeau!$I$7)))
F88: =IF(E88=Bun!$A$4,Bun!$E$4,IF(E88=Bun!$A$5,Bun!$E$5,IF(E88=Bun!$A$6,Bun!$E$6,IF(E88=Bun!$A$7,Bun!$E$7,IF(E88=Bun!$A$8,Bun!$E$8,""))))) | H88: =IF(G88=Modulable!$A$4,Modulable!$E$4,IF(G88=Modulable!$A$5,Modulable!$E$5,IF(G88=Modulable!$A$6,Modulable!$E$6,IF(G88=Modulable!$A$7,Modulable!$E$7,IF(G88=Modulable!$A$8,Modulable!$E$8,""))))) | J88: =IF(I88=Plissé!$A$4,Plissé!$E$4,IF(I88=Plissé!$A$5,Plissé!$E$5,IF(I88=Plissé!$A$6,Plissé!$E$6,IF(I88=Plissé!$A$7,Plissé!$E$7,IF(I88=Plissé!$A$8,Plissé!$E$8,""))))) | L88: =IF(K88=Bandeau!$A$4,Bandeau!$E$4,IF(K88=Bandeau!$A$5,Bandeau!$E$5,IF(K88=Bandeau!$A$6,Bandeau!$E$6,IF(K88=Bandeau!$A$7,Bandeau!$E$7,IF(K88=Bandeau!$A$8,Bandeau!$E$8,IF(K88=Bandeau!$A$9,Bandeau!$E$9,IF(K88=Bandeau!$A$10,Bandeau!$E$10,IF(K88=Bandeau!$A$11,Bandeau!$E$11,IF(K88=Bandeau!$A$12,Bandeau!$E$12,""))))))))) | P88: =IF(C88="","",SUM(IF(E88="",0,Bun!$I$7),IF(E89="",0,Bun!$I$7),IF(E90="",0,Bun!$I$7),IF(E91="",0,Bun!$I$7),IF(E92="",0,Bun!$I$7),IF(G89="",0,Modulable!$I$7),IF(G90="",0,Modulable!$I$7),IF(G91="",0,Modulable!$I$7),IF(G92="",0,Modulable!$I$7),IF(G88="",0,Modulable!$I$7),IF(I88="",0,Plissé!$I$7),IF(I89="",0,Plissé!$I$7),IF(I90="",0,Plissé!$I$7),IF(I91="",0,Plissé!$I$7),IF(I92="",0,Plissé!$I$7),IF(L88="",0,Bandeau!$I$7),IF(L89="",0,Bandeau!$I$7),IF(L90="",0,Bandeau!$I$7),IF(L91="",0,Bandeau!$I$7),IF(L92="",0,Bandeau!$I$7)))
A89: =IF('[1]Registre des ventes'!B32="","",'[1]Registre des ventes'!B32) -> 42896 | B89: =IF('[1]Registre des ventes'!C23="","",'[1]Registre des ventes'!C23) -> 10018 | C89: =IF('[1]Registre des ventes'!D23="","",'[1]Registre des ventes'!D23) -> 50 | D89: =IF(C89="","",IF(C89<90,"Payé par le client",6)) -> Payé par le client | F89: =IF(E89=Bun!$A$4,Bun!$E$4,IF(E89=Bun!$A$5,Bun!$E$5,IF(E89=Bun!$A$6,Bun!$E$6,IF(E89=Bun!$A$7,Bun!$E$7,IF(E89=Bun!$A$8,Bun!$E$8,""))))) | G89: Modulable Archipel | H89: =IF(G89=Modulable!$A$4,Modulable!$E$4,IF(G89=Modulable!$A$5,Modulable!$E$5,IF(G89=Modulable!$A$6,Modulable!$E$6,IF(G89=Modulable!$A$7,Modulable!$E$7,IF(G89=Modulable!$A$8,Modulable!$E$8,""))))) -> 29.6 | J89: =IF(I89=Plissé!$A$4,Plissé!$E$4,IF(I89=Plissé!$A$5,Plissé!$E$5,IF(I89=Plissé!$A$6,Plissé!$E$6,IF(I89=Plissé!$A$7,Plissé!$E$7,IF(I89=Plissé!$A$8,Plissé!$E$8,""))))) | L89: =IF(K89=Bandeau!$A$4,Bandeau!$E$4,IF(K89=Bandeau!$A$5,Bandeau!$E$5,IF(K89=Bandeau!$A$6,Bandeau!$E$6,IF(K89=Bandeau!$A$7,Bandeau!$E$7,IF(K89=Bandeau!$A$8,Bandeau!$E$8,IF(K89=Bandeau!$A$9,Bandeau!$E$9,IF(K89=Bandeau!$A$10,Bandeau!$E$10,IF(K89=Bandeau!$A$11,Bandeau!$E$11,IF(K89=Bandeau!$A$12,Bandeau!$E$12,""))))))))) | M89: =IF(C89="","",(1.5)) -> 1.5 | N89: =IF(C89="","",0.25+((1.4*C89)/100)) -> 0.95 | O89: =IF(C89="","",C89-SUM(D89,F89:F93,H89:H93,J89:J93,L89:L93,N89)) -> 19.45 | P89: =IF(C89="","",SUM(IF(E89="",0,Bun!$I$7),IF(E90="",0,Bun!$I$7),IF(E91="",0,Bun!$I$7),IF(E92="",0,Bun!$I$7),IF(E93="",0,Bun!$I$7),IF(G90="",0,Modulable!$I$7),IF(G91="",0,Modulable!$I$7),IF(G92="",0,Modulable!$I$7),IF(G93="",0,Modulable!$I$7),IF(G89="",0,Modulable!$I$7),IF(I89="",0,Plissé!$I$7),IF(I90="",0,Plissé!$I$7),IF(I91="",0,Plissé!$I$7),IF(I92="",0,Plissé!$I$7),IF(I93="",0,Plissé!$I$7),IF(L89="",0,Bandeau!$I$7),IF(L90="",0,Bandeau!$I$7),IF(L91="",0,Bandeau!$I$7),IF(L92="",0,Bandeau!$I$7),IF(L93="",0,Bandeau!$I$7))) -> 18
F90: =IF(E90=Bun!$A$4,Bun!$E$4,IF(E90=Bun!$A$5,Bun!$E$5,IF(E90=Bun!$A$6,Bun!$E$6,IF(E90=Bun!$A$7,Bun!$E$7,IF(E90=Bun!$A$8,Bun!$E$8,""))))) | H90: =IF(G90=Modulable!$A$4,Modulable!$E$4,IF(G90=Modulable!$A$5,Modulable!$E$5,IF(G90=Modulable!$A$6,Modulable!$E$6,IF(G90=Modulable!$A$7,Modulable!$E$7,IF(G90=Modulable!$A$8,Modulable!$E$8,""))))) | J90: =IF(I90=Plissé!$A$4,Plissé!$E$4,IF(I90=Plissé!$A$5,Plissé!$E$5,IF(I90=Plissé!$A$6,Plissé!$E$6,IF(I90=Plissé!$A$7,Plissé!$E$7,IF(I90=Plissé!$A$8,Plissé!$E$8,""))))) | L90: =IF(K90=Bandeau!$A$4,Bandeau!$E$4,IF(K90=Bandeau!$A$5,Bandeau!$E$5,IF(K90=Bandeau!$A$6,Bandeau!$E$6,IF(K90=Bandeau!$A$7,Bandeau!$E$7,IF(K90=Bandeau!$A$8,Bandeau!$E$8,IF(K90=Bandeau!$A$9,Bandeau!$E$9,IF(K90=Bandeau!$A$10,Bandeau!$E$10,IF(K90=Bandeau!$A$11,Bandeau!$E$11,IF(K90=Bandeau!$A$12,Bandeau!$E$12,""))))))))) | P90: =IF(C90="","",SUM(IF(E90="",0,Bun!$I$7),IF(E91="",0,Bun!$I$7),IF(E92="",0,Bun!$I$7),IF(E93="",0,Bun!$I$7),IF(E94="",0,Bun!$I$7),IF(G91="",0,Modulable!$I$7),IF(G92="",0,Modulable!$I$7),IF(G93="",0,Modulable!$I$7),IF(G94="",0,Modulable!$I$7),IF(G90="",0,Modulable!$I$7),IF(I90="",0,Plissé!$I$7),IF(I91="",0,Plissé!$I$7),IF(I92="",0,Plissé!$I$7),IF(I93="",0,Plissé!$I$7),IF(I94="",0,Plissé!$I$7),IF(L90="",0,Bandeau!$I$7),IF(L91="",0,Bandeau!$I$7),IF(L92="",0,Bandeau!$I$7),IF(L93="",0,Bandeau!$I$7),IF(L94="",0,Bandeau!$I$7)))
F91: =IF(E91=Bun!$A$4,Bun!$E$4,IF(E91=Bun!$A$5,Bun!$E$5,IF(E91=Bun!$A$6,Bun!$E$6,IF(E91=Bun!$A$7,Bun!$E$7,IF(E91=Bun!$A$8,Bun!$E$8,""))))) | H91: =IF(G91=Modulable!$A$4,Modulable!$E$4,IF(G91=Modulable!$A$5,Modulable!$E$5,IF(G91=Modulable!$A$6,Modulable!$E$6,IF(G91=Modulable!$A$7,Modulable!$E$7,IF(G91=Modulable!$A$8,Modulable!$E$8,""))))) | J91: =IF(I91=Plissé!$A$4,Plissé!$E$4,IF(I91=Plissé!$A$5,Plissé!$E$5,IF(I91=Plissé!$A$6,Plissé!$E$6,IF(I91=Plissé!$A$7,Plissé!$E$7,IF(I91=Plissé!$A$8,Plissé!$E$8,""))))) | L91: =IF(K91=Bandeau!$A$4,Bandeau!$E$4,IF(K91=Bandeau!$A$5,Bandeau!$E$5,IF(K91=Bandeau!$A$6,Bandeau!$E$6,IF(K91=Bandeau!$A$7,Bandeau!$E$7,IF(K91=Bandeau!$A$8,Bandeau!$E$8,IF(K91=Bandeau!$A$9,Bandeau!$E$9,IF(K91=Bandeau!$A$10,Bandeau!$E$10,IF(K91=Bandeau!$A$11,Bandeau!$E$11,IF(K91=Bandeau!$A$12,Bandeau!$E$12,""))))))))) | P91: =IF(C91="","",SUM(IF(E91="",0,Bun!$I$7),IF(E92="",0,Bun!$I$7),IF(E93="",0,Bun!$I$7),IF(E94="",0,Bun!$I$7),IF(E95="",0,Bun!$I$7),IF(G92="",0,Modulable!$I$7),IF(G93="",0,Modulable!$I$7),IF(G94="",0,Modulable!$I$7),IF(G95="",0,Modulable!$I$7),IF(G91="",0,Modulable!$I$7),IF(I91="",0,Plissé!$I$7),IF(I92="",0,Plissé!$I$7),IF(I93="",0,Plissé!$I$7),IF(I94="",0,Plissé!$I$7),IF(I95="",0,Plissé!$I$7),IF(L91="",0,Bandeau!$I$7),IF(L92="",0,Bandeau!$I$7),IF(L93="",0,Bandeau!$I$7),IF(L94="",0,Bandeau!$I$7),IF(L95="",0,Bandeau!$I$7)))
F92: =IF(E92=Bun!$A$4,Bun!$E$4,IF(E92=Bun!$A$5,Bun!$E$5,IF(E92=Bun!$A$6,Bun!$E$6,IF(E92=Bun!$A$7,Bun!$E$7,IF(E92=Bun!$A$8,Bun!$E$8,""))))) | H92: =IF(G92=Modulable!$A$4,Modulable!$E$4,IF(G92=Modulable!$A$5,Modulable!$E$5,IF(G92=Modulable!$A$6,Modulable!$E$6,IF(G92=Modulable!$A$7,Modulable!$E$7,IF(G92=Modulable!$A$8,Modulable!$E$8,""))))) | J92: =IF(I92=Plissé!$A$4,Plissé!$E$4,IF(I92=Plissé!$A$5,Plissé!$E$5,IF(I92=Plissé!$A$6,Plissé!$E$6,IF(I92=Plissé!$A$7,Plissé!$E$7,IF(I92=Plissé!$A$8,Plissé!$E$8,""))))) | L92: =IF(K92=Bandeau!$A$4,Bandeau!$E$4,IF(K92=Bandeau!$A$5,Bandeau!$E$5,IF(K92=Bandeau!$A$6,Bandeau!$E$6,IF(K92=Bandeau!$A$7,Bandeau!$E$7,IF(K92=Bandeau!$A$8,Bandeau!$E$8,IF(K92=Bandeau!$A$9,Bandeau!$E$9,IF(K92=Bandeau!$A$10,Bandeau!$E$10,IF(K92=Bandeau!$A$11,Bandeau!$E$11,IF(K92=Bandeau!$A$12,Bandeau!$E$12,""))))))))) | P92: =IF(C92="","",SUM(IF(E92="",0,Bun!$I$7),IF(E93="",0,Bun!$I$7),IF(E94="",0,Bun!$I$7),IF(E95="",0,Bun!$I$7),IF(E96="",0,Bun!$I$7),IF(G93="",0,Modulable!$I$7),IF(G94="",0,Modulable!$I$7),IF(G95="",0,Modulable!$I$7),IF(G96="",0,Modulable!$I$7),IF(G92="",0,Modulable!$I$7),IF(I92="",0,Plissé!$I$7),IF(I93="",0,Plissé!$I$7),IF(I94="",0,Plissé!$I$7),IF(I95="",0,Plissé!$I$7),IF(I96="",0,Plissé!$I$7),IF(L92="",0,Bandeau!$I$7),IF(L93="",0,Bandeau!$I$7),IF(L94="",0,Bandeau!$I$7),IF(L95="",0,Bandeau!$I$7),IF(L96="",0,Bandeau!$I$7)))
F93: =IF(E93=Bun!$A$4,Bun!$E$4,IF(E93=Bun!$A$5,Bun!$E$5,IF(E93=Bun!$A$6,Bun!$E$6,IF(E93=Bun!$A$7,Bun!$E$7,IF(E93=Bun!$A$8,Bun!$E$8,""))))) | H93: =IF(G93=Modulable!$A$4,Modulable!$E$4,IF(G93=Modulable!$A$5,Modulable!$E$5,IF(G93=Modulable!$A$6,Modulable!$E$6,IF(G93=Modulable!$A$7,Modulable!$E$7,IF(G93=Modulable!$A$8,Modulable!$E$8,""))))) | J93: =IF(I93=Plissé!$A$4,Plissé!$E$4,IF(I93=Plissé!$A$5,Plissé!$E$5,IF(I93=Plissé!$A$6,Plissé!$E$6,IF(I93=Plissé!$A$7,Plissé!$E$7,IF(I93=Plissé!$A$8,Plissé!$E$8,""))))) | L93: =IF(K93=Bandeau!$A$4,Bandeau!$E$4,IF(K93=Bandeau!$A$5,Bandeau!$E$5,IF(K93=Bandeau!$A$6,Bandeau!$E$6,IF(K93=Bandeau!$A$7,Bandeau!$E$7,IF(K93=Bandeau!$A$8,Bandeau!$E$8,IF(K93=Bandeau!$A$9,Bandeau!$E$9,IF(K93=Bandeau!$A$10,Bandeau!$E$10,IF(K93=Bandeau!$A$11,Bandeau!$E$11,IF(K93=Bandeau!$A$12,Bandeau!$E$12,""))))))))) | P93: =IF(C93="","",SUM(IF(E93="",0,Bun!$I$7),IF(E94="",0,Bun!$I$7),IF(E95="",0,Bun!$I$7),IF(E96="",0,Bun!$I$7),IF(E97="",0,Bun!$I$7),IF(G94="",0,Modulable!$I$7),IF(G95="",0,Modulable!$I$7),IF(G96="",0,Modulable!$I$7),IF(G97="",0,Modulable!$I$7),IF(G93="",0,Modulable!$I$7),IF(I93="",0,Plissé!$I$7),IF(I94="",0,Plissé!$I$7),IF(I95="",0,Plissé!$I$7),IF(I96="",0,Plissé!$I$7),IF(I97="",0,Plissé!$I$7),IF(L93="",0,Bandeau!$I$7),IF(L94="",0,Bandeau!$I$7),IF(L95="",0,Bandeau!$I$7),IF(L96="",0,Bandeau!$I$7),IF(L97="",0,Bandeau!$I$7)))
A94: =IF('[1]Registre des ventes'!B33="","",'[1]Registre des ventes'!B33) -> 42898 | B94: =IF('[1]Registre des ventes'!C24="","",'[1]Registre des ventes'!C24) -> 10019 | C94: =IF('[1]Registre des ventes'!D24="","",'[1]Registre des ventes'!D24) -> 45 | D94: =IF(C94="","",IF(C94<90,"Payé par le client",6)) -> Payé par le client | F94: =IF(E94=Bun!$A$4,Bun!$E$4,IF(E94=Bun!$A$5,Bun!$E$5,IF(E94=Bun!$A$6,Bun!$E$6,IF(E94=Bun!$A$7,Bun!$E$7,IF(E94=Bun!$A$8,Bun!$E$8,""))))) | H94: =IF(G94=Modulable!$A$4,Modulable!$E$4,IF(G94=Modulable!$A$5,Modulable!$E$5,IF(G94=Modulable!$A$6,Modulable!$E$6,IF(G94=Modulable!$A$7,Modulable!$E$7,IF(G94=Modulable!$A$8,Modulable!$E$8,""))))) | I94: Plissé Lagos | J94: =IF(I94=Plissé!$A$4,Plissé!$E$4,IF(I94=Plissé!$A$5,Plissé!$E$5,IF(I94=Plissé!$A$6,Plissé!$E$6,IF(I94=Plissé!$A$7,Plissé!$E$7,IF(I94=Plissé!$A$8,Plissé!$E$8,""))))) -> 24.25 | L94: =IF(K94=Bandeau!$A$4,Bandeau!$E$4,IF(K94=Bandeau!$A$5,Bandeau!$E$5,IF(K94=Bandeau!$A$6,Bandeau!$E$6,IF(K94=Bandeau!$A$7,Bandeau!$E$7,IF(K94=Bandeau!$A$8,Bandeau!$E$8,IF(K94=Bandeau!$A$9,Bandeau!$E$9,IF(K94=Bandeau!$A$10,Bandeau!$E$10,IF(K94=Bandeau!$A$11,Bandeau!$E$11,IF(K94=Bandeau!$A$12,Bandeau!$E$12,""))))))))) | M94: =IF(C94="","",(1.5)) -> 1.5 | N94: =IF(C94="","",0.25+((1.4*C94)/100)) -> 0.88 | O94: =IF(C94="","",C94-SUM(D94,F94:F98,H94:H98,J94:J98,L94:L98,N94)) -> 19.87 | P94: =IF(C94="","",SUM(IF(E94="",0,Bun!$I$7),IF(E95="",0,Bun!$I$7),IF(E96="",0,Bun!$I$7),IF(E97="",0,Bun!$I$7),IF(E98="",0,Bun!$I$7),IF(G95="",0,Modulable!$I$7),IF(G96="",0,Modulable!$I$7),IF(G97="",0,Modulable!$I$7),IF(G98="",0,Modulable!$I$7),IF(G94="",0,Modulable!$I$7),IF(I94="",0,Plissé!$I$7),IF(I95="",0,Plissé!$I$7),IF(I96="",0,Plissé!$I$7),IF(I97="",0,Plissé!$I$7),IF(I98="",0,Plissé!$I$7),IF(L94="",0,Bandeau!$I$7),IF(L95="",0,Bandeau!$I$7),IF(L96="",0,Bandeau!$I$7),IF(L97="",0,Bandeau!$I$7),IF(L98="",0,Bandeau!$I$7))) -> 18
F95: =IF(E95=Bun!$A$4,Bun!$E$4,IF(E95=Bun!$A$5,Bun!$E$5,IF(E95=Bun!$A$6,Bun!$E$6,IF(E95=Bun!$A$7,Bun!$E$7,IF(E95=Bun!$A$8,Bun!$E$8,""))))) | H95: =IF(G95=Modulable!$A$4,Modulable!$E$4,IF(G95=Modulable!$A$5,Modulable!$E$5,IF(G95=Modulable!$A$6,Modulable!$E$6,IF(G95=Modulable!$A$7,Modulable!$E$7,IF(G95=Modulable!$A$8,Modulable!$E$8,""))))) | J95: =IF(I95=Plissé!$A$4,Plissé!$E$4,IF(I95=Plissé!$A$5,Plissé!$E$5,IF(I95=Plissé!$A$6,Plissé!$E$6,IF(I95=Plissé!$A$7,Plissé!$E$7,IF(I95=Plissé!$A$8,Plissé!$E$8,""))))) | L95: =IF(K95=Bandeau!$A$4,Bandeau!$E$4,IF(K95=Bandeau!$A$5,Bandeau!$E$5,IF(K95=Bandeau!$A$6,Bandeau!$E$6,IF(K95=Bandeau!$A$7,Bandeau!$E$7,IF(K95=Bandeau!$A$8,Bandeau!$E$8,IF(K95=Bandeau!$A$9,Bandeau!$E$9,IF(K95=Bandeau!$A$10,Bandeau!$E$10,IF(K95=Bandeau!$A$11,Bandeau!$E$11,IF(K95=Bandeau!$A$12,Bandeau!$E$12,""))))))))) | P95: =IF(C95="","",SUM(IF(E95="",0,Bun!$I$7),IF(E96="",0,Bun!$I$7),IF(E97="",0,Bun!$I$7),IF(E98="",0,Bun!$I$7),IF(E99="",0,Bun!$I$7),IF(G96="",0,Modulable!$I$7),IF(G97="",0,Modulable!$I$7),IF(G98="",0,Modulable!$I$7),IF(G99="",0,Modulable!$I$7),IF(G95="",0,Modulable!$I$7),IF(I95="",0,Plissé!$I$7),IF(I96="",0,Plissé!$I$7),IF(I97="",0,Plissé!$I$7),IF(I98="",0,Plissé!$I$7),IF(I99="",0,Plissé!$I$7),IF(L95="",0,Bandeau!$I$7),IF(L96="",0,Bandeau!$I$7),IF(L97="",0,Bandeau!$I$7),IF(L98="",0,Bandeau!$I$7),IF(L99="",0,Bandeau!$I$7)))
F96: =IF(E96=Bun!$A$4,Bun!$E$4,IF(E96=Bun!$A$5,Bun!$E$5,IF(E96=Bun!$A$6,Bun!$E$6,IF(E96=Bun!$A$7,Bun!$E$7,IF(E96=Bun!$A$8,Bun!$E$8,""))))) | H96: =IF(G96=Modulable!$A$4,Modulable!$E$4,IF(G96=Modulable!$A$5,Modulable!$E$5,IF(G96=Modulable!$A$6,Modulable!$E$6,IF(G96=Modulable!$A$7,Modulable!$E$7,IF(G96=Modulable!$A$8,Modulable!$E$8,""))))) | J96: =IF(I96=Plissé!$A$4,Plissé!$E$4,IF(I96=Plissé!$A$5,Plissé!$E$5,IF(I96=Plissé!$A$6,Plissé!$E$6,IF(I96=Plissé!$A$7,Plissé!$E$7,IF(I96=Plissé!$A$8,Plissé!$E$8,""))))) | L96: =IF(K96=Bandeau!$A$4,Bandeau!$E$4,IF(K96=Bandeau!$A$5,Bandeau!$E$5,IF(K96=Bandeau!$A$6,Bandeau!$E$6,IF(K96=Bandeau!$A$7,Bandeau!$E$7,IF(K96=Bandeau!$A$8,Bandeau!$E$8,IF(K96=Bandeau!$A$9,Bandeau!$E$9,IF(K96=Bandeau!$A$10,Bandeau!$E$10,IF(K96=Bandeau!$A$11,Bandeau!$E$11,IF(K96=Bandeau!$A$12,Bandeau!$E$12,""))))))))) | P96: =IF(C96="","",SUM(IF(E96="",0,Bun!$I$7),IF(E97="",0,Bun!$I$7),IF(E98="",0,Bun!$I$7),IF(E99="",0,Bun!$I$7),IF(E100="",0,Bun!$I$7),IF(G97="",0,Modulable!$I$7),IF(G98="",0,Modulable!$I$7),IF(G99="",0,Modulable!$I$7),IF(G100="",0,Modulable!$I$7),IF(G96="",0,Modulable!$I$7),IF(I96="",0,Plissé!$I$7),IF(I97="",0,Plissé!$I$7),IF(I98="",0,Plissé!$I$7),IF(I99="",0,Plissé!$I$7),IF(I100="",0,Plissé!$I$7),IF(L96="",0,Bandeau!$I$7),IF(L97="",0,Bandeau!$I$7),IF(L98="",0,Bandeau!$I$7),IF(L99="",0,Bandeau!$I$7),IF(L100="",0,Bandeau!$I$7)))
F97: =IF(E97=Bun!$A$4,Bun!$E$4,IF(E97=Bun!$A$5,Bun!$E$5,IF(E97=Bun!$A$6,Bun!$E$6,IF(E97=Bun!$A$7,Bun!$E$7,IF(E97=Bun!$A$8,Bun!$E$8,""))))) | H97: =IF(G97=Modulable!$A$4,Modulable!$E$4,IF(G97=Modulable!$A$5,Modulable!$E$5,IF(G97=Modulable!$A$6,Modulable!$E$6,IF(G97=Modulable!$A$7,Modulable!$E$7,IF(G97=Modulable!$A$8,Modulable!$E$8,""))))) | J97: =IF(I97=Plissé!$A$4,Plissé!$E$4,IF(I97=Plissé!$A$5,Plissé!$E$5,IF(I97=Plissé!$A$6,Plissé!$E$6,IF(I97=Plissé!$A$7,Plissé!$E$7,IF(I97=Plissé!$A$8,Plissé!$E$8,""))))) | L97: =IF(K97=Bandeau!$A$4,Bandeau!$E$4,IF(K97=Bandeau!$A$5,Bandeau!$E$5,IF(K97=Bandeau!$A$6,Bandeau!$E$6,IF(K97=Bandeau!$A$7,Bandeau!$E$7,IF(K97=Bandeau!$A$8,Bandeau!$E$8,IF(K97=Bandeau!$A$9,Bandeau!$E$9,IF(K97=Bandeau!$A$10,Bandeau!$E$10,IF(K97=Bandeau!$A$11,Bandeau!$E$11,IF(K97=Bandeau!$A$12,Bandeau!$E$12,""))))))))) | P97: =IF(C97="","",SUM(IF(E97="",0,Bun!$I$7),IF(E98="",0,Bun!$I$7),IF(E99="",0,Bun!$I$7),IF(E100="",0,Bun!$I$7),IF(E101="",0,Bun!$I$7),IF(G98="",0,Modulable!$I$7),IF(G99="",0,Modulable!$I$7),IF(G100="",0,Modulable!$I$7),IF(G101="",0,Modulable!$I$7),IF(G97="",0,Modulable!$I$7),IF(I97="",0,Plissé!$I$7),IF(I98="",0,Plissé!$I$7),IF(I99="",0,Plissé!$I$7),IF(I100="",0,Plissé!$I$7),IF(I101="",0,Plissé!$I$7),IF(L97="",0,Bandeau!$I$7),IF(L98="",0,Bandeau!$I$7),IF(L99="",0,Bandeau!$I$7),IF(L100="",0,Bandeau!$I$7),IF(L101="",0,Bandeau!$I$7)))
F98: =IF(E98=Bun!$A$4,Bun!$E$4,IF(E98=Bun!$A$5,Bun!$E$5,IF(E98=Bun!$A$6,Bun!$E$6,IF(E98=Bun!$A$7,Bun!$E$7,IF(E98=Bun!$A$8,Bun!$E$8,""))))) | H98: =IF(G98=Modulable!$A$4,Modulable!$E$4,IF(G98=Modulable!$A$5,Modulable!$E$5,IF(G98=Modulable!$A$6,Modulable!$E$6,IF(G98=Modulable!$A$7,Modulable!$E$7,IF(G98=Modulable!$A$8,Modulable!$E$8,""))))) | J98: =IF(I98=Plissé!$A$4,Plissé!$E$4,IF(I98=Plissé!$A$5,Plissé!$E$5,IF(I98=Plissé!$A$6,Plissé!$E$6,IF(I98=Plissé!$A$7,Plissé!$E$7,IF(I98=Plissé!$A$8,Plissé!$E$8,""))))) | L98: =IF(K98=Bandeau!$A$4,Bandeau!$E$4,IF(K98=Bandeau!$A$5,Bandeau!$E$5,IF(K98=Bandeau!$A$6,Bandeau!$E$6,IF(K98=Bandeau!$A$7,Bandeau!$E$7,IF(K98=Bandeau!$A$8,Bandeau!$E$8,IF(K98=Bandeau!$A$9,Bandeau!$E$9,IF(K98=Bandeau!$A$10,Bandeau!$E$10,IF(K98=Bandeau!$A$11,Bandeau!$E$11,IF(K98=Bandeau!$A$12,Bandeau!$E$12,""))))))))) | P98: =IF(C98="","",SUM(IF(E98="",0,Bun!$I$7),IF(E99="",0,Bun!$I$7),IF(E100="",0,Bun!$I$7),IF(E101="",0,Bun!$I$7),IF(E102="",0,Bun!$I$7),IF(G99="",0,Modulable!$I$7),IF(G100="",0,Modulable!$I$7),IF(G101="",0,Modulable!$I$7),IF(G102="",0,Modulable!$I$7),IF(G98="",0,Modulable!$I$7),IF(I98="",0,Plissé!$I$7),IF(I99="",0,Plissé!$I$7),IF(I100="",0,Plissé!$I$7),IF(I101="",0,Plissé!$I$7),IF(I102="",0,Plissé!$I$7),IF(L98="",0,Bandeau!$I$7),IF(L99="",0,Bandeau!$I$7),IF(L100="",0,Bandeau!$I$7),IF(L101="",0,Bandeau!$I$7),IF(L102="",0,Bandeau!$I$7)))
A99: =IF('[1]Registre des ventes'!B34="","",'[1]Registre des ventes'!B34) -> 42898 | B99: =IF('[1]Registre des ventes'!C25="","",'[1]Registre des ventes'!C25) -> 10020 | C99: =IF('[1]Registre des ventes'!D25="","",'[1]Registre des ventes'!D25) -> 30 | D99: =IF(C99="","",IF(C99<90,"Payé par le client",6)) -> Payé par le client | F99: =IF(E99=Bun!$A$4,Bun!$E$4,IF(E99=Bun!$A$5,Bun!$E$5,IF(E99=Bun!$A$6,Bun!$E$6,IF(E99=Bun!$A$7,Bun!$E$7,IF(E99=Bun!$A$8,Bun!$E$8,""))))) | H99: =IF(G99=Modulable!$A$4,Modulable!$E$4,IF(G99=Modulable!$A$5,Modulable!$E$5,IF(G99=Modulable!$A$6,Modulable!$E$6,IF(G99=Modulable!$A$7,Modulable!$E$7,IF(G99=Modulable!$A$8,Modulable!$E$8,""))))) | J99: =IF(I99=Plissé!$A$4,Plissé!$E$4,IF(I99=Plissé!$A$5,Plissé!$E$5,IF(I99=Plissé!$A$6,Plissé!$E$6,IF(I99=Plissé!$A$7,Plissé!$E$7,IF(I99=Plissé!$A$8,Plissé!$E$8,""))))) | K99: Bandeau Cherry | L99: =IF(K99=Bandeau!$A$4,Bandeau!$E$4,IF(K99=Bandeau!$A$5,Bandeau!$E$5,IF(K99=Bandeau!$A$6,Bandeau!$E$6,IF(K99=Bandeau!$A$7,Bandeau!$E$7,IF(K99=Bandeau!$A$8,Bandeau!$E$8,IF(K99=Bandeau!$A$9,Bandeau!$E$9,IF(K99=Bandeau!$A$10,Bandeau!$E$10,IF(K99=Bandeau!$A$11,Bandeau!$E$11,IF(K99=Bandeau!$A$12,Bandeau!$E$12,""))))))))) -> 17.687273 | M99: =IF(C99="","",(1.5)) -> 1.5 | N99: =IF(C99="","",0.25+((1.4*C99)/100)) -> 0.67 | O99: =IF(C99="","",C99-SUM(D99,F99:F103,H99:H103,J99:J103,L99:L103,N99)) -> 11.642727 | P99: =IF(C99="","",SUM(IF(E99="",0,Bun!$I$7),IF(E100="",0,Bun!$I$7),IF(E101="",0,Bun!$I$7),IF(E102="",0,Bun!$I$7),IF(E103="",0,Bun!$I$7),IF(G100="",0,Modulable!$I$7),IF(G101="",0,Modulable!$I$7),IF(G102="",0,Modulable!$I$7),IF(G103="",0,Modulable!$I$7),IF(G99="",0,Modulable!$I$7),IF(I99="",0,Plissé!$I$7),IF(I100="",0,Plissé!$I$7),IF(I101="",0,Plissé!$I$7),IF(I102="",0,Plissé!$I$7),IF(I103="",0,Plissé!$I$7),IF(L99="",0,Bandeau!$I$7),IF(L100="",0,Bandeau!$I$7),IF(L101="",0,Bandeau!$I$7),IF(L102="",0,Bandeau!$I$7),IF(L103="",0,Bandeau!$I$7))) -> 13.5
F100: =IF(E100=Bun!$A$4,Bun!$E$4,IF(E100=Bun!$A$5,Bun!$E$5,IF(E100=Bun!$A$6,Bun!$E$6,IF(E100=Bun!$A$7,Bun!$E$7,IF(E100=Bun!$A$8,Bun!$E$8,""))))) | H100: =IF(G100=Modulable!$A$4,Modulable!$E$4,IF(G100=Modulable!$A$5,Modulable!$E$5,IF(G100=Modulable!$A$6,Modulable!$E$6,IF(G100=Modulable!$A$7,Modulable!$E$7,IF(G100=Modulable!$A$8,Modulable!$E$8,""))))) | J100: =IF(I100=Plissé!$A$4,Plissé!$E$4,IF(I100=Plissé!$A$5,Plissé!$E$5,IF(I100=Plissé!$A$6,Plissé!$E$6,IF(I100=Plissé!$A$7,Plissé!$E$7,IF(I100=Plissé!$A$8,Plissé!$E$8,""))))) | L100: =IF(K100=Bandeau!$A$4,Bandeau!$E$4,IF(K100=Bandeau!$A$5,Bandeau!$E$5,IF(K100=Bandeau!$A$6,Bandeau!$E$6,IF(K100=Bandeau!$A$7,Bandeau!$E$7,IF(K100=Bandeau!$A$8,Bandeau!$E$8,IF(K100=Bandeau!$A$9,Bandeau!$E$9,IF(K100=Bandeau!$A$10,Bandeau!$E$10,IF(K100=Bandeau!$A$11,Bandeau!$E$11,IF(K100=Bandeau!$A$12,Bandeau!$E$12,""))))))))) | P100: =IF(C100="","",SUM(IF(E100="",0,Bun!$I$7),IF(E101="",0,Bun!$I$7),IF(E102="",0,Bun!$I$7),IF(E103="",0,Bun!$I$7),IF(E104="",0,Bun!$I$7),IF(G101="",0,Modulable!$I$7),IF(G102="",0,Modulable!$I$7),IF(G103="",0,Modulable!$I$7),IF(G104="",0,Modulable!$I$7),IF(G100="",0,Modulable!$I$7),IF(I100="",0,Plissé!$I$7),IF(I101="",0,Plissé!$I$7),IF(I102="",0,Plissé!$I$7),IF(I103="",0,Plissé!$I$7),IF(I104="",0,Plissé!$I$7),IF(L100="",0,Bandeau!$I$7),IF(L101="",0,Bandeau!$I$7),IF(L102="",0,Bandeau!$I$7),IF(L103="",0,Bandeau!$I$7),IF(L104="",0,Bandeau!$I$7)))
F101: =IF(E101=Bun!$A$4,Bun!$E$4,IF(E101=Bun!$A$5,Bun!$E$5,IF(E101=Bun!$A$6,Bun!$E$6,IF(E101=Bun!$A$7,Bun!$E$7,IF(E101=Bun!$A$8,Bun!$E$8,""))))) | H101: =IF(G101=Modulable!$A$4,Modulable!$E$4,IF(G101=Modulable!$A$5,Modulable!$E$5,IF(G101=Modulable!$A$6,Modulable!$E$6,IF(G101=Modulable!$A$7,Modulable!$E$7,IF(G101=Modulable!$A$8,Modulable!$E$8,""))))) | J101: =IF(I101=Plissé!$A$4,Plissé!$E$4,IF(I101=Plissé!$A$5,Plissé!$E$5,IF(I101=Plissé!$A$6,Plissé!$E$6,IF(I101=Plissé!$A$7,Plissé!$E$7,IF(I101=Plissé!$A$8,Plissé!$E$8,""))))) | L101: =IF(K101=Bandeau!$A$4,Bandeau!$E$4,IF(K101=Bandeau!$A$5,Bandeau!$E$5,IF(K101=Bandeau!$A$6,Bandeau!$E$6,IF(K101=Bandeau!$A$7,Bandeau!$E$7,IF(K101=Bandeau!$A$8,Bandeau!$E$8,IF(K101=Bandeau!$A$9,Bandeau!$E$9,IF(K101=Bandeau!$A$10,Bandeau!$E$10,IF(K101=Bandeau!$A$11,Bandeau!$E$11,IF(K101=Bandeau!$A$12,Bandeau!$E$12,""))))))))) | P101: =IF(C101="","",SUM(IF(E101="",0,Bun!$I$7),IF(E102="",0,Bun!$I$7),IF(E103="",0,Bun!$I$7),IF(E104="",0,Bun!$I$7),IF(E105="",0,Bun!$I$7),IF(G102="",0,Modulable!$I$7),IF(G103="",0,Modulable!$I$7),IF(G104="",0,Modulable!$I$7),IF(G105="",0,Modulable!$I$7),IF(G101="",0,Modulable!$I$7),IF(I101="",0,Plissé!$I$7),IF(I102="",0,Plissé!$I$7),IF(I103="",0,Plissé!$I$7),IF(I104="",0,Plissé!$I$7),IF(I105="",0,Plissé!$I$7),IF(L101="",0,Bandeau!$I$7),IF(L102="",0,Bandeau!$I$7),IF(L103="",0,Bandeau!$I$7),IF(L104="",0,Bandeau!$I$7),IF(L105="",0,Bandeau!$I$7)))
F102: =IF(E102=Bun!$A$4,Bun!$E$4,IF(E102=Bun!$A$5,Bun!$E$5,IF(E102=Bun!$A$6,Bun!$E$6,IF(E102=Bun!$A$7,Bun!$E$7,IF(E102=Bun!$A$8,Bun!$E$8,""))))) | H102: =IF(G102=Modulable!$A$4,Modulable!$E$4,IF(G102=Modulable!$A$5,Modulable!$E$5,IF(G102=Modulable!$A$6,Modulable!$E$6,IF(G102=Modulable!$A$7,Modulable!$E$7,IF(G102=Modulable!$A$8,Modulable!$E$8,""))))) | J102: =IF(I102=Plissé!$A$4,Plissé!$E$4,IF(I102=Plissé!$A$5,Plissé!$E$5,IF(I102=Plissé!$A$6,Plissé!$E$6,IF(I102=Plissé!$A$7,Plissé!$E$7,IF(I102=Plissé!$A$8,Plissé!$E$8,""))))) | L102: =IF(K102=Bandeau!$A$4,Bandeau!$E$4,IF(K102=Bandeau!$A$5,Bandeau!$E$5,IF(K102=Bandeau!$A$6,Bandeau!$E$6,IF(K102=Bandeau!$A$7,Bandeau!$E$7,IF(K102=Bandeau!$A$8,Bandeau!$E$8,IF(K102=Bandeau!$A$9,Bandeau!$E$9,IF(K102=Bandeau!$A$10,Bandeau!$E$10,IF(K102=Bandeau!$A$11,Bandeau!$E$11,IF(K102=Bandeau!$A$12,Bandeau!$E$12,""))))))))) | P102: =IF(C102="","",SUM(IF(E102="",0,Bun!$I$7),IF(E103="",0,Bun!$I$7),IF(E104="",0,Bun!$I$7),IF(E105="",0,Bun!$I$7),IF(E106="",0,Bun!$I$7),IF(G103="",0,Modulable!$I$7),IF(G104="",0,Modulable!$I$7),IF(G105="",0,Modulable!$I$7),IF(G106="",0,Modulable!$I$7),IF(G102="",0,Modulable!$I$7),IF(I102="",0,Plissé!$I$7),IF(I103="",0,Plissé!$I$7),IF(I104="",0,Plissé!$I$7),IF(I105="",0,Plissé!$I$7),IF(I106="",0,Plissé!$I$7),IF(L102="",0,Bandeau!$I$7),IF(L103="",0,Bandeau!$I$7),IF(L104="",0,Bandeau!$I$7),IF(L105="",0,Bandeau!$I$7),IF(L106="",0,Bandeau!$I$7)))
...

Sheet Total Bénéfice
A1: TOTAL : | B1: =SUM(Bénéfice!N4:N888) -> 26.814 | C1: =SUM(Bénéfice!O4:O888) -> 499.9879
C4: =C1+SUM(Bénéfice!P4:P888) -> 1093.9879
